 Dungeon Crawl Stone Soup version 0.31-a0-263-ge8cad7f256 (webtiles) character file.

Game seed: 12670150084122938150

19209866 TittyCrusher the Annihilator (level 27, 273/273 HPs)
             Began as a Demonspawn Fire Elementalist on July 12, 2023.
             Was the Champion of Vehumet.
             Escaped with the Orb
             ... and 15 runes on July 14, 2023!
             The game lasted 11:29:37 (82497 turns).

TittyCrusher the Annihilator (DsFE)                Turns: 82497, Time: 11:29:37

Health: 273/273    AC: 49    Str: 19    XL:     27
Magic:  60/60      EV: 15    Int: 45    God:    Vehumet [******]
Gold:   14716      SH:  0    Dex: 15    Spells: 1/80 levels left

rFire   . . .        b - +6 Majin-Bo {spellvamp, MP+6 Int+6}
rCold   + + +        (no shield)
rNeg    + + +        q - +8 orange crystal plate armour {Archmagi, Int+3 Clar}
rPois   ∞            (helmet unavailable)
rElec   .            i - scarf of the Unbroken {harm, Will+ Str+5}
rCorr   .            S - +2 pair of gloves "Taloax" {rF+ rC+ rN+ Regen+}
SInv    +            c - +1 pair of boots "Wejut" {rC+ Will+}
Will    +++++        v - amulet of Vitality {RegenMP++ Regen++}
Stlth   +            J - ring of the Mage {Wiz Archmagi}
HPRegen 3.05/turn    P - ring of Xodiuff {Ice Str+4 Int+6}
MPRegen 1.54/turn

%: harm (+30% outgoing, +20% incoming), clarity, guardian spirit, wizardry (x1),
archmagi
@: death-form
A: vile attack, torment immunity, no potions, antennae 3, spiny 3, magic shield,
magic regeneration, magic link, black mark, sharp scales 3, bedeviling, aura of
silence, talons 1, clever 1, robust 1, wild magic 2
0: Orb of Zot
}: 15/15 runes: barnacled, slimy, silver, golden, iron, obsidian, icy, bone,
abyssal, demonic, glowing, magical, fiery, dark, gossamer
a: Siphon Essence, Begin Untransformation, Renounce Religion


You escaped.
You worshipped Vehumet.
Vehumet was exalted by your worship.
You were an undying horror.
You visited 17 branches of the dungeon, and saw 87 of its levels.
You visited Pandemonium 2 times, and saw 24 of its levels.
You visited the Abyss 2 times.
You visited 1 bazaar.
You visited 8 ziggurats (completing 7), and saw 203 of their levels.
You also visited: Sewer, Volcano and Desolation.

You collected 22447 gold pieces.
You spent 7731 gold pieces at shops.

Inventory:

Hand Weapons
 a - the +3 Elemental Staff {rElec rF+ rC+ AC+3}
   (You found it on level 13 of a ziggurat)

   It enhances your fire, ice, earth and air magic.
   AC:        It affects your AC (+3).
   rF:        It protects you from fire.
   rC:        It protects you from cold.
   rElec:     It insulates you from electricity.
 b - the +6 Majin-Bo (weapon) {spellvamp, MP+6 Int+6}
   (You found it on level 11 of a ziggurat)

   Int:       It affects your intelligence (+6).
   MP:        It affects your magic capacity (+6).
 d - the +9 hand axe "Vuox" {spect, +Blink rCorr Dex-4 SInv}
   (You found it on level 24 of a ziggurat)

   Dex:       It affects your dexterity (-4).
   SInv:      It lets you see invisible.
   +Blink:    It lets you blink.
   rCorr:     It protects you from acid and corrosion.
 A - the +8 frozen axe "Frostbite" {freeze, freezing cloud, *Noise Fly rC+}
   (You found it on level 21 of a ziggurat)

   rC:        It protects you from cold.
   Fly:       It grants you flight.
   *Noise:    It may make noises in combat.
 L - the +6 arbalest "Damnation" {damnation}
   (You found it on level 25 of a ziggurat)
 O - the +5 arbalest of Checks and Balances {penet, rF+ Int+3 Dex+4}
   (You found it on level 16 of a ziggurat)

   Int:       It affects your intelligence (+3).
   Dex:       It affects your dexterity (+4).
   rF:        It protects you from fire.
 V - the +27 heavy crossbow "Sniper" {heavy, Acc+∞ SInv}
   (You found it on level 25 of a ziggurat)

   Acc+∞: It never misses its target.
   SInv:      It lets you see invisible.
 Y - the +9 broad axe of Muqoeq {speed, rC- Str+4}
   (You found it on level 19 of a ziggurat)

   Str:       It affects your strength (+4).
   rC:        It makes you vulnerable to cold.
Armour
 c - the +1 pair of boots "Wejut" (worn) {rC+ Will+}
   (You found it on level 21 of a ziggurat)

   rC:        It protects you from cold.
   Will:      It increases your willpower.
 i - the scarf of the Unbroken (worn) {harm, Will+ Str+5}
   (You acquired it on level 2 of the Depths)

   Str:       It affects your strength (+5).
   Will:      It increases your willpower.
 q - the +8 orange crystal plate armour (worn) {Archmagi, Int+3 Clar}
   (You found it on level 24 of a ziggurat)

   Int:       It affects your intelligence (+3).
   Clar:      It protects you from confusion, rage, mesmerisation and fear.
 I - the +1 pair of gloves of Kofomusa {rF++ rC+ Str+3}
   (You found it on level 24 of a ziggurat)

   Str:       It affects your strength (+3).
   rF:        It greatly protects you from fire.
   rC:        It protects you from cold.
 S - the +2 pair of gloves "Taloax" (worn) {rF+ rC+ rN+ Regen+}
   (You acquired it in Pandemonium)

   rF:        It protects you from fire.
   rC:        It protects you from cold.
   rN:        It protects you from negative energy.
   Regen:     It increases your rate of health regeneration.
Jewellery
 o - a ring of the Octopus King {Wiz HP+2 AC+2 EV+2 SH+2}
   (You found it on level 14 of a ziggurat)

   [ring of wizardry]

   It improves your spell success rate.
   AC:        It affects your AC (+2).
   EV:        It affects your evasion (+2).
   HP:        It affects your health (+2).
   SH:        It affects your SH (+2).
 s - the ring of Satyriasis {rF+ rC+ Int+6}
   (You found it on level 13 of a ziggurat)

   [ring of intelligence]

   Int:       It affects your intelligence (+6).
   rF:        It protects you from fire.
   rC:        It protects you from cold.
 v - the amulet of Vitality (around neck) {RegenMP++ Regen++}
   (You found it on level 20 of a ziggurat)

   [amulet of magic regeneration]

   It increases your rate of magic regeneration.
   Regen:     It increases your rate of health regeneration.
 J - the ring of the Mage (left hand) {Wiz Archmagi}
   (You found it on level 7 of a ziggurat)

   [ring of wizardry]

   It improves your spell success rate.
   Archmagi:  It increases the power of your magical spells.
 P - the ring of Xodiuff (right hand) {Ice Str+4 Int+6}
   (You found it on level 20 of a ziggurat)

   [ring of ice]

   It enhances your ice magic.
   Str:       It affects your strength (+4).
   Int:       It affects your intelligence (+6).
   rF:        It makes you vulnerable to fire.
   rC:        It protects you from cold.
Talismans
 m - a granite talisman
 F - a talisman of death
Wands
 g - a wand of acid (218)
 j - a wand of mindburst (284)
 p - a wand of digging (177)
 r - a wand of roots (617)
 R - a wand of polymorph (61)
 W - a wand of flame (198)
Scrolls
 h - 87 scrolls of fog
 l - 26 scrolls of vulnerability
 n - 2 scrolls of brand weapon
 w - 161 scrolls of teleportation
 E - 5 scrolls of torment
 G - 17 scrolls of fear
 K - 18 scrolls of amnesia
 N - 56 scrolls of blinking
 Q - 15 scrolls of poison
 T - 41 scrolls of revelation
 X - 50 scrolls of immolation
Potions
 e - 118 potions of mutation
 f - 26 potions of magic
 k - 41 potions of curing
 t - 14 potions of lignification
 u - 7 potions of brilliance
 x - 10 potions of ambrosia
 y - 7 potions of enlightenment
 z - 18 potions of might
 B - 9 potions of resistance
 C - 20 potions of cancellation
 D - 5 potions of invisibility
 H - 33 potions of haste
 Z - 43 potions of heal wounds
Miscellaneous
 M - a condenser vane
 U - a +7 figurine of a ziggurat


   Skills:
 O Level 27 Fighting
 O Level 27 Short Blades
 O Level 27 Long Blades
 O Level 27 Axes
 O Level 27 Maces & Flails
 O Level 27 Polearms
 O Level 27 Staves
 O Level 27 Ranged Weapons
 O Level 27 Throwing
 O Level 27 Armour
 O Level 27 Dodging
 O Level 27 Stealth
 O Level 27 Shields
 O Level 27 Unarmed Combat
 O Level 27 Spellcasting
 O Level 27 Conjurations
 O Level 27 Hexes
 O Level 27 Summonings
 O Level 27 Necromancy
 O Level 27 Translocations
 O Level 27 Transmutations
 O Level 27 Fire Magic
 O Level 27 Ice Magic
 O Level 27 Air Magic
 O Level 27 Earth Magic
 O Level 27 Poison Magic
 O Level 27 Invocations
 O Level 27 Evocations
 O Level 27 Shapeshifting


You had one spell level left.
You knew the following spells:

 Your Spells              Type           Power      Damage    Failure   Level
a - Disjunction           Tloc           100%       N/A       1%          8
b - Sublimation of Blood  Necr           100%       N/A       1%          2
c - Fire Storm            Conj/Fire      100%       8d25      1%          9
d - Ignition              Fire           100%       3d25      1%          8
e - Apportation           Tloc           100%       N/A       1%          1
f - Blink                 Tloc           100%       N/A       1%          2
g - Shatter               Erth           100%       3d71*     1%          9
h - Death's Door          Necr           100%       N/A       4%          9
i - Polar Vortex          Ice            100%       12d13*    1%          9
j - Swiftness             Air            100%       N/A       1%          3
k - Irradiate             Conj/Tmut      100%       3d45      1%          5
l - Passage of Golubria   Tloc           100%       N/A       1%          4
m - Wereblood             Tmut           100%       N/A       1%          2
n - Borgnjor's Revivific  Necr           100%       N/A       1%          8

Your spell library contained the following spells:

 Spells                   Type           Power      Damage    Failure   Level
 Foxfire                  Conj/Fire      100%       2x1d9     1%          1
 Freeze                   Ice            100%       1d10      1%          1
 Kiss of Death            Conj/Necr      100%       2d13      1%          1
 Magic Dart               Conj           100%       1d8       1%          1
 Necrotise                Necr           100%       1d9       1%          1
 Sandblast                Erth           100%       2d20      1%          1
 Shock                    Conj/Air       100%       1d9       1%          1
 Slow                     Hex            100%       N/A       1%          1
 Sting                    Tmut/Pois      100%       1d8       1%          1
 Summon Small Mammal      Summ           100%       N/A       1%          1
 Call Imp                 Summ           100%       N/A       1%          2
 Cigotuvi's Dreadful Rot  Necr/Pois/Air  100%       N/A       1%          2
 Ensorcelled Hibernation  Hex/Ice        100%       N/A       1%          2
 Lesser Beckoning         Tloc           100%       N/A       1%          2
 Momentum Strike          Conj/Tloc      100%       3d10      1%          2
 Passwall                 Tmut/Erth      100%       N/A       1%          2
 Poisonous Vapours        Pois/Air       100%       N/A       1%          2
 Scorch                   Fire           100%       2d9       1%          2
 Searing Ray              Conj           100%       2d8       1%          2
 Static Discharge         Conj/Air       100%       2-7/arc   1%          2
 Call Canine Familiar     Summ           100%       N/A       1%          3
 Confusing Touch          Hex            100%       N/A       1%          3
 Dazzling Flash           Conj/Hex       100%       N/A       1%          3
 Frozen Ramparts          Ice            100%       1d16      1%          3
 Gell's Gravitas          Tloc           100%       N/A       1%          3
 Hailstorm                Conj/Ice       100%       3d20      1%          3
 Ignite Poison            Fire/Tmut/Pois 100%       N/A       1%          3
 Inner Flame              Hex/Fire       100%       N/A       1%          3
 Mephitic Cloud           Conj/Pois/Air  100%       N/A       1%          3
 Ozocubu's Armour         Ice            100%       N/A       1%          3
 Portal Projectile        Hex/Tloc       100%       N/A       1%          3
 Stone Arrow              Conj/Erth      100%       3d13      1%          3
 Summon Guardian Golem    Hex/Summ       100%       N/A       1%          3
 Teleport Other           Tloc           100%       N/A       1%          3
 Tukima's Dance           Hex            100%       N/A       1%          3
 Vampiric Draining        Necr           100%       2d13      1%          3
 Vhi's Electric Charge    Tloc/Air       100%       N/A       1%          3
 Volatile Blastmotes      Fire/Tloc      100%       2d18      1%          3
 Airstrike                Air            100%       2d(15-31) 1%          4
 Anguish                  Hex/Necr       100%       N/A       1%          4
 Animate Armour           Summ/Erth      100%       N/A       1%          4
 Animate Dead             Necr           100%       N/A       1%          4
 Cause Fear               Hex            100%       N/A       1%          4
 Dispel Undead            Necr           100%       3d31      1%          4
 Flame Wave               Conj/Fire      100%       2d21      1%          4
 Fulminant Prism          Conj/Hex       100%       3d40      1%          4
 Iskenderun's Mystic Bla  Conj/Tloc      100%       2d19      1%          4
 Leda's Liquefaction      Hex/Erth       100%       N/A       1%          4
 Manifold Assault         Tloc           100%       N/A       1%          4
 Olgreb's Toxic Radiance  Pois           100%       N/A       1%          4
 Petrify                  Tmut/Erth      100%       N/A       1%          4
 Sticky Flame             Conj/Fire      100%       2d11      1%          4
 Summon Ice Beast         Ice/Summ       100%       N/A       1%          4
 Summon Lightning Spire   Summ/Air       100%       N/A       1%          4
 Agony                    Necr           100%       N/A       1%          5
 Alistair's Intoxication  Tmut/Pois      100%       N/A       1%          5
 Arcjolt                  Conj/Air       100%       1d110     1%          5
 Borgnjor's Vile Clutch   Necr/Erth      100%       N/A       1%          5
 Fireball                 Conj/Fire      100%       3d36      1%          5
 Freezing Cloud           Conj/Ice/Air   100%       6-21      1%          5
 Iskenderun's Battlesphe  Conj           100%       2d15      1%          5
 Lee's Rapid Deconstruct  Erth           100%       3d44*     1%          5
 Metabolic Englaciation   Hex/Ice        100%       N/A       1%          5
 Silence                  Hex/Air        100%       N/A       1%          5
 Summon Forest            Summ/Tloc      100%       N/A       1%          5
 Summon Mana Viper        Hex/Summ       100%       N/A       1%          5
 Yara's Violent Unravell  Hex/Tmut       100%       3d36      1%          5
 Conjure Ball Lightning   Conj/Air       100%       3x3d38    1%          6
 Death Channel            Necr           100%       N/A       1%          6
 Dispersal                Tloc           100%       N/A       1%          6
 Eringya's Noxious Bog    Tmut/Pois      100%       4d6       1%          6
 Leda's Unmaking          Conj/Erth      100%       9d16      1%          6
 Plasma Beam              Fire/Air       100%       2x1d120   1%          6
 Simulacrum               Ice/Necr       100%       N/A       1%          6
 Starburst                Conj/Fire      100%       6d25      1%          6
 Summon Cactus Giant      Summ           100%       N/A       1%          6
 Enfeeble                 Hex            100%       N/A       1%          7
 Haunt                    Necr/Summ      100%       N/A       1%          7
 Malign Gateway           Summ/Tloc      100%       N/A       1%          7
 Monstrous Menagerie      Summ           100%       N/A       1%          7
 Orb of Destruction       Conj           100%       9d21      1%          7
 Ozocubu's Refrigeration  Ice            100%       4d29      1%          7
 Spellforged Servitor     Conj/Summ      100%       N/A       1%          7
 Summon Hydra             Summ           100%       N/A       1%          7
 Discord                  Hex            100%       N/A       1%          8
 Infestation              Necr           100%       N/A       1%          8
 Lehudib's Crystal Spear  Conj/Erth      100%       10d22     1%          8
 Maxwell's Capacitive Co  Air            100%       ∞         1%          8
 Summon Horrible Things   Summ           100%       N/A       1%          8
 Chain Lightning          Conj/Air       100%       3d133     1%          9
 Dragon's Call            Summ           100%       N/A       4%          9


Dungeon Overview and Level Annotations

Branches:
Dungeon (15/15)            Temple (0/1) D:7            Lair (5/5) D:9
 Shoals (4/4) Lair:3       Spider (4/4) Lair:3        Slime (5/5) Lair:5
    Orc (2/2) D:11            Elf (3/3) Orc:2        Vaults (5/5) D:14
  Crypt (3/3) Vaults:3       Tomb (3/3) Crypt:3      Depths (4/4) D:15
   Hell (visited)             Dis (7/7) Hell            Geh (7/7) Hell
    Coc (7/7) Hell            Tar (7/7) Hell            Zot (5/5) Depths:4
  Sewer (visited)         Volcano (visited)         Desolation (visited)

Altars:
Hepliaklqana
Kikubaaqudgha
Makhleb
Ru
Uskayaw
Vehumet
Xom

Shops:
D:4 ?   D:5 [   D:6 *   D:14 =!:*   Orc:1 *   Orc:2 [[:[   Elf:2 ?   Elf:3 =?:
Vaults:3 ?   Vaults:4 [   Vaults:5 [

Portals:
Hell: Depths:1 Depths:2
Abyss: Depths:1
Pandemonium: Depths:2

Annotations:
D:2 1 runed translucent door, Crazy Yiuf
Elf:2 3 runed translucent doors
Coc:7 exclusion: ice statue


Innate Abilities, Weirdness & Mutations

You are an undying horror.
Your melee and unarmed attacks drain, slow and weaken victims.
You are immune to unholy pain and torment.
You cannot drink.
You are immune to poison.
You have a pair of large antennae on your head. (SInv)
You are completely covered in sharp spines.
When hurt, damage is shared between your health and your magic reserves.
You regenerate magic rapidly.
When low on magic, you restore magic in place of health.
Your melee attacks may debilitate your foes.
You are completely covered in razor-sharp scales. (AC +3, Slay +3)
Your hexes are more powerful.
You are surrounded by an aura of silence.
You have sharp toenails.
Your mind is acute. (Int +4, Str/Dex -1)
You are robust. (+10% HP)
Your spells are harder to cast, but more powerful.


Message History

Vehumet accepts your kill.
You feel your power returning.
Ashrodo is engulfed in blazing flames.
Ashrodo gestures.
Unknown command.
Unknown command.
Unknown command.
Casting: Fire Storm (mildly dangerous; 1% risk of failure)
Confirm with . or Enter, or press ? or * to list all spells.
Aiming: Fire Storm (mildly dangerous; 1% risk of failure)
Press: ? - help, Dir - move target You feel a strong surge of power!
A raging storm of fire appears!
The great blast of fire engulfs the hell rat!!!!
You kill the hell rat!
The hell rat's corpse disappears in a puff of smoke!
The great blast of fire engulfs Ashrodo!!!!
Ashrodo is burned terribly!
You kill Ashrodo!
Vehumet accepts your kill.
You feel your power returning. Vehumet accepts your kill.
You feel your power returning. Vehumet accepts your kill.
Unknown command.
Aiming: Dig
Press: ? - help, Shift-Dir - straight line, f - you Please select a direction to dig.
This square is covered in magical glow.
The rock shatters into small pieces.
Unknown command.
Unknown command.
Aiming: Dig
Press: ? - help, Shift-Dir - straight line, f - you Please select a direction to dig.
This square is covered in magical glow.
The rock shatters into small pieces.
Unknown command.
Unknown command.
A hell beast comes into view.
There is a staircase leading out of the dungeon here.
You have escaped!

#.# ##.##.....# #..# #.#
#.#...##.# #.#### #.#
#....###.# #..... #.#
#.#.## #.# ###### #.#
####'.### #.# #.#
#.......# #.# # #.#
#.8.8.8.# #.###### #
###.#
####...2...###......# #
##...#
#..'.8.z.8.'....###.# #
≈≈.#.# #.##.......##..##
#.# # ~....#
#.##.8.8.8.##..# #.# #
##.### #.##.......##..##
#.# # ..##
#.#####+#####...###.####
.## #.#
#..#..............
..########.###
#..#.##.#.#######.
..≈..........#
#..#.##.#.# #.
.≈≈#########.#
#..#.##.#.# #.


You could see a hell beast.

Vanquished Creatures
  Cerebov (Pan)
  Antaeus (Coc:7)
  Asmodeus (Geh:7)
  Ereshkigal (Tar:7)
  Dissolution (Slime:4)
  the Royal Jelly (Slime:5)
  the Serpent of Hell (Tar:7)
  Gloorx Vloq (Pan)
  Ignacio (Pan)
  The ghost of astronautguy the Formicid Barricade, a legendary FoEE of Makhleb (Zig:22)
  Lom Lobon (Pan)
  The ghost of scarywalker64 the Petrodigitator, a legendary GrEE of Vehumet (Zig:22)
  The ghost of Reun the Infernalist, a legendary GrEE of the Shining One (Zig:25)
  The ghost of Reun the Infernalist, a legendary GrEE of the Shining One (Zig:22)
  The ghost of Nenig the Conqueror, a legendary GnFi of Okawaru (Zig:22)
  Mnoleg (Pan)
  The ghost of Oreexun the Archmage, a legendary DECj of Vehumet (Zig:25)
  103 dread liches
  The ghost of Piginabag the Conqueror, a legendary DsSk of Gozag (Zig:25)
  The ghost of Fenir the Acrobat, a legendary GnAE of Ashenzari (Zig:22)
  The ghost of Fenir the Acrobat, a legendary GnAE of Ashenzari (Zig:25)
  The ghost of Kucykkydd the Axe Maniac, a legendary MiFi of Gozag (Zig:25)
  The ghost of Boduf the Metallomancer, a legendary FoHu of Cheibriados (Zig:25)
  The ghost of scarywalker64 the Sorcerer, a veteran BaSu of Sif Muna (Zig:25)
  The ghost of deprived the Bringer of Light, a legendary HOFi of the Shining One (Zig:25)
  The ghost of melllvar the Conqueror, a legendary MiBe of the Shining One (Zig:22)
  The ghost of Hacvoq the Conqueror, a legendary HOFi of Zin (Zig:25)
  The ghost of Hacvoq the Conqueror, a legendary HOFi of Zin (Zig:25)
  101 ancient liches
  The ghost of Sext the Conqueror, a legendary MiFi of the Shining One (Zig:22)
  The ghost of Bojavazo the Meteorologist, a legendary OpWn of Gozag (Zig:25)
  The ghost of Veodywke the Conqueror, a legendary MiBe of the Shining One (Zig:25)
  The ghost of Veodywke the Conqueror, a legendary MiBe of the Shining One (Zig:25)
  The ghost of Hewasun the Conqueror, a legendary MiBe of the Shining One (Zig:25)
  The ghost of Cethinn the Slayer, a legendary HOCA of Okawaru (Zig:25)
  The ghost of thechecker02 the Slayer, a master DDFi of Makhleb (Zig:25)
  The ghost of thechecker02 the Slayer, a master DDFi of Makhleb (Zig:22)
  The ghost of Likado the Gnoll Barricade, a legendary GnSk of the Shining One (Zig:25)
  The ghost of Likado the Gnoll Barricade, a legendary GnSk of the Shining One (Zig:22)
  The ghost of Giojuova the Slayer, a legendary GnBe of Trog (Zig:25)
  20 orbs of fire
  The ghost of Totuz the Messiah, a legendary HOFi of Beogh (Zig:22)
  The ghost of Totuz the Messiah, a legendary HOFi of Beogh (Zig:22)
  26 juggernauts
  Mara (Depths:1)
  The ghost of Micuom the Luminary of Lethal Lore, a legendary GnCj of Vehumet (Zig:25)
  The ghost of Ecsetopt the Hawkeye, a legendary BaWn of Cheibriados (Zig:25)
  The ghost of Xaowkis the Impregnable, a legendary GnWr of Cheibriados (Zig:22)
  The ghost of Talannal the Sharpshooter, a legendary GnHW of Cheibriados (Zig:25)
  The ghost of Ciweycke the Warrior, a legendary VSBr of Ashenzari (Zig:25)
  The ghost of stevelinton the Ninja, a legendary KoBe of Trog (Zig:25)
  The ghost of andrewp the Conqueror, a veteran MiBe of Trog (Zig:25)
  The ghost of Rirumasy the Octopoid Blade, a legendary OpWn of Gozag (Zig:22)
  The ghost of Rirumasy the Octopoid Blade, a legendary OpWn of Gozag (Zig:25)
  The ghost of thechecker02 the Impregnable, a legendary DDFi of Makhleb (Zig:25)
  129 royal mummies
  The ghost of Waohesse the Slayer, a legendary VSFi of the Shining One (Zig:22)
  The ghost of Waohesse the Slayer, a legendary VSFi of the Shining One (Zig:25)
  53 Killer Klowns
  The ghost of Joizeul the Slayer, a veteran MiBe of Trog (Zig:25)
  The ghost of Joizeul the Slayer, a veteran MiBe of Trog (Zig:22)
  77 shard shrikes
  The ghost of meatyocre the Brawler, a veteran TrFi of Uskayaw (Zig:25)
  4 curse toes
  The ghost of Heartburn the Minotaur Barricade, a veteran MiFi of Okawaru (Zig:25)
  130 caustic shrikes
  The ghost of Anafel the Impregnable, a legendary GrFi of the Shining One (Zig:22)
  70 pandemonium lords
  36 profane servitors
  251 golden dragons
  The ghost of Gemnonof the Warrior, an adept DgCj (Zig:25)
  13 pearl dragons
  Geryon (Hell)
  The ghost of Ebassic the Hoplite, a veteran GrFi of the Shining One (Zig:25)
  96 Tzitzimimeh
  104 iron giants
  64 bone dragons
  119 Brimstone Fiends
  48 doom hounds
  4 electric golems
  72 hellephants
  The ghost of Xutext the Spry, an adept DsAK of Lugonu (Zig:25)
  A shard shrike zombie (Abyss:4)
  137 Ice Fiends
  41 tainted leviathans
  205 Hell Sentinels
  117 tentacled monstrosities
  The ghost of pigah the Stormcaller, an adept OpWn of Gozag (Spider:2)
  69 deep elf blademasters
  Asterion (Spider:1)
  The ghost of Zeph the Severer, an adept NaFi of Cheibriados (Zig:22)
  18 Orb Guardians
  43 liches
  3 quicksilver dragons (shapeshifter)
  149 titans
  99 deep elf master archers
  43 quicksilver dragons
  84 sphinxes
  An eldritch tentacle (Zig:8)
  106 searing wretches
  The ghost of Mungiw the Peltast, an adept MiBe of Trog (Shoals:1)
  89 ancient champions
  86 Executioners
  A walking frostbound tome (Depths:1)
  12 thorn hunters
  160 acid blobs
  The ghost of HilariousDeathArtist the Brawler, an adept TrGl of Qazlal (Spider:1)
  6 sphinxes (shapeshifter)
  26 shadow dragons
  3 shadow dragons (shapeshifter)
  The ghost of Himmaryad the Brawler, an adept TrMo of Nemelex Xobeh (Zig:22)
  The ghost of Ubraesch the Brawler, an adept TrMo of Nemelex Xobeh (Zig:25)
  The ghost of Ubraesch the Brawler, an adept TrMo of Nemelex Xobeh (Zig:25)
  19 tentacled starspawn
  3 death cobs (Zot:5)
  19 storm dragons
  52 tengu reavers
  Kirke (D:14)
  Ilsuiw (Shoals:4)
  112 draconian monks
  Roxanne (Spider:1)
  71 demonspawn warmongers
  54 rockslimes
  14 daevas
  54 fire giants
  42 revenants
  3 imperial myrmidons (Desolation)
  171 nagarajas
  102 narguns
  57 azure jellies
  8 fenstrider witches
  134 draconian knights
  An emperor scorpion (shapeshifter) (Zig:27)
  105 emperor scorpions
  An iron dragon (shapeshifter) (Zig:15)
  52 frost giants
  216 balrugs
  66 vault wardens
  2 azure jellies (shapeshifter)
  80 iron dragons
  73 quicksilver elementals
  25 deep elf sorcerers
  10 angels
  4 deep elf elementalists
  A frost giant (shapeshifter) (Zig:16)
  38 curse skulls
  6 caustic shrike zombies
  90 draconian shifters
  5 shard shrike simulacra
  2 ghost moths (shapeshifter)
  173 ghost moths
  A spectral juggernaut (Zig:20)
  2 spectral caustic shrikes (Zig:20)
  92 draconian scorchers
  75 cacodemons
  16 formless jellyfish
  A quicksilver ooze (shapeshifter) (Zig:23)
  116 orc warlords
  100 draconian stormcallers
  62 ironbound preservers
  14 broodmothers
  61 demonspawn blood saints
  6 juggernaut zombies
  141 war gargoyles
  5 formless jellyfish (shapeshifter)
  15 ghouls
  86 demonspawn corrupters
  51 reapers
  8 caustic shrike skeletons
  47 quicksilver oozes
  12 elemental wellsprings
  4 juggernaut skeletons
  A stone giant (shapeshifter) (Zig:8)
  105 draconian annihilators
  4 ophanim (Zig:9)
  40 very ugly things
  2 broodmothers (shapeshifter)
  163 stone giants
  44 black draconians
  80 demonspawn black suns
  3 apis
  47 eleionomae
  6 ironbound thunderhulks
  75 lorocyprocas
  84 deep elf demonologists
  4 eleionomae (shapeshifter)
  55 putrid mouths
  A dire elephant (shapeshifter) (Zig:11)
  47 red draconians
  21 vampire knights
  41 yellow draconians
  87 deep elf annihilators
  2 spectral titans
  48 bennus
  49 green draconians
  19 dire elephants
  38 bunyips
  40 white draconians
  3 halazid warlocks (Desolation)
  53 purple draconians
  112 wendigos
  51 starcursed masses
  25 spark wasps
  124 blizzard demons
  36 deep elf death magi
  47 eidola
  120 iron golems
  56 merfolk impalers
  177 green deaths
  54 ettins
  132 mummy priests
  40 crystal guardians
  10 spriggan zombies
  117 merfolk javelineers
  2 quicksilver dragon zombies
  107 deep elf high priests
  26 fire dragons
  231 entropy weavers
  Josephine (Lair:5)
  13 jiangshi
  12 ragged hierophants (Desolation)
  A spectral kraken (Tar:7)
  27 great orbs of eyes
  115 shambling mangroves
  2 spectral spriggans
  154 salamander tyrants
  181 hydras
  2 entropy weavers (shapeshifter) (Zig:23)
  3 quicksilver dragon skeletons
  79 yaktaur captains
  31 centaur warriors
  2 fenstrider witch zombies
  34 ice dragons
  2 spectral tengu
  2 hydras (shapeshifter)
  A spectral shadow dragon (Zig:27)
  12 juggernaut simulacra
  8 ironbound frosthearts
  A catoblepas (shapeshifter) (Zig:8)
  10 servants of whispers (Desolation)
  10 spriggan skeletons
  Erolcha (D:11)
  54 hell beasts
  20 peacekeepers
  3 jorogumos (shapeshifter)
  7 rakshasas
  29 anacondas
  15 merfolk avatars
  23 jorogumos
  Erica (D:8)
  50 vault guards
  12 caustic shrike simulacra
  4 two-headed ogres (shapeshifter)
  A radroach (shapeshifter) (Zig:15)
  12 catoblepae
  42 radroaches
  18 stokers
  19 alligator snapping turtles
  A boulder beetle (shapeshifter) (Zig:20)
  142 merfolk aquamancers
  10 spriggan air magi
  7 death knights
  29 ghost crabs
  43 satyrs
  107 dancing weapons
  4 anacondas (shapeshifter)
  21 ogre magi
  A satyr (shapeshifter) (Zig:12)
  2 alligator snapping turtles (shapeshifter)
  A spectral frost giant (Zig:11)
  4 deep troll shamans
  3 alligators (shapeshifter)
  106 death scarabs
  16 two-headed ogres
  34 vampire magi
  5 death yaks
  32 naga warriors
  115 orc high priests
  2 tengu warriors
  67 demonic crawlers
  39 alligators
  14 deep troll earth magi
  49 hell hogs
  41 boulder beetles
  6 spriggan berserkers
  42 shock serpents
  7 titan zombies
  100 naga sharpshooters
  6 shock serpents (shapeshifter)
  13 thrashing horrors
  A spectral storm dragon (Zig:11)
  48 soul eaters
  2 storm dragon zombies
  64 deep elf knights
  60 crystal echidnas
  Sonja (D:12)
  2 spectral bunyips (Tar:2)
  A fire crab (shapeshifter) (Zig:23)
  30 hell knights
  64 sun demons
  A spectral spark wasp (Zig:11)
  71 pharaoh ants
  An iron troll (shapeshifter) (Zig:16)
  29 sixfirhies
  25 sun moths
  5 titan skeletons
  37 iron trolls
  16 salamander mystics
  19 wretched stars
  An iron giant zombie (Crypt:3)
  18 fire crabs
  6 skysharks
  7 golden dragon zombies
  41 skeletal warriors
  9 cherubim
  43 goliath frogs
  2 quicksilver dragon simulacra
  23 shadow wraiths
  67 sea snakes
  112 death drakes
  2 spectral anacondas
  4 death drakes (shapeshifter)
  A spectral iron dragon (Tar:2)
  4 storm dragon skeletons
  2 spark wasp zombies
  5 spatial maelstroms
  17 glowing orange brains
  4 skysharks (shapeshifter)
  81 deep trolls
  5 glowing orange brains (shapeshifter)
  6 sea snakes (shapeshifter)
  13 deep trolls (shapeshifter)
  3 goliath frogs (shapeshifter)
  6 orb spiders (shapeshifter)
  54 spriggan druids
  17 bog bodies
  123 swamp dragons
  An anaconda zombie (Crypt:2)
  3 swamp dragons (shapeshifter)
  18 flayed ghosts
  172 orb spiders
  73 steelbarb worms
  11 orange crystal statues
  5 shadow dragon zombies
  16 obsidian statues
  72 deep elf archers
  104 harpies
  55 shadow demons
  65 ironbound convokers
  114 deep elf pyromancers
  7 steelbarb worms (shapeshifter)
  12 necromancers
  8 wizards
  13 lindwurms
  5 harpies (shapeshifter)
  22 naga ritualists
  2 sphinx zombies
  7 lindwurms (shapeshifter)
  An iron giant skeleton (Crypt:3)
  60 phantasmal warriors
  5 golden dragon skeletons
  9 spriggan simulacra
  82 orc knights
  9 tengu zombies
  2 stone giant zombies
  2 iron dragon zombies
  17 oklob plants (Zig:19)
  5 sphinx skeletons
  91 fauns
  30 mana vipers
  6 mana vipers (shapeshifter)
  107 deep elf zephyrmancers
  89 orc sorcerers
  5 cyclopes (shapeshifter)
  A glowing shapeshifter (Zig:23)
  26 ugly things
  3 fauns (shapeshifter)
  4 salamanders (shapeshifter)
  3 fire giant zombies
  39 will-o-the-wisps
  4 shadow dragon skeletons
  96 wolf spiders
  47 cyclopes
  26 shining eyes
  7 tengu skeletons
  5 frost giant zombies
  5 manticores (shapeshifter)
  77 manticores
  2 shining eyes (shapeshifter)
  7 elephants (shapeshifter)
  6 wolf spiders (shapeshifter)
  A spectral ettin (Tar:1)
  111 moths of wrath
  5 moths of wrath (shapeshifter)
  16 salamanders
  38 guardian serpents
  24 eyes of devastation
  6 iron dragon skeletons
  A shock serpent zombie (Crypt:1)
  133 black mambas
  3 centaur zombies
  3 guardian serpents (shapeshifter)
  A spectral centaur (D:12)
  14 elephants
  3 fire giant skeletons
  15 ice statues
  52 vault sentinels
  3 frost giant skeletons
  2 water nymphs (shapeshifter)
  193 water nymphs
  12 rust devils
  2 eyes of devastation (shapeshifter)
  48 merfolk sirens
  13 spectral swamp worms (Tar:7)
  167 torpor snails
  25 cane toads
  2 naga zombies
  67 smoke demons
  25 gargoyles
  7 titan simulacra
  11 molten gargoyles
  3 torpor snails (shapeshifter)
  12 apocalypse crabs
  64 naga magi
  4 stone giant skeletons
  6 unseen horrors
  5 centaur skeletons
  21 rime drakes
  An unseen horror (shapeshifter) (Zig:22)
  129 hellions
  4 komodo dragons (shapeshifter)
  27 komodo dragons
  Psyche (D:8)
  29 orange demons
  3 rime drakes (shapeshifter)
  24 efreet
  A mana viper zombie (Crypt:2)
  A yaktaur (shapeshifter) (Zig:25)
  A hydra zombie (Crypt:1)
  29 freezing wraiths
  4 kobold demonologists
  A bunyip simulacrum (Hell)
  3 iron giant simulacra
  2 tengu conjurers (Depths:1)
  32 yaktaurs
  5 anaconda simulacra
  28 ancient zymes
  240 guardian mummies
  2 alligator snapping turtle skeletons (Crypt:1)
  A catoblepas skeleton (Crypt:2)
  A spectral harpy (Tar:2)
  125 tormentors
  16 ice devils
  7 golden dragon simulacra
  32 red devils
  54 trolls
  A meliai (shapeshifter) (Zig:24)
  A queen bee (Lair:1)
  A harpy zombie (Abyss:4)
  2 queen bees (shapeshifter)
  28 tyrant leeches
  41 wind drakes
  15 polar bears
  18 meliai
  31 hellwings
  68 large abominations
  5 merfolk (shapeshifter)
  6 silent spectres
  2 tyrant leeches (shapeshifter)
  9 bloated husks
  281 merfolk
  4 tengu simulacra
  3 harpy skeletons
  A polar bear (shapeshifter) (Zig:22)
  70 tarantellas
  2 hornets (shapeshifter)
  Grinder (D:5)
  208 hornets
  A hydra skeleton (Crypt:3)
  6 tarantellas (shapeshifter)
  2 blink frogs (shapeshifter)
  5 dream sheep (shapeshifter)
  A frost giant simulacrum (Zig:1)
  10 raiju
  104 saltlings (Desolation)
  4 shadow dragon simulacra
  An ettin zombie (Hell)
  A fire dragon zombie (Tomb:3)
  2 iron dragon simulacra
  A mana viper skeleton (Crypt:2)
  10 dream sheep
  22 blink frogs
  3 snapping turtles (shapeshifter)
  A fire giant simulacrum (Zig:6)
  74 snapping turtles
  2 sphinx simulacra
  57 jumping spiders
  A human simulacrum (Vaults:2)
  166 slime creatures
  34 air elementals
  66 culicivoras
  A vampire (D:12)
  A meliai zombie (D:12)
  A slime creature (shapeshifter) (Zig:23)
  2 ettin skeletons
  22 spriggans
  106 flying skulls
  A centaur simulacrum (Coc:2)
  2 spriggans (shapeshifter)
  34 ynoxinuls
  3 culicivoras (shapeshifter)
  21 wraiths
  3 shadows (Crypt:3)
  7 wyverns
  4 dire elephant simulacra
  7 fire bats
  88 water elementals
  70 ushabtiu
  40 yaks
  A hog (D:14)
  A hog (shapeshifter) (D:14)
  A basilisk (shapeshifter) (Zig:23)
  29 fire elementals
  14 golden eyes
  2 golden eyes (shapeshifter)
  A black mamba skeleton (Crypt:2)
  59 chaos spawn
  9 steam dragons
  9 vampire mosquitoes
  33 neqoxecs
  2 redbacks (shapeshifter)
  121 redbacks
  7 basilisks
  8 small abominations
  12 harpy simulacra
  A demonspawn zombie (Crypt:3)
  7 glowing shapeshifter zombies
  7 acid dragons
  A fire bat zombie (Crypt:2)
  2 human skeletons
  47 wargs
  A faun zombie (Crypt:2)
  7 glowing shapeshifter skeletons
  34 nagas
  21 water moccasins
  2 swamp worms (shapeshifter)
  6 floating eyes (shapeshifter)
  12 floating eyes
  A water moccasin (shapeshifter) (Zig:9)
  25 hell hounds
  A hydra simulacrum (Coc:6)
  2 naga skeletons
  273 orc warriors
  An elf simulacrum (Vaults:2)
  14 swamp drakes
  A two-headed ogre skeleton (Crypt:1)
  A sky beast (D:6)
  14 black bears
  3 ettin simulacra
  9 ice beasts
  A black bear (shapeshifter) (Zig:19)
  2 human zombies
  A boggart (shapeshifter) (Zig:23)
  An ice dragon simulacrum (Coc:2)
  32 wolves
  116 ogres
  3 boggarts (D:14)
  A manticore skeleton (Crypt:1)
  39 centaurs
  A snapping turtle skeleton (Crypt:2)
  2 phantoms
  2 kobold brigands
  15 bullfrogs
  2 gnoll sergeants
  7 scorpions
  2 necrophages
  A naga simulacrum (Coc:7)
  45 earth elementals
  4 glowing shapeshifter simulacra
  A wight (D:6)
  36 killer bees
  A swamp dragon simulacrum (Crypt:1)
  4 howler monkeys
  6 electric eels
  8 crimson imps
  6 lava snakes (Volcano)
  A quasit (Abyss:1)
  A hound (D:3)
  6 gnoll boudas
  44 orc priests
  Natasha (D:1)
  3 iguanas
  2 sleepcaps (D:6)
  63 orc wizards
  A boggart zombie (D:12)
  6 hell rats (Lair:4)
  Ijyb (D:3)
  An ice beast zombie (Crypt:1)
  303 mummies
  13 gnolls
  10 adders
  A shadow imp (D:6)
  2 white imps
  An ufetubus (D:5)
  An adder skeleton (Crypt:2)
  5 worms
  2 dart slugs
  73 orcs
  6 bats
  9 endoplasms
  2 giant cockroaches
  9 goblins
  10 hobgoblins
  2 jackals (Sewer)
  7 quokkas
  8 ball pythons
  3 frilled lizards
  A hobgoblin skeleton (Crypt:1)
  24 kobolds
  5 rats
  3 ball lightnings
  2 creeping infernos
  363 fire vortices
  A lurking horror (Abyss:5)
  5 starspawn tentacles
19248 creatures vanquished.

Vanquished Creatures (collateral kills)
  The ghost of Teaz Xo Upt the Hoplite, a legendary GnFE of Ashenzari (Zig:22)
  A dread lich (Zig:4)
  A pandemonium lord (Zig:17)
  4 Killer Klowns
  5 royal mummies
  A caustic shrike (Zig:25)
  A golden dragon (Zig:15)
  A profane servitor (Zig:27)
  A bone dragon (Zig:20)
  3 Ice Fiends
  3 hellephants
  A tainted leviathan (Zig:11)
  A deep elf master archer (Zig:17)
  An acid blob (Zig:8)
  An ancient champion (Zig:23)
  A titan (Depths:2)
  2 tengu reavers (Vaults:5)
  A nagaraja (Zig:16)
  2 sphinxes
  2 shadow dragons (Vaults:5)
  A rockslime (Zig:18)
  2 storm dragons
  A draconian monk (Zig:21)
  3 demonspawn warmongers
  A daeva (Zig:9)
  A revenant (Zig:22)
  A vault warden (Vaults:5)
  A frost giant (shapeshifter) (Vaults:5)
  2 cacodemons
  A nargun (Zig:13)
  2 draconian stormcallers
  2 draconian scorchers
  A draconian annihilator (Zig:21)
  A ghost moth (Zig:16)
  A draconian shifter (Zig:21)
  A war gargoyle (Zig:25)
  2 broodmothers
  A quicksilver ooze (Zig:23)
  A reaper (Zig:22)
  A green draconian (Zig:21)
  3 demonspawn black suns
  A white draconian (Zig:11)
  A deep elf demonologist (Zig:26)
  A black draconian (Zig:23)
  A red draconian (Zig:12)
  A deep elf annihilator (Zig:26)
  A wendigo (Zig:21)
  A green death (Zig:22)
  An entropy weaver (Zig:16)
  A shambling mangrove (Zig:20)
  A yaktaur captain (Vaults:5)
  A great orb of eyes (shapeshifter) (Zig:27)
  A deep elf high priest (Zig:27)
  A great orb of eyes (Slime:5)
  2 hydras
  A hell beast (Zig:27)
  A caustic shrike simulacrum (Coc:6)
  An alligator (Zig:6)
  A boulder beetle (Zig:16)
  A death scarab (Zig:24)
  A soul eater (Zig:26)
  A skyshark (shapeshifter) (Zig:11)
  A golden dragon zombie (Zig:24)
  A steelbarb worm (Zig:11)
  An orb spider (Zig:24)
  A deep elf archer (Zig:26)
  A deep elf pyromancer (Zig:26)
  A sphinx skeleton (Zig:24)
  A water nymph (Zig:20)
  An apocalypse crab (Zig:11)
  A fire giant skeleton (Zig:6)
  A guardian serpent (Zig:10)
  A gargoyle (Zig:22)
  A cane toad (Zig:25)
  2 orange demons
  A hellion (Zig:12)
  A torpor snail (Zig:21)
  A komodo dragon (Zig:25)
  A yaktaur (Vaults:5)
  A spectral harpy (Tar:5)
  A meliai (Zig:21)
  A tarantella (Zig:24)
  A sphinx simulacrum (Zig:27)
  2 hornets (Zig:20)
  2 jumping spiders (Zig:27)
  A water elemental (Depths:2)
  An ushabti (Zig:24)
  2 ynoxinuls
  A slime creature (Slime:5)
  A wyvern (Zig:15)
  A golden eye (Zig:12)
  A chaos spawn (Zig:11)
  2 redbacks
  2 floating eyes (Zig:23)
  An electric eel (Zig:21)
  40 mummies
  A foxfire (Lair:4)
  A starspawn tentacle (Pan)
167 creatures vanquished.

Vanquished Creatures (others)
  2 curse toes
  3 tentacled monstrosities
  A searing wretch (Zig:16)
  The ghost of Amikeex the Brawler, an adept TrMo of Nemelex Xobeh (Zig:22)
  4 shadow dragons (Zig:22)
  7 revenants (Zig:22)
  2 draconian knights (Zig:27)
  A balrug (Pan)
  A shard shrike simulacrum (Coc:5)
  2 curse skulls (Zig:22)
  2 demonspawn blood saints
  A demonspawn black sun (Zig:22)
  A vampire knight (Zig:23)
  7 eidola
  4 deep elf death magi
  2 shambling mangroves
  A deep elf high priest (Zig:24)
  A fire dragon (Zig:11)
  An ice dragon (Zig:27)
  A hydra (Zig:18)
  2 ghost crabs (Zig:22)
  2 juggernaut simulacra (Zig:21)
  A dancing weapon (Zig:24)
  A soul eater (Zig:22)
  2 spriggans (Zig:18)
  A swamp dragon (Zig:18)
  A deep elf archer (Zig:26)
  A spriggan druid (Zig:19)
  A phantasmal warrior (Zig:22)
  A spriggan simulacrum (Zig:13)
  A deep elf zephyrmancer (Zig:24)
  2 will-o-the-wisps (Zig:25)
  A salamander (shapeshifter) (Zig:16)
  A black mamba (Zig:19)
  A water nymph (shapeshifter) (Zig:16)
  An apocalypse crab (Zig:16)
  A merfolk (Zig:12)
  6 hornets
  A snapping turtle (Zig:17)
  2 iron dragon simulacra (Zig:26)
  A fire elemental (Zig:24)
  2 humans (D:14)
  5 chaos spawn
  2 harpy simulacra
  An acid dragon (Zig:11)
  A small abomination (Abyss:3)
  An ettin simulacrum (Coc:5)
  A glowing shapeshifter simulacrum (Zig:21)
  An orc priest (Orc:2)
  2 orc wizards
  6 ball lightnings
  3748 fire vortices
  550 foxfires
  9 starspawn tentacles
  4 tentacles (Tar:7)
4409 creatures vanquished.

Grand Total: 23824 creatures vanquished

Notes
Turn   | Place    | Note
-------+----------+-------------------------------------------
     0 | D:1      | TittyCrusher the Demonspawn Fire Elementalist began the
                  | quest for the Orb.
     0 | D:1      | Reached XP level 1. HP: 13/13 MP: 3/3
   370 | D:1      | Gained mutation: You are partially covered in razor-sharp
                  | scales. (AC +1, Slay +1) [demonic ancestry]
   370 | D:1      | Reached XP level 2. HP: 19/19 MP: 1/5
  1209 | D:2      | Gained mutation: You regenerate magic rapidly. [demonic
                  | ancestry]
  1209 | D:2      | Reached XP level 3. HP: 15/24 MP: 0/7
  1307 | D:2      | Noticed a phantom
  1393 | D:1      | Learned a level 2 spell: Scorch
  1397 | D:1      | Learned a level 3 spell: Volatile Blastmotes
  1651 | D:2      | Found a burning altar of Makhleb.
  1687 | D:2      | Noticed Natasha
  1785 | D:1      | Killed Natasha
  1786 | D:1      | Gained mutation: You have a pair of small antennae on your
                  | head. [demonic ancestry]
  1786 | D:1      | Reached XP level 4. HP: 24/30 MP: 2/9
  2096 | D:2      | Found a faded altar of an unknown god.
  2163 | D:2      | Found a runed translucent door.
  2164 | D:2      | Noticed Crazy Yiuf
  2546 | D:3      | Noticed Ijyb
  2566 | D:3      | Killed Ijyb
  2567 | D:3      | Reached XP level 5. HP: 21/35 MP: 1/10
  3397 | D:4      | Found Fygiece's Magic Scroll Boutique.
  3400 | D:4      | Bought a scroll of fear for 56 gold pieces
  3400 | D:4      | Bought a scroll of fear for 56 gold pieces
  3412 | D:4      | Bought a scroll of identify for 28 gold pieces
  3444 | D:4      | Reached XP level 6. HP: 41/41 MP: 8/11
  3544 | D:4      | Learned a level 4 spell: Flame Wave
  3605 | D:4      | Found a glowing drain.
  3622 | D:4      | Reached skill level 5 in Conjurations
  3627 | Sewer    | Entered a sewer
  3687 | Sewer    | Noticed a water moccasin
  3694 | Sewer    | Killed a water moccasin
  3695 | Sewer    | Reached skill level 5 in Fire Magic
  3695 | Sewer    | Gained mutation: You are partially covered in sharp spines.
                  | [demonic ancestry]
  3695 | Sewer    | Reached XP level 7. HP: 36/46 MP: 7/12
  4207 | D:4      | Bought a scroll of teleportation for 42 gold pieces
  4241 | D:5      | Entered Level 5 of the Dungeon
  4393 | D:5      | Noticed Grinder
  4393 | D:5      | Paralysed by Grinder for 4 turns
  4419 | D:5      | Killed Grinder
  4480 | D:5      | Gained mutation: You have a pair of antennae on your head.
                  | [demonic ancestry]
  4480 | D:5      | Reached XP level 8. HP: 52/52 MP: 11/13
  4934 | D:5      | Found Visuv's Antique Armour Shoppe.
  5263 | D:6      | Found a radiant altar of Vehumet.
  5272 | D:6      | Became a worshipper of Vehumet
  5320 | D:6      | Found Owaimohe's Assorted Antiques.
  5330 | D:6      | Bought 2 white potions for 45 gold pieces
  6226 | D:7      | Gained mutation: You are mostly covered in sharp spines.
                  | [demonic ancestry]
  6226 | D:7      | Reached XP level 9. HP: 57/57 MP: 9/14
  6537 | D:7      | Found a staircase to the Ecumenical Temple.
  6879 | D:5      | Bought a dyed leather armour for 125 gold pieces
  7336 | D:8      | Reached * piety under Vehumet
  7336 | D:8      | Offered knowledge of Kiss of Death by Vehumet.
  7396 | D:8      | Noticed Psyche
  7496 | D:8      | Noticed Erica
  7512 | D:8      | Killed Erica
  7638 | D:8      | Noticed a two-headed ogre
  7651 | D:8      | Killed a two-headed ogre
  7652 | D:8      | Reached skill level 10 in Conjurations
  7795 | D:8      | Killed Psyche
  7796 | D:8      | Gained mutation: You have a pair of large antennae on your
                  | head. (SInv) [demonic ancestry]
  7796 | D:8      | Reached XP level 10. HP: 58/63 MP: 6/15
  8552 | D:9      | Found a staircase to the Lair.
  8884 | D:6      | Bought a potion of heal wounds for 125 gold pieces
  8884 | D:6      | Bought a scroll labelled QISEUB DOM for 25 gold pieces
  8966 | D:9      | Reached skill level 10 in Fire Magic
  8971 | D:9      | Found a hazy altar of Hepliaklqana.
  8972 | D:9      | Found a shimmering altar of Xom.
  8973 | D:9      | Noticed a hell beast
  9632 | D:10     | Entered Level 10 of the Dungeon
  9665 | D:9      | Learned a level 3 spell: Dazzling Flash
  9700 | Lair:1   | Entered Level 1 of the Lair of Beasts
  9719 | Lair:1   | Noticed a cane toad
  9730 | Lair:1   | Reached skill level 5 in Dodging
  9762 | Lair:1   | Killed a cane toad
  9796 | Lair:1   | Reached ** piety under Vehumet
  9796 | Lair:1   | Offered knowledge of Momentum Strike by Vehumet.
  9802 | Lair:1   | Reached XP level 11. HP: 47/68 MP: 9/16
 10159 | Lair:1   | Noticed a death yak
 10159 | Lair:1   | Noticed a death yak
 10186 | Lair:1   | Noticed a death yak
 10294 | Lair:1   | Killed a death yak
 10485 | Lair:1   | Killed a death yak
 10911 | Lair:1   | Reached skill level 10 in Dodging
 10913 | Lair:1   | Offered knowledge of Searing Ray by Vehumet.
 11399 | Lair:1   | Killed a death yak
 11506 | Lair:2   | Reached *** piety under Vehumet
 11888 | Lair:2   | Reached XP level 12. HP: 57/74 MP: 14/17
 12112 | Lair:2   | Noticed a four-headed hydra
 12126 | Lair:2   | Killed a four-headed hydra
 12126 | Lair:2   | Offered knowledge of Frozen Ramparts by Vehumet.
 12131 | Lair:2   | Learned a level 3 spell: Frozen Ramparts
 12533 | Lair:3   | Reached skill level 1 in Ice Magic
 12990 | Lair:2   | Reached skill level 5 in Ice Magic
 13095 | Lair:3   | Found a hole to the Spider Nest.
 13183 | Lair:3   | Found a staircase to the Shoals.
 13389 | Lair:3   | Noticed a catoblepas
 13398 | Lair:3   | Killed a catoblepas
 13398 | Lair:3   | Reached **** piety under Vehumet
 13596 | Lair:3   | Noticed a six-headed hydra
 13605 | Lair:3   | Killed a six-headed hydra
 13605 | Lair:3   | Offered knowledge of Stone Arrow by Vehumet.
 13953 | Lair:4   | Noticed an eight-headed hydra
 13961 | Lair:4   | Killed an eight-headed hydra
 14236 | Lair:4   | Gained mutation: When hurt, damage is shared between your
                  | health and your magic reserves. [demonic ancestry]
 14236 | Lair:4   | Reached XP level 13. HP: 56/79 MP: 16/18
 14662 | Lair:4   | Got Mnoleg's Notes on Companions
 15201 | Lair:5   | Entered Level 5 of the Lair of Beasts
 15290 | Lair:5   | Reached skill level 5 in Spellcasting
 15384 | Lair:5   | Found a dark tunnel.
 15424 | Volcano  | Entered a volcano
 15453 | Volcano  | Learned a level 3 spell: Stone Arrow
 15720 | Volcano  | Reached ***** piety under Vehumet
 15732 | Volcano  | Found a burning altar of Makhleb.
 15971 | Lair:5   | Offered knowledge of Yara's Violent Unravelling by Vehumet.
 16363 | Lair:5   | Found a staircase to the Slime Pits.
 16480 | Lair:5   | Noticed Josephine
 16494 | Lair:5   | Killed Josephine
 16647 | Lair:5   | Found a runed translucent door.
 16648 | Lair:5   | Noticed a fire dragon
 16705 | Lair:5   | HP: 2/79 [lindwurm/blast of flame (7)]
 16888 | Lair:5   | Reached skill level 10 in Spellcasting
 17020 | Lair:5   | Learned a level 6 spell: Starburst
 17311 | Lair:5   | Reached skill level 1 in Shields
 17322 | Lair:5   | Gained mutation: You are mostly covered in razor-sharp
                  | scales. (AC +2, Slay +2) [demonic ancestry]
 17322 | Lair:5   | Reached XP level 14. HP: 80/85 MP: 25/28
 17461 | Lair:5   | Offered knowledge of Freezing Cloud by Vehumet.
 17468 | Lair:5   | Learned a level 5 spell: Freezing Cloud
 17511 | Lair:5   | Reached skill level 1 in Air Magic
 18014 | D:4      | Bought a scroll of acquirement for 728 gold pieces
 18014 | D:4      | Acquired a scarf of resistance
 18468 | D:6      | Bought a spiked scale mail for 225 gold pieces
 18468 | D:6      | Identified the +0 scale mail of Perfidy {Dex+7} (You bought
                  | it in a shop on level 6 of the Dungeon)
 19356 | D:10     | Identified the +1 robe of Nag Hat {Str+2}
 19784 | D:10     | Found a sacrificial altar of Ru.
 20347 | D:11     | Found a staircase to the Orcish Mines.
 20654 | D:11     | You fall into a shaft and drop 3 floors!
 20701 | D:14     | Found Oteanici's Book Shop.
 20705 | D:14     | Found Waluitru's General Store.
 21517 | D:12     | Noticed Sonja
 21519 | D:12     | Killed Sonja
 21770 | D:11     | Noticed Erolcha
 21773 | D:11     | Killed Erolcha
 21958 | Orc:1    | Entered Level 1 of the Orcish Mines
 22041 | Orc:1    | Found Puteirch's Gadget Gallery.
 22278 | Orc:2    | Entered Level 2 of the Orcish Mines
 22829 | Orc:2    | Found a staircase to the Elven Halls.
 22919 | Orc:2    | Reached ****** piety under Vehumet
 23086 | Orc:2    | Learned a level 6 spell: Plasma Beam
 23276 | Orc:2    | Found Vopsuorr's Antique Armour Emporium.
 23276 | Orc:2    | Found Tityal's Armour Shop.
 23279 | Orc:2    | Offered knowledge of Iskenderun's Battlesphere by Vehumet.
 23280 | Orc:2    | Reached skill level 5 in Air Magic
 23280 | Orc:2    | Found Samak's Book Shop.
 23280 | Orc:2    | Found Ovaorucvad's Armour Emporium.
 23657 | D:6      | Bought a scroll of fog for 100 gold pieces
 23755 | D:4      | Bought a scroll of summoning for 133 gold pieces
 23755 | D:4      | Bought a scroll of teleportation for 42 gold pieces
 23755 | D:4      | Bought a scroll of teleportation for 42 gold pieces
 23822 | D:5      | Bought a pair of glowing boots for 187 gold pieces
 24024 | D:12     | Gained mutation: You are completely covered in sharp
                  | spines. [demonic ancestry]
 24024 | D:12     | Reached XP level 15. HP: 83/89 MP: 27/31
 25461 | D:14     | Found a hide-covered altar of Uskayaw.
 25581 | D:14     | Found Civis's Jewellery Boutique.
 25584 | D:14     | Found Piusa's Distillery.
 25618 | D:14     | Bought a potion of curing for 36 gold pieces
 25618 | D:14     | Bought a potion of heal wounds for 60 gold pieces
 25618 | D:14     | Bought a potion of brilliance for 48 gold pieces
 25618 | D:14     | Bought a potion of haste for 120 gold pieces
 25624 | D:14     | Bought the ring "Etoutz" {Fire rPois MP+9 Stlth+} for 752
                  | gold pieces
 25876 | D:5      | Bought a shiny ring mail for 175 gold pieces
 26232 | D:14     | Noticed Kirke
 26234 | D:14     | Killed Kirke
 26420 | D:14     | Learned a level 5 spell: Iskenderun's Battlesphere
 26487 | D:14     | Offered knowledge of Orb of Destruction by Vehumet.
 26799 | D:14     | Found Fak Ocu's Book Shoppe.
 26852 | D:14     | Found a gate to the Vaults.
 26994 | D:15     | Entered Level 15 of the Dungeon
 27350 | D:15     | Found a staircase to the Depths.
 27594 | D:15     | Reached XP level 16. HP: 96/96 MP: 32/32
 27724 | D:15     | Offered knowledge of Fireball by Vehumet.
 27842 | D:14     | Bought a ring of flight for 227 gold pieces
 28037 | Shoals:1 | Entered Level 1 of the Shoals
 28090 | Shoals:1 | Found a large runed translucent door.
 28091 | Shoals:1 | Found a large runed translucent door.
 28093 | Shoals:1 | Noticed Mungiw's ghost (adept MiBe)
 29172 | Shoals:2 | You fall into a shaft and drop 1 floor!
 29211 | Shoals:1 | Learned a level 5 spell: Fireball
 30208 | Shoals:3 | Offered knowledge of Conjure Ball Lightning by Vehumet.
 30735 | Shoals:4 | Entered Level 4 of the Shoals
 30904 | Shoals:4 | Noticed Ilsuiw
 31297 | Shoals:4 | Identified the ring "Meytwew" {Will+ MP+9 Int+3}
 31300 | Shoals:4 | Offered knowledge of Spellforged Servitor by Vehumet.
 31302 | Shoals:4 | Gained mutation: Your hexes are more powerful. [demonic
                  | ancestry]
 31302 | Shoals:4 | Reached XP level 17. HP: 101/101 MP: 21/35
 31308 | Shoals:4 | Killed Ilsuiw
 32100 | Shoals:4 | Got a barnacled rune of Zot
 32301 | Spider:1 | Entered Level 1 of the Spider Nest
 32430 | Spider:1 | Reached skill level 15 in Fire Magic
 32736 | Spider:1 | Noticed Roxanne
 32802 | Spider:1 | Noticed Asterion
 32805 | Spider:1 | Killed Asterion
 33153 | Spider:1 | Found a runed translucent gate.
 33153 | Spider:1 | Found a runed translucent gate.
 33153 | Spider:1 | Found a runed translucent gate.
 33335 | Spider:1 | Killed Roxanne
 33335 | Spider:1 | Offered knowledge of Chain Lightning by Vehumet.
 33335 | Spider:1 | Offered knowledge of Polar Vortex by Vehumet.
 33335 | Spider:1 | Offered knowledge of Ignition by Vehumet.
 33387 | Spider:1 | Reached skill level 15 in Conjurations
 33395 | Spider:1 | Noticed HilariousDeathArtist's ghost (adept TrGl)
 33644 | Spider:2 | Found a runed translucent door.
 33644 | Spider:2 | Noticed pigah's ghost (adept OpWn)
 35277 | Spider:3 | Gained mutation: Your melee attacks may debilitate your
                  | foes. [demonic ancestry]
 35277 | Spider:3 | Reached XP level 18. HP: 107/107 MP: 36/36
 35463 | Spider:4 | Entered Level 4 of the Spider Nest
 36333 | Spider:4 | Got a gossamer rune of Zot
 36750 | Elf:1    | Entered Level 1 of the Elven Halls
 37041 | Elf:1    | Paralysed by an air elemental for 1 turns
 37044 | Elf:1    | Paralysed by an air elemental for 1 turns
 37267 | Elf:1    | Reached skill level 15 in Spellcasting
 37790 | Elf:1    | Found the +2 hood of the Assassin {Detect Stab+ Stlth++}
 38031 | Elf:2    | Found Ithos's Magic Scroll Boutique.
 38332 | Elf:2    | Found a runed translucent gate.
 38336 | Elf:2    | Found a runed translucent gate.
 38336 | Elf:2    | Found a runed translucent gate.
 38427 | Elf:2    | Identified the +0 robe of Davoiw {rN++ Will+ Str+3 Slay-6}
 38684 | Elf:3    | Entered Level 3 of the Elven Halls
 38692 | Elf:3    | Found Icru Olism's Magic Scroll Emporium.
 38692 | Elf:3    | Found Porolur's Jewellery Shoppe.
 38765 | Elf:3    | Bought a scroll of fear for 72 gold pieces
 38765 | Elf:3    | Bought a scroll of blinking for 135 gold pieces
 38765 | Elf:3    | Bought a scroll of amnesia for 72 gold pieces
 38775 | Elf:3    | Learned a level 8 spell: Ignition
 39118 | Elf:3    | Reached XP level 19. HP: 112/112 MP: 38/38
 39126 | Elf:3    | Paralysed by an air elemental for 1 turns
 39197 | Elf:3    | Found Haoluin's One-of-a-Kind Books.
 39628 | Elf:3    | Upgraded the game from 0.31-a0-246-g8cbcc1cb85 to
                  | 0.31-a0-263-ge8cad7f256
 39847 | Elf:3    | Gained mutation: When low on magic, you restore magic in
                  | place of health. [demonic ancestry]
 39847 | Elf:3    | Reached XP level 20. HP: 118/118 MP: 39/39
 39966 | Elf:3    | Reached skill level 1 in Armour
 40003 | Elf:3    | Identified the +1 scale mail "Taem" {+Blink Regen+ Str+3
                  | Slay-5}
 40257 | Elf:3    | Identified the +7 chain mail of Cesa {rPois Slay+2}
 40267 | Elf:3    | Reached skill level 5 in Armour
 40285 | Elf:3    | Identified the +1 plate armour of Polish {Slay+5 Stlth+}
 40434 | Elf:3    | Reached skill level 1 in Fighting
 40599 | Elf:3    | Got the Cyclopedia of Support and the Jaunt
 40636 | Elf:3    | Got Iskenderun's Almanac of Damage
 40645 | Elf:3    | Identified the +2 dagger "Etzomim" {freeze, Fragile rPois
                  | Will- Int+7}
 41086 | Spider:1 | Killed HilariousDeathArtist's ghost
 41212 | Spider:1 | Identified the +0 cloak of Bucvuir {Int+3}
 41275 | Spider:2 | Killed pigah's ghost
 41276 | Spider:2 | Reached skill level 1 in Evocations
 41860 | Shoals:1 | Killed Mungiw's ghost
 42256 | Vaults:1 | Entered Level 1 of the Vaults
 42491 | Vaults:1 | Reached skill level 5 in Evocations
 43371 | Vaults:2 | Found a flickering gateway to a bazaar.
 43390 | Bazaar   | Entered a bazaar
 43404 | Bazaar   | Found Utreu's Weapon Emporium.
 43404 | Bazaar   | Found Yniom's Jewellery Shoppe.
 43439 | Bazaar   | Found Gaurghics's Antique Weapon Emporium.
 43455 | Bazaar   | Found Ypytec's Book Emporium.
 43455 | Bazaar   | Found Tynir's Distillery.
 43460 | Bazaar   | Bought a book of Annihilations for 720 gold pieces
 43510 | Bazaar   | Bought a potion of brilliance for 56 gold pieces
 43510 | Bazaar   | Bought 2 potions of cancellation for 224 gold pieces
 43510 | Bazaar   | Bought a potion of haste for 140 gold pieces
 43510 | Bazaar   | Bought 2 potions of cancellation for 224 gold pieces
 43538 | Vaults:2 | Reached XP level 21. HP: 134/134 MP: 41/41
 43662 | Vaults:2 | Learned a level 9 spell: Fire Storm
 45161 | Vaults:3 | Identified the +4 great mace of Vanity {flame, *Noise rElec
                  | rC+}
 45189 | Vaults:3 | Noticed a dread lich
 45195 | Vaults:3 | Killed a dread lich
 45248 | Vaults:3 | Found the +13 scythe of Curses {drain, curses, Drain}
 45365 | Vaults:3 | Found Cakhanim's Magic Scroll Shoppe.
 45961 | Vaults:3 | Found a staircase to the Crypt.
 46091 | Crypt:1  | Entered Level 1 of the Crypt
 46294 | Crypt:1  | Reached XP level 22. HP: 140/140 MP: 45/45
 46318 | Crypt:1  | Identified the +0 ring mail of Gimec {Harm Str+7 Int-5
                  | Dex+2}
 47180 | Crypt:2  | Identified the +8 rapier of the Chain {spect, *Corrode
                  | rElec Stlth+}
 48018 | Crypt:2  | Noticed a royal mummy
 48022 | Crypt:2  | Killed a royal mummy
 48073 | Crypt:2  | Got the Secrets of Turbulence
 48091 | Crypt:2  | Found the +11 plutonium sword {Contam Stlth-}
 48093 | Crypt:2  | Noticed a royal mummy
 48096 | Crypt:2  | Killed a royal mummy
 48110 | Crypt:2  | Identified the +1 short sword of Mastery {venom, Fly Str+2}
 48113 | Crypt:2  | Got the Commentary on the Stinger
 48164 | Crypt:3  | Entered Level 3 of the Crypt
 48521 | Crypt:3  | Identified the +3 glaive of Coicaum {heavy, rCorr}
 48526 | Crypt:3  | Identified the ring "Ucruota" {rN+ Will+ Stlth+}
 48526 | Crypt:3  | Identified the ring of Zucismek {rN+ Int+3 Slay+3 Stlth+}
 48526 | Crypt:3  | Identified the ring "Jisutz" {rN+ SInv}
 48528 | Crypt:3  | Identified the +5 sling of Kyocs {elec, rF+ rC- SInv}
 48630 | Crypt:3  | Found a staircase to the Tomb.
 48776 | Crypt:3  | Identified the +5 war axe of Brutal Revenge {speed, Str+3}
 48779 | Crypt:3  | Identified the +6 flail "Xyanuid" {freeze, rPois Dex+3
                  | SInv}
 48789 | Crypt:3  | Identified the +9 plate armour of Duty {+Blink}
 49286 | Crypt:3  | Found an ancient bone altar of Kikubaaqudgha.
 49288 | Crypt:3  | Noticed an ancient lich
 49299 | Crypt:3  | Killed an ancient lich
 49320 | Crypt:3  | Noticed an ancient lich
 49328 | Crypt:3  | Killed an ancient lich
 49392 | Crypt:3  | Got the Treatise on the Damned
 49417 | Crypt:3  | Got the Codex of Calorific Sidekicks
 49957 | Vaults:4 | Found a crumbling gateway.
 49974 | Desolati | Entered the Desolation of Salt
 49999 | Desolati | Gained mutation: You are surrounded by an aura of silence.
                  | [demonic ancestry]
 49999 | Desolati | Reached XP level 23. HP: 146/146 MP: 46/46
 50171 | Desolati | Identified the +4 longbow "Heyzousi" {heavy, Str-5 Int+3
                  | Dex+2}
 50184 | Desolati | Reached skill level 10 in Armour
 50220 | Desolati | Identified the +6 rapier of Wariness {flame, Fly rN+ Dex-4
                  | Stlth+}
 50327 | Desolati | Got the Tractate on Impulse
 50341 | Desolati | Got the Writings on Unfortunate Aeromancy
 50439 | Desolati | Found the +5 robe of Night {Dark Will+ SInv}
 50466 | Desolati | Identified the ring of Wishful Thinking {rElec rN+ Str+5}
 50528 | Desolati | Identified the +6 rapier "Hackefoh" {freeze, rCorr Str+2}
 50552 | Desolati | Got the Anthology of the Poles
 50602 | Desolati | Identified the ring "Rasoa" {Will+ Slay+3}
 50616 | Desolati | Got the Omnibus of the Amorphous Tesseract
 50695 | Desolati | Identified the ring "Gihottargh" {Fly Str+2}
 50711 | Desolati | Identified the +7 dagger of Ihepnod {venom, rElec rC- Will+
                  | Str+5}
 50726 | Desolati | Identified the ring of Nosoodeu {Contam rElec rPois rC+
                  | SInv}
 50737 | Desolati | Identified the +4 rapier of Xom, Gnashing {antimagic,
                  | Str+2}
 51479 | Vaults:4 | Found Meopt's Antique Armour Shop.
 51990 | Vaults:5 | Entered Level 5 of the Vaults
 52027 | Vaults:5 | Reached XP level 24. HP: 126/152 MP: 46/46
 52238 | Vaults:5 | Identified the amulet of Royalty {+Inv rF+ Regen+}
 52288 | Vaults:5 | Found Ceclaiv's Antique Armour Boutique.
 52741 | Vaults:5 | Learned a level 2 spell: Blink
 52747 | Vaults:5 | Got the Volume of Grounded Hexing
 52755 | Vaults:5 | Found the sphere of Battle
 52763 | Vaults:5 | Reached skill level 1 in Translocations
 53036 | Vaults:5 | Got a silver rune of Zot
 53291 | Vaults:5 | Identified the +4 shortbow "Jellyslayer" {flame, Drain
                  | Int+2 Dex+6 SInv}
 53628 | Vaults:5 | Identified the +8 rapier of Compound Interest {freeze,
                  | Str+4}
 53833 | Vaults:4 | Bought a masterwork scale mail for 279 gold pieces
 53833 | Vaults:4 | Identified the +1 scale mail of Sagaesueq {rN+ Will+} (You
                  | bought it in a shop on level 4 of the Vaults)
 53914 | Vaults:3 | Bought a scroll of teleportation for 57 gold pieces
 53914 | Vaults:3 | Bought a scroll of blinking for 142 gold pieces
 53914 | Vaults:3 | Bought a scroll of fear for 76 gold pieces
 53914 | Vaults:3 | Bought a scroll of teleportation for 57 gold pieces
 53914 | Vaults:3 | Bought a scroll of fog for 76 gold pieces
 54041 | D:14     | Bought a potion of lignification for 36 gold pieces
 54303 | Elf:2    | Bought a scroll of summoning for 190 gold pieces
 54303 | Elf:2    | Bought a scroll of teleportation for 60 gold pieces
 54344 | Elf:3    | Bought a scroll of summoning for 171 gold pieces
 54724 | Vaults:5 | Bought the +3 pair of gauntlets of War {Slay+5} for 1567
                  | gold pieces
 54724 | Vaults:5 | Found the +3 pair of gauntlets of War {Slay+5}
 54917 | Depths:1 | Entered Level 1 of the Depths
 55173 | Depths:1 | Found a one-way gate to the infinite horrors of the Abyss.
 55273 | Depths:1 | Found a gateway to Hell.
 55434 | Depths:1 | Noticed Mara
 55439 | Depths:1 | Killed Mara
 55467 | Depths:1 | Found a burning altar of Makhleb.
 55933 | Depths:2 | Found a one-way gate leading to the halls of Pandemonium.
 55952 | Depths:2 | Reached XP level 25. HP: 157/157 MP: 36/46
 56338 | Depths:2 | Identified the staff of the Eternal Warrior {rN+ Dex+7
                  | Conj}
 56386 | Depths:2 | Found a one-way gateway to a ziggurat.
 56514 | Depths:2 | Identified the +1 chain mail of the Six Growing Runes
                  | {Str+2 Int+2}
 57462 | Zig:1    | Entered Level 1 of a ziggurat
 57484 | Zig:1    | Identified the +2 leather armour of Sloth {Rampage rF+
                  | rCorr MP+9}
 57490 | Zig:2    | Entered Level 2 of a ziggurat
 57491 | Zig:2    | Noticed Wuesuil the pandemonium lord
 57493 | Zig:2    | Killed Wuesuil the pandemonium lord
 57500 | Zig:2    | Identified the +4 flail of a Million Princes {drain,
                  | Fragile rC+ rN+ Dex+4}
 57507 | Zig:3    | Entered Level 3 of a ziggurat
 57533 | Zig:4    | Entered Level 4 of a ziggurat
 57547 | Zig:4    | Identified the ring of Xom's Wantonness {rN+ Will+ rCorr
                  | Slay+3 Stlth+}
 57550 | Zig:4    | Identified the amulet of Ostewoex {-Tele rF+ Regen+ Str+4}
 57575 | Zig:5    | Entered Level 5 of a ziggurat
 57599 | Zig:5    | Identified the +5 lajatang "Jugunup" {drain, rElec}
 57604 | Zig:6    | Entered Level 6 of a ziggurat
 57612 | Zig:6    | Found the +8 longbow "Zephyr" {speed, Dex+3 SInv}
 57636 | Zig:7    | Entered Level 7 of a ziggurat
 57642 | Zig:7    | Noticed a dread lich
 57645 | Zig:7    | Killed a dread lich
 57663 | Zig:7    | Reached XP level 26. HP: 164/164 MP: 46/46
 57675 | Zig:7    | Identified the +1 leather armour of the Hall of Blades
                  | {MP-9 Dex+8}
 57683 | Zig:8    | Entered Level 8 of a ziggurat
 57703 | Zig:8    | Identified the ring "Bocueh" {Int+3 SInv}
 57740 | Zig:9    | Entered Level 9 of a ziggurat
 57762 | Zig:9    | Identified the amulet of the Grey Skies {Spirit Rampage rC+
                  | Regen+ rCorr}
 57775 | Zig:9    | Got the Omnibus of the Frosty Fault
 57786 | Zig:9    | Gained mutation: You are completely covered in razor-sharp
                  | scales. (AC +3, Slay +3) [demonic ancestry]
 57786 | Zig:9    | Reached XP level 27. HP: 169/169 MP: 46/46
 57792 | Zig:10   | Entered Level 10 of a ziggurat
 57857 | Zig:11   | Entered Level 11 of a ziggurat
 57891 | Zig:11   | Found the +5 woodcutter's axe
 57907 | Zig:11   | Identified the amulet of Hoyde {Faith rN+ SInv}
 57918 | Zig:12   | Entered Level 12 of a ziggurat
 58080 | Zig:13   | Entered Level 13 of a ziggurat
 58118 | Zig:13   | Identified the +8 quarterstaff of Tenacity {freeze, rF++
                  | Int-2}
 58124 | Zig:14   | Entered Level 14 of a ziggurat
 58150 | Zig:14   | Found the ring of the Tortoise {AC+8}
 58166 | Zig:14   | Got the Compilation of Attacks and the Throng
 58168 | Zig:14   | Identified the +5 ring mail of Amelioration {*Slow rF++
                  | Will+ Stlth+}
 58176 | Zig:14   | Identified the ring of Awe {rC+ rN+ Dex+3}
 58202 | Zig:15   | Entered Level 15 of a ziggurat
 58245 | Zig:15   | Identified the +0 robe of Forking Paths {rN+}
 58248 | Zig:15   | Identified the staff "Lodwigun" {rElec Will- Int+5 Air}
 58259 | Zig:15   | Identified the ring "Tynecat" {Fly rC+++ Str-4}
 58268 | Zig:16   | Entered Level 16 of a ziggurat
 58291 | Zig:16   | Reached skill level 15 in Armour
 58336 | Zig:17   | Entered Level 17 of a ziggurat
 58355 | Zig:17   | Noticed Siokar the pandemonium lord
 58356 | Zig:17   | Reached skill level 5 in Fighting
 58356 | Zig:17   | Noticed Hyevva the pandemonium lord
 58357 | Zig:17   | Noticed Tonomi the pandemonium lord
 58357 | Zig:17   | Killed Siokar the pandemonium lord
 58358 | Zig:17   | Killed Tonomi the pandemonium lord
 58359 | Zig:17   | Reached skill level 10 in Fighting
 58359 | Zig:17   | Killed Cogiellaviy the pandemonium lord
 58360 | Zig:17   | Killed Hyevva the pandemonium lord
 58360 | Zig:17   | Noticed Vyazulep the pandemonium lord
 58362 | Zig:17   | Killed Vyazulep the pandemonium lord
 58374 | Zig:17   | Found the crystal ball of Wucad Mu {*channel}
 58412 | Zig:17   | Identified the ring of Xyqeotim {rF+ Str+6 Dex+4 SInv}
 58423 | Zig:17   | Got the Vademecum on the Gathering
 58431 | Zig:18   | Entered Level 18 of a ziggurat
 58470 | Zig:18   | Identified the ring "Ytihox" {Will+ Dex+2}
 58479 | Zig:18   | Identified the +5 flail of Legre {antimagic, Int+5}
 58492 | Zig:19   | Entered Level 19 of a ziggurat
 58531 | Zig:19   | Noticed Liwnydof the pandemonium lord
 58533 | Zig:19   | Killed Liwnydof the pandemonium lord
 58570 | Zig:19   | Identified the +11 trident of Fragile Peace {drain, Fly
                  | Will+ Str+4 Int-4}
 58573 | Zig:19   | Identified the +0 robe of Sophism {Will+}
 58580 | Zig:20   | Entered Level 20 of a ziggurat
 58605 | Zig:20   | Killed Opaitaog the pandemonium lord
 58625 | Zig:20   | Identified the +6 rapier "Pokyicse" {spect, Str-2 Int+5}
 58626 | Zig:20   | Identified the ring "Aniddati" {Fly Int+3 SInv}
 58628 | Zig:20   | Identified the +4 scale mail of the Cicada {Rampage rC+
                  | Dex+4}
 58629 | Zig:20   | Identified the +6 lajatang of the Neverending Quests
                  | {heavy, Str+4}
 58632 | Zig:20   | Identified the ring "Ekhi" {rPois rF++ rN+ Int-2 Dex+6}
 58633 | Zig:20   | Identified the +0 ring mail of Jugeoti {rF+ rC+ Dex+3}
 58642 | Zig:20   | Identified the +0 rapier of the Establishment {spect, rCorr
                  | MP+9 Str+3}
 58663 | Zig:21   | Entered Level 21 of a ziggurat
 58697 | Zig:21   | Reached skill level 27 in Conjurations
 58730 | Zig:21   | Identified the ring "Niocwot" {*Slow rC+ EV+5 Dex+4}
 58744 | Zig:21   | Identified the +3 battleaxe of the Orb {freeze, rC+ Dex+2}
 58756 | Zig:21   | Learned a level 2 spell: Sublimation of Blood
 58766 | Zig:21   | Learned a level 9 spell: Shatter
 58776 | Zig:21   | Learned a level 9 spell: Polar Vortex
 58782 | Zig:22   | Entered Level 22 of a ziggurat
 58805 | Zig:22   | Noticed Efutsis the pandemonium lord
 58810 | Zig:22   | Killed Efutsis the pandemonium lord
 58859 | Zig:22   | Identified the ring of Virtue {rPois Dex+6}
 58865 | Zig:22   | Identified the ring "Ebobomisch" {rF++ rCorr Str+5 Int-3}
 58868 | Zig:22   | Identified the +3 ring mail of the Saviour {Int+2}
 58882 | Zig:22   | Identified the +8 mace of Ysunuh {drain, rPois Dex+3}
 58888 | Zig:22   | Identified the +6 trident of Wrath {heavy, Will+ Int+5}
 58945 | Zig:23   | Entered Level 23 of a ziggurat
 58962 | Zig:23   | Reached skill level 15 in Fighting
 59003 | Zig:23   | Found the Hermit's Pendant {Faith Invo=14 Evo=0 MP+5}
 59034 | Zig:23   | Identified the +4 mace "Fan Siag" {spect, rPois Will- MP+9
                  | Stlth+}
 59048 | Zig:23   | Gained mutation: Your magical capacity is low. (-10% MP)
                  | [potion of mutation]
 59048 | Zig:23   | Gained mutation: You are frail. (-10% HP) [potion of
                  | mutation]
 59048 | Zig:23   | Gained mutation: Your natural rate of healing is unusually
                  | fast. [potion of mutation]
 59051 | Zig:23   | Lost mutation: Your magical capacity is low. (-10% MP)
                  | [potion of mutation]
 59051 | Zig:23   | Lost mutation: Your natural rate of healing is unusually
                  | fast. [potion of mutation]
 59051 | Zig:23   | Lost mutation: You are frail. (-10% HP) [potion of
                  | mutation]
 59051 | Zig:23   | Gained mutation: You are covered in fur. (AC +1) [potion of
                  | mutation]
 59051 | Zig:23   | Gained mutation: You passively map a small area around you.
                  | [potion of mutation]
 59052 | Zig:23   | Lost mutation: You are covered in fur. (AC +1) [potion of
                  | mutation]
 59052 | Zig:23   | Lost mutation: You passively map a small area around you.
                  | [potion of mutation]
 59052 | Zig:23   | Gained mutation: You are clumsy. (Dex -2) [potion of
                  | mutation]
 59052 | Zig:23   | Gained mutation: Your muscles are strong. (Str +4, Int/Dex
                  | -1) [potion of mutation]
 59052 | Zig:23   | Gained mutation: A frigid envelope surrounds you and
                  | freezes all who hurt you. [potion of mutation]
 59053 | Zig:23   | Lost mutation: A frigid envelope surrounds you and freezes
                  | all who hurt you. [potion of mutation]
 59053 | Zig:23   | Lost mutation: Your muscles are strong. (Str +4, Int/Dex
                  | -1) [potion of mutation]
 59053 | Zig:23   | Gained mutation: You are dopey. (Int -2) [potion of
                  | mutation]
 59053 | Zig:23   | Gained mutation: Your natural rate of healing is unusually
                  | fast. [potion of mutation]
 59053 | Zig:23   | Gained mutation: Your movements are slightly less
                  | encumbered by armour. (ER -2) [potion of mutation]
 59057 | Zig:24   | Entered Level 24 of a ziggurat
 59149 | Zig:24   | Found the +2 cloak of the Thief {*Fog Slay-2 SInv Stlth+}
 59157 | Zig:24   | Identified the ring "Licvuer" {MP+9 Str+2}
 59164 | Zig:24   | Identified the +3 hand axe of Yfafyska {speed, rF+ Will-
                  | Str+2}
 59166 | Zig:24   | Identified the +10 dagger of Propriety {heavy, rF+}
 59171 | Zig:24   | Identified the +2 spear of Blood {flame, Fly Int+6}
 59173 | Zig:24   | Identified the staff of Havoc {*Slow rElec Str+7 Tloc Fire
                  | Air}
 59190 | Zig:25   | Entered Level 25 of a ziggurat
 59298 | Zig:25   | Identified the +2 glaive "Ysoasu Biga" {freeze, Dex+2}
 59312 | Zig:25   | Identified the +10 halberd of Cowardice {freeze, rElec rC++
                  | Dex-3}
 59321 | Zig:25   | Identified the +6 flail "Bor Luroakh" {heavy, Fragile rElec
                  | rC+ rN+++}
 59326 | Zig:26   | Entered Level 26 of a ziggurat
 59403 | Zig:26   | Identified the +5 dagger of Fijam {heavy, rPois rN+ Stlth+}
 59406 | Zig:26   | Identified the +7 quarterstaff of Amorality {drain, rN+
                  | Int+2 SInv}
 59411 | Zig:26   | Identified the +1 scimitar of Law {heavy, rF+ Str+3}
 59412 | Zig:26   | Identified the amulet of Contentment {Reflect Harm Fragile
                  | rElec Slay+4 SH+5}
 59416 | Zig:26   | Identified the +1 cloak "Mevieroapt" {MP+9}
 59423 | Zig:26   | Identified the +9 arbalest of Ifravy {antimagic, rPois}
 59424 | Zig:26   | Identified the +7 glaive "Fuuh" {chaos, Fragile Str+4
                  | Dex+5}
 59427 | Zig:26   | Identified the staff of the Sun {rElec rN+ Int+6 Necro}
 59440 | Zig:27   | Entered Level 27 of a ziggurat
 59509 | Zig:27   | Identified the +5 ring mail "Vajism" {Harm Str+2}
 59510 | Zig:27   | Identified the +2 halberd of Spite {heavy, rPois Dex+4}
 59526 | Zig:27   | Identified the ring "Hiuw" {+Blink rElec rF+ Dex-3 Slay+5}
 59534 | Zig:27   | Identified the +7 broad axe of Hoatunn {heavy, rF+ rC+
                  | Stlth+}
 59535 | Zig:27   | Identified the +2 glaive of Qazlal's Displeasure {heavy,
                  | Int+3}
 59572 | Zig:1    | Entered Level 1 of a ziggurat
 59591 | Zig:2    | Entered Level 2 of a ziggurat
 59612 | Zig:3    | Entered Level 3 of a ziggurat
 59624 | Zig:3    | Identified the +1 cloak "Ben Boiki" {rElec Dex+3 Stlth-}
 59625 | Zig:3    | Identified the staff "Odoovvye" {rF+ Dex+3 Earth}
 59632 | Zig:4    | Entered Level 4 of a ziggurat
 59632 | Zig:4    | Noticed a juggernaut
 59637 | Zig:4    | Reached skill level 27 in Fighting
 59639 | Zig:4    | Killed a juggernaut
 59664 | Zig:4    | Identified the +0 ring mail of the Heavens {+Blink rCorr}
 59673 | Zig:5    | Entered Level 5 of a ziggurat
 59701 | Zig:6    | Entered Level 6 of a ziggurat
 59705 | Zig:6    | Reached skill level 5 in Earth Magic
 59735 | Zig:7    | Entered Level 7 of a ziggurat
 59768 | Zig:8    | Entered Level 8 of a ziggurat
 59818 | Zig:9    | Entered Level 9 of a ziggurat
 59825 | Zig:9    | Noticed a dread lich
 59826 | Zig:9    | Killed a dread lich
 59829 | Zig:9    | Reached skill level 10 in Earth Magic
 59879 | Zig:10   | Entered Level 10 of a ziggurat
 59914 | Zig:10   | Identified the +0 chain mail "Cochuwep" {rC- rN+ Str+3
                  | Dex+9}
 59916 | Zig:10   | Identified the +6 bardiche "Agahot" {spect, Str+3 Dex+2}
 59927 | Zig:11   | Entered Level 11 of a ziggurat
 59951 | Zig:11   | Found the +6 Majin-Bo {spellvamp, MP+6 Int+6}
 59951 | Zig:11   | Found the +7 captain's cutlass {speed, disarm}
 59971 | Zig:11   | Identified the +1 robe of Winter {rElec rF+++ Slay-5 SInv}
 60006 | Zig:12   | Entered Level 12 of a ziggurat
 60016 | Zig:12   | Reached skill level 15 in Earth Magic
 60043 | Zig:12   | Identified the +7 spear of Xom's Regard {elec, rC++ rCorr
                  | Str-5 Int+3}
 60063 | Zig:12   | Identified the amulet "Amaunn" {Reflect rPois Regen+ Int-2
                  | SH+5 SInv}
 60072 | Zig:12   | Identified the +7 quarterstaff of Desperation {drain, rF-
                  | Will+++ rCorr Dex-5}
 60076 | Zig:13   | Entered Level 13 of a ziggurat
 60105 | Zig:13   | Noticed Daarusar the pandemonium lord
 60106 | Zig:13   | Killed Daarusar the pandemonium lord
 60154 | Zig:13   | Found the +3 Elemental Staff {rElec rF+ rC+ AC+3}
 60195 | Zig:13   | Identified the ring "Awka" {rF+ Stlth+}
 60214 | Zig:14   | Entered Level 14 of a ziggurat
 60231 | Zig:14   | Noticed Ulut the pandemonium lord
 60233 | Zig:14   | Killed Ulut the pandemonium lord
 60247 | Zig:14   | Identified the staff of Incongruity {Contam rF+ Int+9 Fire}
 60261 | Zig:14   | Identified the +7 quarterstaff "Ebbuck Jatuh" {elec, rElec
                  | rCorr Dex+2}
 60280 | Zig:15   | Entered Level 15 of a ziggurat
 60302 | Zig:15   | Reached skill level 10 in Evocations
 60310 | Zig:15   | Found the +2 ratskin cloak {*Rats rPois rN+ Str-1 Int-1
                  | Dex+1}
 60327 | Zig:15   | Identified the staff "Uted" {rF+ Dex+3 Fire}
 60341 | Zig:16   | Entered Level 16 of a ziggurat
 60379 | Zig:16   | Identified the ring "Lem Ibbae" {rPois rF+ Will+ rCorr
                  | Int+4}
 60385 | Zig:16   | Identified the +5 arbalest of Checks and Balances {penet,
                  | rF+ Int+3 Dex+4}
 60392 | Zig:16   | Identified the staff "Ihusielu" {Conj Tmut}
 60433 | Zig:17   | Entered Level 17 of a ziggurat
 60443 | Zig:17   | Reached skill level 1 in Ranged Weapons
 60448 | Zig:17   | Reached skill level 5 in Ranged Weapons
 60459 | Zig:17   | Reached skill level 10 in Ranged Weapons
 60470 | Zig:17   | Identified the staff "Nogayz" {rElec Will+ Air}
 60482 | Zig:17   | Identified the +0 chain mail of the Big Bang {rCorr}
 60485 | Zig:17   | Identified the +1 plate armour "Fankua Emach" {Harm rC+
                  | Int+3}
 60512 | Zig:18   | Entered Level 18 of a ziggurat
 60529 | Zig:18   | Reached skill level 15 in Ranged Weapons
 60550 | Zig:18   | Identified the ring of the Hero {rPois Dex+3 Slay+3}
 60553 | Zig:18   | Identified the ring of the Castellan {rPois rF+}
 60555 | Zig:18   | Identified the amulet "Ilehar" {Regen+ Str+3}
 60557 | Zig:18   | Identified the ring "Ivudak" {rN+ Will+ rCorr}
 60565 | Zig:18   | Identified the +2 helmet "Wuehelaj" {Int-2 Dex+5 Slay+3}
 60568 | Zig:18   | Lost mutation: You are dopey. (Int -2) [potion of mutation]
 60568 | Zig:18   | Lost mutation: Your natural rate of healing is unusually
                  | fast. [potion of mutation]
 60568 | Zig:18   | Lost mutation: You are clumsy. (Dex -2) [potion of
                  | mutation]
 60568 | Zig:18   | Gained mutation: You have large cloven feet. [potion of
                  | mutation]
 60568 | Zig:18   | Gained mutation: You have hidden genetic defects. [potion
                  | of mutation]
 60568 | Zig:18   | Gained mutation: You expend magic power (3 MP) to
                  | strengthen your wands. [potion of mutation]
 60569 | Zig:18   | Lost mutation: You have hidden genetic defects. [potion of
                  | mutation]
 60569 | Zig:18   | Lost mutation: You have large cloven feet. [potion of
                  | mutation]
 60569 | Zig:18   | Lost mutation: You expend magic power (3 MP) to strengthen
                  | your wands. [potion of mutation]
 60569 | Zig:18   | Gained mutation: You are somewhat resistant to further
                  | mutation. [potion of mutation]
 60570 | Zig:18   | Lost mutation: You are somewhat resistant to further
                  | mutation. [potion of mutation]
 60570 | Zig:18   | Lost mutation: Your movements are slightly less encumbered
                  | by armour. (ER -2) [potion of mutation]
 60570 | Zig:18   | Gained mutation: You possess an exceptional clarity of
                  | mind. [potion of mutation]
 60571 | Zig:18   | Lost mutation: You possess an exceptional clarity of mind.
                  | [potion of mutation]
 60571 | Zig:18   | Gained mutation: You expend magic power (3 MP) to
                  | strengthen your wands. [potion of mutation]
 60571 | Zig:18   | Gained mutation: Your body sometimes deteriorates upon
                  | taking damage. [potion of mutation]
 60572 | Zig:18   | Lost mutation: Your body sometimes deteriorates upon taking
                  | damage. [potion of mutation]
 60572 | Zig:18   | Lost mutation: You expend magic power (3 MP) to strengthen
                  | your wands. [potion of mutation]
 60572 | Zig:18   | Gained mutation: You are frail. (-10% HP) [potion of
                  | mutation]
 60572 | Zig:18   | Lost mutation: You are frail. (-10% HP) [potion of
                  | mutation]
 60573 | Zig:18   | Gained mutation: You are robust. (+10% HP) [potion of
                  | mutation]
 60596 | Zig:19   | Entered Level 19 of a ziggurat
 60631 | Zig:19   | Found the +2 shield of Resistance {rF++ rC++ Will++}
 60649 | Zig:19   | Learned a level 5 spell: Irradiate
 60649 | Zig:19   | Identified the +4 scale mail of Temperance {rF+}
 60650 | Zig:19   | Identified the +7 long sword "Iloynio" {venom, Contam rC+++
                  | Str+2 Stlth+}
 60651 | Zig:19   | Identified the amulet "Moodolipo" {Spirit rPois Int+3}
 60661 | Zig:19   | Identified the +5 whip of Imbalance {venom, Fragile +Blink
                  | Stlth+}
 60674 | Zig:20   | Entered Level 20 of a ziggurat
 60718 | Zig:20   | Identified the +7 chain mail "Usiulapt" {Str+2 Dex+3}
 60736 | Zig:20   | Identified the ring "Bunasm" {rPois rC+}
 60747 | Zig:20   | Identified the staff "Xiacu" {rElec MP+9 Dex+3 Stlth+ Air}
 60766 | Zig:20   | Learned a level 8 spell: Disjunction
 60769 | Zig:21   | Entered Level 21 of a ziggurat
 60807 | Zig:21   | Found the +3 greatsling "Punk" {acid, rCorr}
 60833 | Zig:21   | Identified the ring "Zoyrchel" {Ice rN+ Will+ Int+2 Dex+3}
 60854 | Zig:21   | Identified the ring "Udiok" {rF+ Str+8 Int-3 Dex-4 Stlth+}
 60855 | Zig:21   | Identified the ring "Noud Sia" {Will+ AC+4 Stlth+}
 60860 | Zig:22   | Entered Level 22 of a ziggurat
 60901 | Zig:22   | Found the +7 great mace "Undeadhunter" {deathbane, rN+}
 60910 | Zig:22   | Identified the ring "Edwaqo" {rF+ Will+ MP-9 Stlth+}
 60911 | Zig:22   | Identified the +5 war axe of Fate {flame, rF+ Str+4}
 60936 | Zig:23   | Entered Level 23 of a ziggurat
 60958 | Zig:23   | Noticed Zironoc the pandemonium lord
 60960 | Zig:23   | Killed Zironoc the pandemonium lord
 61065 | Zig:23   | Found the +8 demon blade "Leech" {evervamp, Harm Drain rN+}
 61073 | Zig:23   | Identified the +3 orcbow "Kuppyt" {flame, rC++ rN+ Str+2
                  | Int-3 SInv}
 61074 | Zig:23   | Identified the amulet "Binkain" {Acrobat Rampage *Slow
                  | Regen+}
 61083 | Zig:23   | Identified the amulet "Ekkomea" {Faith rF+ rC+ Str-3 Int+2}
 61110 | Zig:24   | Entered Level 24 of a ziggurat
 61167 | Zig:24   | Found the +8 autumn katana {manifold assault}
 61187 | Zig:24   | Identified the staff "Isady Wedgh" {Str+4 Earth}
 61203 | Zig:24   | Identified the +10 war axe of Non Obstante Veredicto {holy,
                  | Fragile Str+2 Int+2}
 61218 | Zig:24   | Identified the +10 fire dragon scales "Kitai" {Drain rElec
                  | rF++ rC- rN++ Str+4}
 61230 | Zig:24   | Identified the staff "Xaos" {rElec rF+ Str-5 Int+3 Dex+3
                  | Fire}
 61234 | Zig:25   | Entered Level 25 of a ziggurat
 61280 | Zig:25   | Reached skill level 27 in Earth Magic
 61282 | Zig:25   | Noticed Yzuff the pandemonium lord
 61291 | Zig:25   | Killed Yzuff the pandemonium lord
 61292 | Zig:25   | Reached skill level 5 in Translocations
 61331 | Zig:25   | Identified the ring "Udwomo" {rF+ rC+ Str+4 SInv}
 61355 | Zig:25   | Identified the ring of the Duke {rF+ Int+6 Slay+4}
 61370 | Zig:26   | Entered Level 26 of a ziggurat
 61396 | Zig:26   | Reached skill level 10 in Translocations
 61421 | Zig:26   | Found the macabre finger necklace {Finger+ rN+}
 61429 | Zig:26   | Identified the amulet of the Duchess {Spirit rN++}
 61434 | Zig:26   | Identified the +3 ring mail of the Everdark {rPois rN+
                  | Dex+2 Stlth+}
 61437 | Zig:26   | Identified the ring of the Sky {*Slow rElec Str+6 Dex+5}
 61445 | Zig:26   | Identified the ring "Doit" {Fly rC+ AC+4 Str+2}
 61458 | Zig:26   | Identified the ring of Hunolos {*Slow rN+++ MP+9 EV+5
                  | Dex-2}
 61484 | Zig:27   | Entered Level 27 of a ziggurat
 61500 | Zig:27   | Noticed a dread lich
 61503 | Zig:27   | Killed a dread lich
 61512 | Zig:27   | Noticed an ancient lich
 61515 | Zig:27   | Killed an ancient lich
 61516 | Zig:27   | Reached skill level 15 in Translocations
 61516 | Zig:27   | Noticed an ancient lich
 61517 | Zig:27   | Noticed an ancient lich
 61518 | Zig:27   | Killed an ancient lich
 61519 | Zig:27   | Killed an ancient lich
 61519 | Zig:27   | Noticed a dread lich
 61522 | Zig:27   | Killed a dread lich
 61543 | Zig:27   | Found the +8 storm bow {elec, penet}
 61555 | Zig:27   | Identified the ring "Riren" {MP+9 Int+3 Stlth+}
 61575 | Zig:27   | Identified the ring "Dosch" {rF+ Will+ Int+4}
 61584 | Zig:27   | Identified the ring of Sakaent {Will+ EV+5}
 61624 | Depths:2 | Acquired 1125 gold pieces
 61625 | Depths:2 | Acquired a manual of Evocations
 61626 | Depths:2 | Acquired the +5 triple crossbow of Fomomm {speed, Str+5
                  | Stlth+}
 61627 | Depths:2 | Acquired a book of Cantrips
 61631 | Depths:2 | Learned a level 1 spell: Apportation
 61631 | Depths:2 | Acquired 766 gold pieces
 61632 | Depths:2 | Acquired the +2 cloak of Keum {rC+ Str+4}
 61642 | Zig:1    | Entered Level 1 of a ziggurat
 61660 | Zig:2    | Entered Level 2 of a ziggurat
 61683 | Zig:3    | Entered Level 3 of a ziggurat
 61713 | Zig:3    | Lost mutation: You are robust. (+10% HP) [potion of
                  | mutation]
 61713 | Zig:3    | Gained mutation: Your muscles are strong. (Str +4, Int/Dex
                  | -1) [potion of mutation]
 61713 | Zig:3    | Gained mutation: Your body sometimes deteriorates upon
                  | taking damage. [potion of mutation]
 61713 | Zig:3    | Gained mutation: Armour fits poorly on your strangely
                  | shaped body. [potion of mutation]
 61714 | Zig:3    | Lost mutation: Your muscles are strong. (Str +4, Int/Dex
                  | -1) [potion of mutation]
 61714 | Zig:3    | Lost mutation: Armour fits poorly on your strangely shaped
                  | body. [potion of mutation]
 61714 | Zig:3    | Gained mutation: You are robust. (+10% HP) [potion of
                  | mutation]
 61714 | Zig:3    | Gained mutation: You are somewhat resistant to further
                  | mutation. [potion of mutation]
 61715 | Zig:3    | Lost mutation: You are robust. (+10% HP) [potion of
                  | mutation]
 61715 | Zig:3    | Lost mutation: You are somewhat resistant to further
                  | mutation. [potion of mutation]
 61715 | Zig:3    | Lost mutation: Your body sometimes deteriorates upon taking
                  | damage. [potion of mutation]
 61715 | Zig:3    | Gained mutation: You are weak. (Str -2) [potion of
                  | mutation]
 61715 | Zig:3    | Gained mutation: You are robust. (+10% HP) [potion of
                  | mutation]
 61715 | Zig:3    | Gained mutation: You occasionally lose the ability to drink
                  | potions when taking damage. [potion of mutation]
 61715 | Zig:3    | Gained mutation: You have an increased reservoir of magic.
                  | (+10% MP) [potion of mutation]
 61716 | Zig:3    | Lost mutation: You have an increased reservoir of magic.
                  | (+10% MP) [potion of mutation]
 61716 | Zig:3    | Lost mutation: You are weak. (Str -2) [potion of mutation]
 61716 | Zig:3    | Gained mutation: Your flesh is heat resistant. (rF+)
                  | [potion of mutation]
 61716 | Zig:3    | Gained mutation: You are very robust. (+20% HP) [potion of
                  | mutation]
 61716 | Zig:3    | Lost mutation: Your flesh is heat resistant. (rF+) [potion
                  | of mutation]
 61717 | Zig:3    | Lost mutation: You occasionally lose the ability to drink
                  | potions when taking damage. [potion of mutation]
 61717 | Zig:3    | Lost mutation: You are very robust. (+20% HP) [potion of
                  | mutation]
 61717 | Zig:3    | Lost mutation: You are robust. (+10% HP) [potion of
                  | mutation]
 61717 | Zig:3    | Gained mutation: You do not regenerate when monsters are
                  | visible. [potion of mutation]
 61718 | Zig:3    | Lost mutation: You do not regenerate when monsters are
                  | visible. [potion of mutation]
 61718 | Zig:3    | Gained mutation: You are somewhat resistant to further
                  | mutation. [potion of mutation]
 61719 | Zig:3    | Lost mutation: You are somewhat resistant to further
                  | mutation. [potion of mutation]
 61719 | Zig:3    | Gained mutation: You are occasionally teleported next to
                  | monsters. [potion of mutation]
 61719 | Zig:3    | Gained mutation: You have large cloven feet. [potion of
                  | mutation]
 61720 | Zig:3    | Lost mutation: You are occasionally teleported next to
                  | monsters. [potion of mutation]
 61720 | Zig:3    | Lost mutation: You have large cloven feet. [potion of
                  | mutation]
 61720 | Zig:3    | Gained mutation: You have large cloven feet. [potion of
                  | mutation]
 61720 | Zig:3    | Gained mutation: Your spells are a little easier to cast,
                  | but a little less powerful. [potion of mutation]
 61720 | Zig:3    | Gained mutation: You occasionally lose the ability to read
                  | scrolls when taking damage. [potion of mutation]
 61720 | Zig:3    | Gained mutation: Your flesh is heat resistant. (rF+)
                  | [potion of mutation]
 61721 | Zig:3    | Lost mutation: You have large cloven feet. [potion of
                  | mutation]
 61721 | Zig:3    | Lost mutation: Your spells are a little easier to cast, but
                  | a little less powerful. [potion of mutation]
 61721 | Zig:3    | Lost mutation: Your flesh is heat resistant. (rF+) [potion
                  | of mutation]
 61721 | Zig:3    | Gained mutation: You passively dampen the noise of your
                  | surroundings. [potion of mutation]
 61721 | Zig:3    | Gained mutation: You are somewhat resistant to further
                  | mutation. [potion of mutation]
 61722 | Zig:3    | Lost mutation: You occasionally lose the ability to read
                  | scrolls when taking damage. [potion of mutation]
 61722 | Zig:3    | Lost mutation: You are somewhat resistant to further
                  | mutation. [potion of mutation]
 61722 | Zig:3    | Gained mutation: You are dopey. (Int -2) [potion of
                  | mutation]
 61722 | Zig:3    | Lost mutation: You are dopey. (Int -2) [potion of mutation]
 61722 | Zig:3    | Gained mutation: Your spells are a little harder to cast,
                  | but a little more powerful. [potion of mutation]
 61726 | Zig:4    | Entered Level 4 of a ziggurat
 61752 | Zig:4    | Identified the ring "Irhav" {Wiz rPois rC- rN+++}
 61763 | Zig:5    | Entered Level 5 of a ziggurat
 61814 | Zig:6    | Entered Level 6 of a ziggurat
 61817 | Zig:6    | Noticed a royal mummy
 61819 | Zig:6    | Killed a royal mummy
 61822 | Zig:6    | Noticed a royal mummy
 61824 | Zig:6    | Killed a royal mummy
 61871 | Zig:7    | Entered Level 7 of a ziggurat
 61915 | Zig:7    | Identified the ring of Miurie Naad {EV+5 Str-4 Dex+7
                  | Stlth+}
 61923 | Zig:8    | Entered Level 8 of a ziggurat
 61931 | Zig:8    | Reached skill level 27 in Fire Magic
 61934 | Zig:8    | Noticed a royal mummy
 61937 | Zig:8    | Killed a royal mummy
 61948 | Zig:8    | Found the +10 dark maul {heavy}
 61973 | Zig:9    | Entered Level 9 of a ziggurat
 61987 | Zig:9    | Found the +3 warlock's mirror {omnireflect}
 62018 | Zig:9    | Identified the +1 pair of gloves of an ice cave {rF+ Will+}
 62023 | Zig:9    | Identified the +2 robe "Pyv Goty" {Rampage rPois Stlth+}
 62028 | Zig:10   | Entered Level 10 of a ziggurat
 62054 | Zig:10   | Identified the +2 ring mail of Dishonesty {rC+}
 62067 | Zig:10   | Identified the staff of Drought {+Blink rElec rF- Will++
                  | Int+2 Air}
 62072 | Zig:11   | Entered Level 11 of a ziggurat
 62085 | Zig:11   | Noticed a dread lich
 62101 | Zig:11   | Killed a dread lich
 62199 | Zig:11   | Found the +9 sword of Zonguldrok {reap}
 62199 | Zig:11   | Found the amulet of the Air {Inacc Air Fly rElec RMsl}
 62220 | Zig:11   | Identified the +4 scale mail "Oluppe" {*Corrode Dex+4}
 62226 | Zig:11   | Identified the ring of Esieteni {rC+ rCorr}
 62250 | Zig:12   | Entered Level 12 of a ziggurat
 62274 | Zig:12   | Found the +5 demon whip "Spellbinder" {antimagic, disrupt,
                  | Will+}
 62282 | Zig:12   | Identified the amulet of Rotoa {Acrobat Str+2 Int+3}
 62298 | Zig:12   | Identified the +0 dagger of the Well-Known Coins {heavy,
                  | rPois}
 62303 | Zig:13   | Entered Level 13 of a ziggurat
 62360 | Zig:14   | Entered Level 14 of a ziggurat
 62389 | Zig:14   | Found the +3 Mad Mage's Maulers {Infuse+∞ VampMP -Cast}
 62404 | Zig:14   | Identified the +0 mace of Dawn {flame, Fly rC+ Dex-2
                  | Stlth+}
 62424 | Zig:14   | Identified the +10 mace of Light {drain, rC++ Will- Stlth+}
 62429 | Zig:14   | Identified the +2 battleaxe of Ogrez {heavy, rElec rPois
                  | rF+ rC-}
 62444 | Zig:15   | Entered Level 15 of a ziggurat
 62480 | Zig:15   | Identified the +11 hand axe of the Hall of Blades {spect,
                  | *Slow rN+ Dex+4}
 62493 | Zig:15   | Identified the +9 dagger of Pestilence {flame, *Noise
                  | +Blink Str+4 Stlth+}
 62504 | Zig:15   | Identified the +6 scale mail "Ogaqoat" {+Inv}
 62525 | Zig:16   | Entered Level 16 of a ziggurat
 62543 | Zig:16   | Reached skill level 10 in Ice Magic
 62544 | Zig:16   | Killed an ancient lich
 62680 | Zig:16   | Identified the staff "Silum" {rF++ rC+ Ice}
 62681 | Zig:16   | Identified the +7 mace of Diry {freeze, Drain +Blink rPois
                  | Dex-2}
 62713 | Zig:17   | Entered Level 17 of a ziggurat
 62724 | Zig:17   | Noticed a juggernaut
 62728 | Zig:17   | Killed a juggernaut
 62729 | Zig:17   | Noticed a juggernaut
 62731 | Zig:17   | Killed a juggernaut
 62745 | Zig:17   | Identified the +1 plate armour of Tomorrow {Will- Int+3
                  | Dex+4}
 62753 | Zig:17   | Identified the +0 robe "Horherch" {-Cast rPois Dex+7 SInv}
 62767 | Zig:17   | Identified the +9 dagger of Faciw {flame, rF+ Dex+4}
 62771 | Zig:17   | Identified the staff "Roimneant" {rElec rF+ rCorr Int+6
                  | Fire}
 62776 | Zig:18   | Entered Level 18 of a ziggurat
 62792 | Zig:18   | Reached skill level 15 in Ice Magic
 62812 | Zig:18   | Identified the amulet "Riluwis" {Regen+ rCorr}
 62843 | Zig:18   | Identified the +4 chain mail of Inevitability {rC- rN+
                  | Regen+}
 62859 | Zig:18   | Learned a level 3 spell: Swiftness
 62869 | Zig:19   | Entered Level 19 of a ziggurat
 62935 | Zig:19   | Identified the amulet "Tivinwuari" {Harm Fly rPois Regen+}
 62939 | Zig:19   | Identified the ring "Lyos" {Wiz Fly}
 62953 | Zig:19   | Identified the +3 plate armour of Ethereal Beauty {rC++
                  | Regen+ Dex-3 SInv}
 62958 | Zig:20   | Entered Level 20 of a ziggurat
 62973 | Zig:20   | Reached skill level 1 in Shapeshifting
 62985 | Zig:20   | Reached skill level 5 in Shapeshifting
 63011 | Zig:20   | Found the amulet of Vitality {RegenMP++ Regen++}
 63019 | Zig:20   | Identified the +3 rapier of Durable Tender Mercy {drain,
                  | *Rage Int+2 SInv}
 63022 | Zig:20   | Identified the +6 scimitar of Circularity {freeze, Int+2}
 63039 | Zig:20   | Identified the +4 ring mail of Caodila {Int+4}
 63052 | Zig:20   | Identified the ring of Quah {Dex+6 Stlth+}
 63088 | Zig:20   | Identified the ring of Xodiuff {Ice Str+4 Int+6}
 63100 | Zig:20   | Identified the staff "Avukasuco" {Dex+4 Conj}
 63135 | Zig:21   | Entered Level 21 of a ziggurat
 63161 | Zig:21   | Reached skill level 10 in Shapeshifting
 63175 | Zig:21   | Noticed Osteca the pandemonium lord
 63176 | Zig:21   | Killed Osteca the pandemonium lord
 63222 | Zig:21   | Identified the ring "Tapri" {rPois rF+ Int+6 Dex+5}
 63226 | Zig:21   | Identified the +6 glaive of Chaos {heavy, rC++}
 63241 | Zig:21   | Identified the +3 leather armour of Wu Jian's Pride {rF++
                  | rN+ Int+3 Dex-4}
 63252 | Zig:21   | Identified the +3 plate armour of the Lizard {rPois Str+3
                  | Int+4}
 63255 | Zig:21   | Identified the ring "Taotsyt" {rF+++ rCorr AC+4 Str-2
                  | Dex-2}
 63260 | Zig:22   | Entered Level 22 of a ziggurat
 63282 | Zig:22   | Noticed Himmaryad's ghost (adept TrMo)
 63284 | Zig:22   | Noticed Reun's ghost (legendary GrEE)
 63284 | Zig:22   | Noticed thechecker02's ghost (master DDFi)
 63285 | Zig:22   | Killed Himmaryad's ghost
 63294 | Zig:22   | Killed Amikeex's ghost
 63294 | Zig:22   | Noticed Likado's ghost (legendary GnSk)
 63295 | Zig:22   | Killed Totuz's ghost
 63295 | Zig:22   | Noticed Anafel's ghost (legendary GrFi)
 63296 | Zig:22   | Killed Anafel's ghost
 63296 | Zig:22   | Killed Fenir's ghost
 63296 | Zig:22   | Killed Teaz Xo Upt's ghost
 63298 | Zig:22   | Killed Likado's ghost
 63298 | Zig:22   | Noticed melllvar's ghost (legendary MiBe)
 63299 | Zig:22   | Noticed Xaowkis's ghost (legendary GnWr)
 63299 | Zig:22   | Killed Sext's ghost
 63300 | Zig:22   | Killed melllvar's ghost
 63300 | Zig:22   | Killed Rirumasy's ghost
 63301 | Zig:22   | Killed Xaowkis's ghost
 63303 | Zig:22   | Noticed Joizeul's ghost (veteran MiBe)
 63304 | Zig:22   | Noticed Totuz's ghost (legendary HOFi)
 63304 | Zig:22   | Noticed astronautguy's ghost (legendary FoEE)
 63305 | Zig:22   | Killed Joizeul's ghost
 63305 | Zig:22   | Killed Totuz's ghost
 63306 | Zig:22   | Killed Waohesse's ghost
 63307 | Zig:22   | Killed astronautguy's ghost
 63310 | Zig:22   | Noticed Nenig's ghost (legendary GnFi)
 63311 | Zig:22   | Killed Zeph's ghost
 63313 | Zig:22   | Killed Nenig's ghost
 63313 | Zig:22   | Noticed scarywalker64's ghost (legendary GrEE)
 63314 | Zig:22   | Killed scarywalker64's ghost
 63329 | Zig:22   | Killed thechecker02's ghost
 63348 | Zig:22   | Killed Reun's ghost
 63377 | Zig:22   | Found the +3 pair of seven-league boots {Rampage+∞}
 63378 | Zig:22   | Found the +8 mithril axe "Arga" {speed, Will+}
 63446 | Zig:23   | Entered Level 23 of a ziggurat
 63460 | Zig:23   | Reached skill level 15 in Shapeshifting
 63503 | Zig:23   | Found the ring of the Octopus King
 63512 | Zig:23   | Identified the +1 orcbow of Inference {freeze, rC+++ Dex+2}
 63526 | Zig:23   | Identified the +0 pair of gloves of Perfidy {rF+ rN++
                  | Dex-5}
 63537 | Zig:23   | Identified a ring of the Octopus King {Fly HP+2 AC+2 EV+2
                  | SH+2}
 63549 | Zig:24   | Entered Level 24 of a ziggurat
 63561 | Zig:24   | Noticed a royal mummy
 63561 | Zig:24   | Noticed a royal mummy
 63571 | Zig:24   | Killed a royal mummy
 63572 | Zig:24   | Killed a royal mummy
 63574 | Zig:24   | Noticed a royal mummy
 63576 | Zig:24   | Noticed a royal mummy
 63577 | Zig:24   | Killed a royal mummy
 63578 | Zig:24   | Killed a royal mummy
 63581 | Zig:24   | Noticed a royal mummy
 63583 | Zig:24   | Noticed a royal mummy
 63584 | Zig:24   | Killed a royal mummy
 63585 | Zig:24   | Killed a royal mummy
 63585 | Zig:24   | Noticed a royal mummy
 63587 | Zig:24   | Killed a royal mummy
 63590 | Zig:24   | Noticed a royal mummy
 63591 | Zig:24   | Killed a royal mummy
 63591 | Zig:24   | Noticed a royal mummy
 63593 | Zig:24   | Killed a royal mummy
 63605 | Zig:24   | Killed a royal mummy
 63606 | Zig:24   | Killed a royal mummy
 63608 | Zig:24   | Noticed a royal mummy
 63610 | Zig:24   | Killed a royal mummy
 63611 | Zig:24   | Noticed a royal mummy
 63613 | Zig:24   | Noticed a royal mummy
 63613 | Zig:24   | Noticed a royal mummy
 63614 | Zig:24   | Killed a royal mummy
 63614 | Zig:24   | Killed a royal mummy
 63615 | Zig:24   | Killed a royal mummy
 63615 | Zig:24   | Noticed a royal mummy
 63616 | Zig:24   | Killed a royal mummy
 63617 | Zig:24   | Killed a royal mummy
 63617 | Zig:24   | Noticed a royal mummy
 63619 | Zig:24   | Killed a royal mummy
 63619 | Zig:24   | Noticed a royal mummy
 63620 | Zig:24   | Noticed a royal mummy
 63620 | Zig:24   | Killed a royal mummy
 63620 | Zig:24   | Killed a royal mummy
 63625 | Zig:24   | Noticed a royal mummy
 63626 | Zig:24   | Killed a royal mummy
 63627 | Zig:24   | Killed a royal mummy
 63722 | Zig:24   | Identified the +1 pair of gloves of Kofomusa {rF++ rC+
                  | Str+3}
 63767 | Zig:24   | Identified the +2 mace "Jumputu" {holy, Int+5}
 63771 | Zig:24   | Identified the +9 hand axe "Vuox" {spect, +Blink rCorr
                  | Dex-4 SInv}
 63795 | Zig:25   | Entered Level 25 of a ziggurat
 63875 | Zig:25   | Identified the +7 longbow "Socatrum" {freeze, rPois SInv}
 63876 | Zig:25   | Identified the ring "Booni Tia" {rC+ rN+ Slay+3}
 63918 | Zig:26   | Entered Level 26 of a ziggurat
 63949 | Zig:26   | Noticed Vutriud the pandemonium lord
 63952 | Zig:26   | Killed Vutriud the pandemonium lord
 64054 | Zig:26   | Identified the ring of Damev {*Slow rCorr Str+4 Int+6}
 64061 | Zig:26   | Identified the +3 mace "Bappefic" {antimagic, rElec Dex+2}
 64065 | Zig:26   | Identified the amulet of the Past {Acrobat -Tele rCorr
                  | MP+9}
 64079 | Zig:26   | Identified the staff of Dried Tears {rElec Int+3 Dex+4 SInv
                  | Air}
 64120 | Zig:27   | Entered Level 27 of a ziggurat
 64137 | Zig:27   | Reached skill level 10 in Air Magic
 64159 | Zig:27   | Reached skill level 15 in Air Magic
 64197 | Zig:27   | Found the brooch of Shielding {Spirit SH+8}
 64208 | Zig:27   | Identified the +2 shortbow of the Freezing Blowfly {heavy,
                  | SInv}
 64212 | Zig:27   | Identified the +9 great sword "Egarusum" {antimagic, rPois
                  | rC+ Will+ Str+3}
 64241 | Zig:27   | Identified the ring of Coteid {Contam Str+2 Int+3 Dex+6}
 64246 | Zig:27   | Identified the +8 short sword of the Grand God {drain,
                  | *Rage Str+4 SInv Stlth+}
 64273 | Depths:2 | Acquired the scarf of the Unbroken {harm, Will+ Str+5}
 64286 | Depths:2 | Acquired a manual of Shields
 64548 | Vaults:3 | pee toime
 64822 | Zig:1    | Entered Level 1 of a ziggurat
 64839 | Zig:2    | Entered Level 2 of a ziggurat
 64859 | Zig:3    | Entered Level 3 of a ziggurat
 64870 | Zig:3    | Identified the amulet "Luazooca" {RegenMP rF++ Will- Int+4}
 64892 | Zig:4    | Entered Level 4 of a ziggurat
 64926 | Zig:5    | Entered Level 5 of a ziggurat
 64926 | Zig:5    | Noticed a juggernaut
 64927 | Zig:5    | Noticed a juggernaut
 64927 | Zig:5    | Noticed a juggernaut
 64928 | Zig:5    | Noticed a juggernaut
 64929 | Zig:5    | Killed a juggernaut
 64930 | Zig:5    | Killed a juggernaut
 64930 | Zig:5    | Killed a juggernaut
 64931 | Zig:5    | Reached skill level 15 in Dodging
 64931 | Zig:5    | Killed a juggernaut
 64948 | Zig:5    | Identified the +6 double sword "Demon's Funeral" {heavy,
                  | Str+3 Int+4}
 64956 | Zig:5    | Identified the +5 rapier "Hoygh" {freeze, *Corrode rF++
                  | SInv Stlth+}
 64965 | Zig:6    | Entered Level 6 of a ziggurat
 65012 | Zig:7    | Entered Level 7 of a ziggurat
 65020 | Zig:7    | Found the ring of the Mage {Wiz Archmagi}
 65038 | Zig:7    | Identified the +4 mace of Kaisush {heavy, +Blink Will-
                  | Int+3}
 65055 | Zig:8    | Entered Level 8 of a ziggurat
 65059 | Zig:8    | Noticed a dread lich
 65061 | Zig:8    | Killed a dread lich
 65061 | Zig:8    | Killed an ancient lich
 65061 | Zig:8    | Killed an ancient lich
 65064 | Zig:8    | Noticed an ancient lich
 65065 | Zig:8    | Killed an ancient lich
 65110 | Zig:9    | Entered Level 9 of a ziggurat
 65150 | Zig:9    | Identified the +0 arbalest "Gaixas" {flame, Dex+3}
 65151 | Zig:9    | Identified the +3 halberd of Defiance {speed, Will+ Dex+2}
 65163 | Zig:10   | Entered Level 10 of a ziggurat
 65230 | Zig:10   | Identified the amulet of the Genius {Faith -Tele Will++}
 65243 | Zig:11   | Entered Level 11 of a ziggurat
 65253 | Zig:11   | Noticed a royal mummy
 65255 | Zig:11   | Killed a royal mummy
 65257 | Zig:11   | Noticed a royal mummy
 65258 | Zig:11   | Killed a royal mummy
 65374 | Zig:11   | Identified the ring of Yloammik {Wiz Will+}
 65377 | Zig:11   | Identified the amulet "Laoniq" {Faith rElec rPois Dex+2}
 65383 | Zig:11   | Identified the ring of Neiffu {Int+6 Stlth+}
 65397 | Zig:12   | Entered Level 12 of a ziggurat
 65411 | Zig:12   | Noticed Qotez the pandemonium lord
 65412 | Zig:12   | Killed Qotez the pandemonium lord
 65445 | Zig:12   | Identified the +8 chain mail of the Fortifying Knives
                  | {rElec}
 65458 | Zig:12   | Identified the staff of Uskayaw's Reproof {rPois rF+ Dex+4
                  | Fire}
 65469 | Zig:13   | Entered Level 13 of a ziggurat
 65515 | Zig:13   | Identified the ring of Toifeeczuss {rPois Will++ Str+6
                  | Int+2 SInv Stlth-}
 65540 | Zig:14   | Entered Level 14 of a ziggurat
 65573 | Zig:14   | Identified the +8 lajatang "Orb Guardian's Curse" {holy,
                  | *Rage rCorr Int+5 SInv}
 65574 | Zig:14   | Identified the +0 war axe of Tacrejakk {flame, *Noise Fly
                  | rF++ MP+9}
 65598 | Zig:14   | Identified the +9 sling "Demonspawn's Doom" {heavy, Dex+3}
 65606 | Zig:14   | Identified the +10 hand axe "Jufu" {antimagic, rC+ Will-
                  | Str+3 SInv}
 65620 | Zig:15   | Entered Level 15 of a ziggurat
 65655 | Zig:15   | Reached skill level 27 in Ice Magic
 65703 | Zig:15   | Identified the amulet "Ginet" {Acrobat rC+ rN+++ rCorr
                  | Str-2}
 65712 | Zig:15   | Identified the +0 ring mail of Summertime {Dex+2}
 65725 | Zig:16   | Entered Level 16 of a ziggurat
 65732 | Zig:16   | Noticed Supiyska the pandemonium lord
 65737 | Zig:16   | Killed Supiyska the pandemonium lord
 65737 | Zig:16   | Noticed Ziwyow the pandemonium lord
 65738 | Zig:16   | Noticed Lagiup the pandemonium lord
 65740 | Zig:16   | Killed Ziwyow the pandemonium lord
 65742 | Zig:16   | Killed Lagiup the pandemonium lord
 65743 | Zig:16   | Noticed Dataun the pandemonium lord
 65744 | Zig:16   | Noticed Cab Biok the pandemonium lord
 65744 | Zig:16   | Killed Dataun the pandemonium lord
 65744 | Zig:16   | Noticed Loyrhie the pandemonium lord
 65745 | Zig:16   | Killed Loyrhie the pandemonium lord
 65745 | Zig:16   | Killed Qeotulig the pandemonium lord
 65746 | Zig:16   | Killed Cab Biok the pandemonium lord
 65748 | Zig:16   | Noticed Ototz the pandemonium lord
 65750 | Zig:16   | Noticed Kurim the pandemonium lord
 65750 | Zig:16   | Killed Ototz the pandemonium lord
 65751 | Zig:16   | Killed Kurim the pandemonium lord
 65751 | Zig:16   | Noticed Uriaw the pandemonium lord
 65752 | Zig:16   | Killed Uriaw the pandemonium lord
 65752 | Zig:16   | Killed Toaqayng the pandemonium lord
 65757 | Zig:16   | Killed Giosyjis the pandemonium lord
 65764 | Zig:16   | Noticed Oniwylue the pandemonium lord
 65765 | Zig:16   | Killed Oniwylue the pandemonium lord
 65768 | Zig:16   | Noticed Vurphiz the pandemonium lord
 65769 | Zig:16   | Killed Zulag the pandemonium lord
 65770 | Zig:16   | Killed Vurphiz the pandemonium lord
 65772 | Zig:16   | Noticed Xarorr the pandemonium lord
 65773 | Zig:16   | Killed Xarorr the pandemonium lord
 65776 | Zig:16   | Killed Hixtameong the pandemonium lord
 65802 | Zig:16   | Found the ring of the Octopus King
 65820 | Zig:16   | Identified a ring of the Octopus King {rCorr HP+2 AC+2 EV+2
                  | SH+2}
 65823 | Zig:16   | Identified the +5 quarterstaff of Valiance {flame, Int+3}
 65838 | Zig:17   | Entered Level 17 of a ziggurat
 65854 | Zig:17   | Noticed a juggernaut
 65858 | Zig:17   | Killed a juggernaut
 65861 | Zig:17   | Noticed a juggernaut
 65862 | Zig:17   | Noticed a juggernaut
 65864 | Zig:17   | Killed a juggernaut
 65864 | Zig:17   | Killed a juggernaut
 65867 | Zig:17   | Noticed a juggernaut
 65869 | Zig:17   | Killed a juggernaut
 65918 | Zig:17   | Identified the +2 robe of Resilience {+Blink rElec rPois}
 65919 | Zig:17   | Identified the +7 spear of TittyCrusher's Misery {freeze,
                  | rF+}
 65926 | Zig:17   | Identified the staff "Onkistur" {rC+ Will+ Ice}
 65931 | Zig:17   | Identified the +1 whip of Conformity {venom, rCorr Str+7}
 65940 | Zig:17   | Identified the +1 ring mail of the Winnowing Gods {rCorr
                  | Str+2 Dex+3}
 65941 | Zig:17   | Identified the +10 falchion "Miemeuw" {elec, Int+4 Stlth+}
 65949 | Zig:18   | Entered Level 18 of a ziggurat
 65966 | Zig:18   | Noticed an ancient lich
 65968 | Zig:18   | Killed an ancient lich
 66033 | Zig:18   | Identified the ring of Doubts {*Corrode Dex+4 SInv}
 66069 | Zig:18   | Identified the +1 trident of Mandamus {heavy, rC+ Str+3}
 66073 | Zig:19   | Entered Level 19 of a ziggurat
 66092 | Zig:19   | Reached skill level 27 in Dodging
 66155 | Zig:19   | Identified the +5 great mace of Demand {freeze, Dex+5}
 66161 | Zig:19   | Identified the staff "Inifuish" {rC+ rN+ Str+2 Necro Ice}
 66166 | Zig:19   | Identified the +3 scimitar of Ointment {vamp, Will- rCorr
                  | Int+2}
 66171 | Zig:19   | Identified the +2 robe of Patterns {rN+ Int-3 Dex+5 Stlth+}
 66184 | Zig:19   | Identified the staff of Watchfulness {rF+ rC+ Int+3 Dex+3
                  | Ice}
 66187 | Zig:19   | Identified the +1 lajatang of the Pill Bug {speed, rN+
                  | Str+4 Stlth+}
 66191 | Zig:20   | Entered Level 20 of a ziggurat
 66239 | Zig:20   | Identified the +0 leather armour of Hibb {*Slow Str+4
                  | Dex+2}
 66268 | Zig:20   | Identified the staff "Cecyff" {rF+ Dex+3 Earth}
 66275 | Zig:21   | Entered Level 21 of a ziggurat
 66285 | Zig:21   | Noticed an ancient lich
 66288 | Zig:21   | Killed an ancient lich
 66290 | Zig:21   | Noticed a dread lich
 66292 | Zig:21   | Killed a dread lich
 66295 | Zig:21   | Noticed a dread lich
 66297 | Zig:21   | Killed a dread lich
 66298 | Zig:21   | Noticed an ancient lich
 66300 | Zig:21   | Killed an ancient lich
 66300 | Zig:21   | Noticed an ancient lich
 66301 | Zig:21   | Noticed a dread lich
 66302 | Zig:21   | Killed an ancient lich
 66303 | Zig:21   | Noticed an ancient lich
 66303 | Zig:21   | Noticed an ancient lich
 66304 | Zig:21   | Killed a dread lich
 66304 | Zig:21   | Killed an ancient lich
 66304 | Zig:21   | Noticed a dread lich
 66305 | Zig:21   | Killed a dread lich
 66305 | Zig:21   | Killed an ancient lich
 66305 | Zig:21   | Noticed an ancient lich
 66306 | Zig:21   | Noticed an ancient lich
 66306 | Zig:21   | Noticed an ancient lich
 66307 | Zig:21   | Killed an ancient lich
 66310 | Zig:21   | Killed an ancient lich
 66310 | Zig:21   | Killed an ancient lich
 66328 | Zig:21   | Identified the ring "Ziugrar" {rElec MP+9 Int+3}
 66382 | Zig:22   | Entered Level 22 of a ziggurat
 66399 | Zig:22   | Noticed a dread lich
 66400 | Zig:22   | Noticed an ancient lich
 66401 | Zig:22   | Killed an ancient lich
 66402 | Zig:22   | Killed a dread lich
 66405 | Zig:22   | Noticed an ancient lich
 66406 | Zig:22   | Noticed a dread lich
 66407 | Zig:22   | Noticed an ancient lich
 66407 | Zig:22   | Noticed a dread lich
 66409 | Zig:22   | Killed an ancient lich
 66409 | Zig:22   | Killed a dread lich
 66411 | Zig:22   | Killed a dread lich
 66413 | Zig:22   | Killed an ancient lich
 66419 | Zig:22   | Found the +3 crown of Dyrovepreva {rElec Int+2 SInv}
 66436 | Zig:22   | Identified the ring of Foopraff {Str+5 Int+6}
 66439 | Zig:22   | Identified the ring "Yfeoff" {Drain rC+++ Str+6 Stlth+}
 66440 | Zig:22   | Identified the +4 glaive of Context {drain, rC+ Dex-2
                  | Stlth+}
 66453 | Zig:22   | Identified the ring of Tuud {rPois Str+6 Dex+3 SInv}
 66459 | Zig:22   | Identified the +1 scale mail of Relativism {rPois Str+3
                  | SInv}
 66460 | Zig:22   | Identified the +1 robe of Fortitude {rC++ Str+3 Int+2
                  | Stlth-}
 66477 | Zig:23   | Entered Level 23 of a ziggurat
 66490 | Zig:23   | Noticed a dread lich
 66494 | Zig:23   | Killed a dread lich
 66495 | Zig:23   | Noticed a dread lich
 66497 | Zig:23   | Noticed an ancient lich
 66497 | Zig:23   | Noticed an ancient lich
 66497 | Zig:23   | Noticed a dread lich
 66498 | Zig:23   | Noticed a dread lich
 66498 | Zig:23   | Noticed an ancient lich
 66498 | Zig:23   | Noticed a dread lich
 66499 | Zig:23   | Noticed a dread lich
 66499 | Zig:23   | Noticed a dread lich
 66500 | Zig:23   | Killed a dread lich
 66500 | Zig:23   | Killed a dread lich
 66500 | Zig:23   | Killed an ancient lich
 66500 | Zig:23   | Noticed an ancient lich
 66501 | Zig:23   | Killed an ancient lich
 66501 | Zig:23   | Killed an ancient lich
 66501 | Zig:23   | Killed a dread lich
 66501 | Zig:23   | Killed a dread lich
 66501 | Zig:23   | Killed a dread lich
 66504 | Zig:23   | Noticed a dread lich
 66505 | Zig:23   | Killed a dread lich
 66505 | Zig:23   | Killed an ancient lich
 66507 | Zig:23   | Noticed a dread lich
 66509 | Zig:23   | Killed a dread lich
 66509 | Zig:23   | Killed a dread lich
 66510 | Zig:23   | Reached skill level 27 in Shapeshifting
 66515 | Zig:23   | Found the +2 hat of the Bear Spirit {Spirit, Bear, *Rage
                  | Will++}
 66542 | Zig:23   | Identified the ring of the Middle {Contam rC+ Str+3 Int+6
                  | Stlth+}
 66546 | Zig:23   | Identified the ring of Recibreo {Wiz Dex+5}
 66559 | Zig:23   | Identified the ring of Untruth {rElec rPois Str+3}
 66564 | Zig:23   | Identified the +1 shortbow of Unreason {heavy, Will+}
 66578 | Zig:24   | Entered Level 24 of a ziggurat
 66599 | Zig:24   | Noticed a juggernaut
 66599 | Zig:24   | Noticed a juggernaut
 66600 | Zig:24   | Noticed a juggernaut
 66603 | Zig:24   | Reached skill level 15 in Evocations
 66603 | Zig:24   | Killed a juggernaut
 66603 | Zig:24   | Killed a juggernaut
 66603 | Zig:24   | Killed a juggernaut
 66603 | Zig:24   | Noticed a juggernaut
 66606 | Zig:24   | Noticed a juggernaut
 66606 | Zig:24   | Noticed a juggernaut
 66608 | Zig:24   | Killed a juggernaut
 66610 | Zig:24   | Killed a juggernaut
 66611 | Zig:24   | Killed a juggernaut
 66614 | Zig:24   | Found the +5 scythe "Finisher" {speed, execute}
 66672 | Zig:24   | Identified the +6 scale mail "Yrauq" {Rampage Will- Regen+
                  | MP+9}
 66688 | Zig:24   | Identified the +9 scimitar of the Ass {flame, Fly rF- rC+++
                  | Str+5}
 66690 | Zig:24   | Identified the +6 flail of Unpleasantness {freeze, Stlth+}
 66697 | Zig:24   | Identified the +7 dire flail of Aclojo Lokurch {flame, rN+
                  | rCorr}
 66700 | Zig:24   | Identified the staff "Newtbane" {+Blink rPois Int-2 Dex+2
                  | Poison}
 66713 | Zig:25   | Entered Level 25 of a ziggurat
 66726 | Zig:25   | Noticed Bojavazo's ghost (legendary OpWn)
 66746 | Zig:25   | Noticed Boduf's ghost (legendary FoHu)
 66747 | Zig:25   | Noticed Waohesse's ghost (legendary VSFi)
 66747 | Zig:25   | Noticed thechecker02's ghost (master DDFi)
 66749 | Zig:25   | Killed Boduf's ghost
 66749 | Zig:25   | Noticed Giojuova's ghost (legendary GnBe)
 66751 | Zig:25   | Killed Waohesse's ghost
 66751 | Zig:25   | Noticed Reun's ghost (legendary GrEE)
 66751 | Zig:25   | Noticed Fenir's ghost (legendary GnAE)
 66751 | Zig:25   | Noticed Hacvoq's ghost (legendary HOFi)
 66752 | Zig:25   | Killed Bojavazo's ghost
 66752 | Zig:25   | Killed Giojuova's ghost
 66753 | Zig:25   | Noticed scarywalker64's ghost (veteran BaSu)
 66755 | Zig:25   | Killed Fenir's ghost
 66755 | Zig:25   | Killed Reun's ghost
 66755 | Zig:25   | Killed Hacvoq's ghost
 66755 | Zig:25   | Killed thechecker02's ghost
 66756 | Zig:25   | Killed scarywalker64's ghost
 66756 | Zig:25   | Killed Micuom's ghost
 66756 | Zig:25   | Noticed stevelinton's ghost (legendary KoBe)
 66758 | Zig:25   | Killed stevelinton's ghost
 66759 | Zig:25   | Noticed deprived's ghost (legendary HOFi)
 66759 | Zig:25   | Noticed Talannal's ghost (legendary GnHW)
 66759 | Zig:25   | Noticed Oreexun's ghost (legendary DECj)
 66759 | Zig:25   | Noticed Rirumasy's ghost (legendary OpWn)
 66762 | Zig:25   | Killed Talannal's ghost
 66763 | Zig:25   | Killed deprived's ghost
 66764 | Zig:25   | Killed Oreexun's ghost
 66765 | Zig:25   | Noticed Heartburn's ghost (veteran MiFi)
 66765 | Zig:25   | Noticed Ubraesch's ghost (adept TrMo)
 66767 | Zig:25   | Killed Ubraesch's ghost
 66767 | Zig:25   | Noticed Kucykkydd's ghost (legendary MiFi)
 66769 | Zig:25   | Killed Heartburn's ghost
 66773 | Zig:25   | Noticed Joizeul's ghost (veteran MiBe)
 66775 | Zig:25   | Killed Kucykkydd's ghost
 66775 | Zig:25   | Noticed Ubraesch's ghost (adept TrMo)
 66776 | Zig:25   | Killed Rirumasy's ghost
 66778 | Zig:25   | Noticed Hacvoq's ghost (legendary HOFi)
 66778 | Zig:25   | Killed Joizeul's ghost
 66778 | Zig:25   | Killed Ubraesch's ghost
 66779 | Zig:25   | Noticed Ebassic's ghost (veteran GrFi)
 66779 | Zig:25   | Noticed thechecker02's ghost (legendary DDFi)
 66781 | Zig:25   | Killed Hacvoq's ghost
 66781 | Zig:25   | Noticed Cethinn's ghost (legendary HOCA)
 66781 | Zig:25   | Noticed Ciweycke's ghost (legendary VSBr)
 66783 | Zig:25   | Killed thechecker02's ghost
 66784 | Zig:25   | Killed Ciweycke's ghost
 66785 | Zig:25   | Noticed Veodywke's ghost (legendary MiBe)
 66785 | Zig:25   | Noticed meatyocre's ghost (veteran TrFi)
 66785 | Zig:25   | Noticed Veodywke's ghost (legendary MiBe)
 66787 | Zig:25   | Killed Cethinn's ghost
 66787 | Zig:25   | Killed Xutext's ghost
 66787 | Zig:25   | Killed Ebassic's ghost
 66787 | Zig:25   | Noticed Gemnonof's ghost (adept DgCj)
 66788 | Zig:25   | Killed meatyocre's ghost
 66789 | Zig:25   | Killed Veodywke's ghost
 66791 | Zig:25   | Killed Veodywke's ghost
 66793 | Zig:25   | Noticed Likado's ghost (legendary GnSk)
 66794 | Zig:25   | Killed Gemnonof's ghost
 66797 | Zig:25   | Killed andrewp's ghost
 66799 | Zig:25   | Killed Likado's ghost
 66811 | Zig:25   | Noticed Ecsetopt's ghost (legendary BaWn)
 66812 | Zig:25   | Noticed Piginabag's ghost (legendary DsSk)
 66815 | Zig:25   | Killed Hewasun's ghost
 66817 | Zig:25   | Killed Ecsetopt's ghost
 66821 | Zig:25   | Killed Piginabag's ghost
 66858 | Zig:25   | Identified the ring of Bean Bui {Int+4 Dex+6 Slay+3}
 66871 | Zig:25   | Identified the +9 mace of Mens Rea {drain, rCorr Str+2}
 66877 | Zig:25   | Identified the ring of Gaggust {rF+ Str-2 Dex+2 Slay+3
                  | Stlth+}
 66888 | Zig:25   | Identified the +11 falchion "Roich" {freeze, rElec rF++ rC-
                  | Str+3}
 66900 | Zig:25   | Identified the +1 helmet of the Mantidfly {rF- Str+4}
 66903 | Zig:25   | Identified the +3 sling of Regicide {drain, rF- rC+ Str+9
                  | Dex-4}
 66918 | Zig:25   | Learned a level 4 spell: Passage of Golubria
 66921 | Zig:25   | Learned a level 2 spell: Wereblood
 66928 | Zig:26   | Entered Level 26 of a ziggurat
 66950 | Zig:26   | Noticed a juggernaut
 66953 | Zig:26   | Noticed a juggernaut
 66953 | Zig:26   | Killed a juggernaut
 66954 | Zig:26   | Noticed a juggernaut
 66954 | Zig:26   | Found the +4 consecrated labrys {holy, Valiant Fragile Fly
                  | SInv}
 66955 | Zig:26   | Noticed a juggernaut
 66956 | Zig:26   | Killed a juggernaut
 66956 | Zig:26   | Noticed a juggernaut
 66958 | Zig:26   | Killed a juggernaut
 66961 | Zig:26   | Killed a juggernaut
 66963 | Zig:26   | Killed a juggernaut
 66964 | Zig:26   | Reached skill level 27 in Evocations
 66981 | Zig:26   | Found the amulet of the Four Winds {rN+ Will+++ Clar}
 67030 | Zig:26   | Identified the +7 great sword of Conversion {drain, rN+
                  | Will+ MP+9 Dex-2}
 67065 | Zig:26   | Identified the +10 glaive "Etun" {flame, Dex+4}
 67093 | Zig:26   | Identified the +6 battleaxe "Weidgh Pava" {heavy, Fragile
                  | Str+2 Int+3 SInv}
 67110 | Zig:27   | Entered Level 27 of a ziggurat
 67186 | Zig:27   | Identified the +0 morningstar of Plunder {freeze, rC+ rCorr
                  | Dex-2 Stlth+}
 67226 | Zig:27   | Identified the +1 lajatang of Viubben {antimagic, Str+2}
 67232 | Zig:27   | Identified the ring of Ikidoc {Will+ Int+6 Dex+3}
 67236 | Zig:27   | Identified the staff of Equivalence {rF+ rN+ rCorr Necro}
 67237 | Zig:27   | Identified the ring of Pydy {rF- EV+5 Str+3 Stlth+}
 67240 | Zig:27   | Identified the staff "Saf Xod" {rElec MP+9 Int+3 Air}
 67257 | Zig:27   | Identified the +8 short sword of Kevvi Mits {heavy, rF+
                  | MP+9}
 67280 | Depths:2 | Acquired the +10 crystal plate armour "Plog" {Int+2}
 67350 | Zig:1    | Entered Level 1 of a ziggurat
 67369 | Zig:2    | Entered Level 2 of a ziggurat
 67384 | Zig:2    | Identified the +2 long sword "Otuplon" {heavy, rF+ rC+}
 67395 | Zig:3    | Entered Level 3 of a ziggurat
 67414 | Zig:4    | Entered Level 4 of a ziggurat
 67417 | Zig:4    | Killed Cuc Keeg the pandemonium lord
 67448 | Zig:5    | Entered Level 5 of a ziggurat
 67451 | Zig:5    | Noticed Xino Ywk the pandemonium lord
 67453 | Zig:5    | Killed Xino Ywk the pandemonium lord
 67479 | Zig:6    | Entered Level 6 of a ziggurat
 67500 | Zig:6    | Reached skill level 5 in Axes
 67509 | Zig:6    | Found the +15 Maxwell's patent armour {-Cast -Tele rElec
                  | Will+ rCorr}
 67527 | Zig:6    | Identified the +8 whip of Hepharch {protect, Will++}
 67536 | Zig:6    | Identified the +0 leather armour of Puam {rPois}
 67551 | Zig:7    | Entered Level 7 of a ziggurat
 67571 | Zig:7    | Found the ring of the Hare {EV+10}
 67582 | Zig:7    | Identified the ring of Ciosmou {rPois Str+4 Dex+2}
 67589 | Zig:7    | Identified the ring of Dukhlef {rElec MP+9 Str-3 Int+4
                  | Dex+6}
 67601 | Zig:8    | Entered Level 8 of a ziggurat
 67615 | Zig:8    | Reached skill level 10 in Axes
 67640 | Zig:8    | Identified the staff "Zeucw" {rPois rF+ rC+ rN+ SInv Ice}
 67656 | Zig:9    | Entered Level 9 of a ziggurat
 67656 | Zig:9    | Noticed a dread lich
 67657 | Zig:9    | Killed a dread lich
 67725 | Zig:9    | Identified the +0 chain mail of Seock {rF- rN+ Str+8 Dex+3}
 67733 | Zig:10   | Entered Level 10 of a ziggurat
 67740 | Zig:10   | Noticed a juggernaut
 67742 | Zig:10   | Killed a juggernaut
 67748 | Zig:10   | Noticed a juggernaut
 67753 | Zig:10   | Killed a juggernaut
 67761 | Zig:10   | Reached skill level 15 in Axes
 67785 | Zig:10   | Identified the ring of Onemukh {rF+ rN+ Str+3}
 67818 | Zig:10   | Identified the +2 troll leather armour "Inipeugy" {rElec
                  | rF- rC+ rN+ Regen+}
 67833 | Zig:11   | Entered Level 11 of a ziggurat
 67903 | Zig:11   | Identified the staff "Beast's Undoing" {rPois rF+ Fire}
 67920 | Zig:12   | Entered Level 12 of a ziggurat
 67943 | Zig:12   | Killed Amav Qif the pandemonium lord
 67990 | Zig:12   | Identified the +7 arbalest "Gazoroep" {flame, Str+2}
 68001 | Zig:12   | Identified the ring "Keangoax" {Drain rCorr Int+2 Slay+4}
 68007 | Zig:12   | Identified the ring of Seroje {rC+ rN+ SInv}
 68021 | Zig:13   | Entered Level 13 of a ziggurat
 68078 | Zig:13   | Identified the +9 spear of the Curious Knives {heavy,
                  | Dex+5}
 68080 | Zig:13   | Identified the staff "Ymmetog" {Int+2 Earth}
 68087 | Zig:13   | Identified the ring of Paranoia {rN+ MP+9}
 68090 | Zig:13   | Identified the +3 glaive of Silatir {vamp, rC- rCorr Str+8
                  | Dex-3}
 68100 | Zig:13   | Identified the +5 great sword of Tuczodgh {speed, *Rage
                  | rC++ Str+2 Int+3}
 68107 | Zig:14   | Entered Level 14 of a ziggurat
 68159 | Zig:14   | Identified the staff of the Illusory Wars {rElec rF++ rC+
                  | rN+ Conj}
 68164 | Zig:14   | Identified the ring "Ugaret" {Wiz Int+5}
 68173 | Zig:14   | Identified the +10 longbow "Spider's Funeral" {drain, Str+2
                  | Int+5}
 68176 | Zig:14   | Identified the ring of Tese Xun {Contam rPois Will+++ rCorr
                  | Dex-5}
 68185 | Zig:14   | Identified the ring of Wargh {rF- rC+ Will+ Int+6 Dex+6}
 68190 | Zig:15   | Entered Level 15 of a ziggurat
 68200 | Zig:15   | Reached skill level 27 in Armour
 68232 | Zig:15   | Identified the +7 long sword "Spiderbane" {chaos, MP+9
                  | Str+4}
 68237 | Zig:15   | Identified the staff "Xigi" {Contam rN+ rCorr Str+4 Dex+5
                  | Necro}
 68239 | Zig:15   | Identified the ring of Etip {Ice rN+ rCorr}
 68243 | Zig:15   | Identified the -1 pair of gloves of the Sun {Contam rCorr
                  | Dex+3}
 68248 | Zig:15   | Identified the +3 war axe "Beastslayer" {freeze, rN+ MP+9}
 68258 | Zig:15   | Identified the +5 glaive of Emes {holy, rCorr}
 68261 | Zig:16   | Entered Level 16 of a ziggurat
 68275 | Zig:16   | Noticed an orb of fire
 68275 | Zig:16   | Noticed an orb of fire
 68275 | Zig:16   | Noticed an orb of fire
 68275 | Zig:16   | Noticed an orb of fire
 68277 | Zig:16   | Killed an orb of fire
 68277 | Zig:16   | Killed an orb of fire
 68277 | Zig:16   | Noticed an orb of fire
 68278 | Zig:16   | Killed an orb of fire
 68278 | Zig:16   | Killed an orb of fire
 68278 | Zig:16   | Killed an orb of fire
 68278 | Zig:16   | Killed an orb of fire
 68279 | Zig:16   | Noticed an orb of fire
 68279 | Zig:16   | Noticed an orb of fire
 68281 | Zig:16   | Killed an orb of fire
 68281 | Zig:16   | Noticed an orb of fire
 68281 | Zig:16   | Noticed an orb of fire
 68282 | Zig:16   | Killed an orb of fire
 68282 | Zig:16   | Noticed an orb of fire
 68283 | Zig:16   | Killed an orb of fire
 68283 | Zig:16   | Noticed an orb of fire
 68283 | Zig:16   | Noticed an orb of fire
 68284 | Zig:16   | Killed an orb of fire
 68284 | Zig:16   | Noticed an orb of fire
 68285 | Zig:16   | Killed an orb of fire
 68285 | Zig:16   | Killed an orb of fire
 68285 | Zig:16   | Killed an orb of fire
 68285 | Zig:16   | Killed an orb of fire
 68285 | Zig:16   | Killed an orb of fire
 68285 | Zig:16   | Killed an orb of fire
 68285 | Zig:16   | Noticed an orb of fire
 68286 | Zig:16   | Killed an orb of fire
 68287 | Zig:16   | Killed an orb of fire
 68302 | Zig:16   | Found the dreamshard necklace {Acrobat *Dream}
 68318 | Zig:16   | Identified the +1 ring mail of the Candlemaker {Will+
                  | Int+3}
 68323 | Zig:16   | Identified the ring "Virhucy" {Dex+6 Slay+6}
 68338 | Zig:16   | Identified the ring "Niron" {rN+ Dex+6 Slay+2}
 68385 | Zig:17   | Entered Level 17 of a ziggurat
 68403 | Zig:17   | Reached skill level 27 in Spellcasting
 68456 | Zig:17   | Identified the ring "Addes" {rF- rN++ Int+2 Slay+4 Stlth+}
 68462 | Zig:17   | Identified the +5 shortbow of the Vulture {elec, rCorr}
 68468 | Zig:17   | Identified the +3 lajatang of Vinietidgh {vamp, Fragile
                  | rN+++ Will+ Int+2}
 68477 | Zig:17   | Identified the +0 fire dragon scales of Undesirable Species
                  | {rF++ rC- rN+ Int+4 Dex-4}
 68507 | Zig:18   | Entered Level 18 of a ziggurat
 68552 | Zig:18   | Found the ring of the Octopus King
 68560 | Zig:18   | Identified the +8 great sword of Haasid {venom, rN+ MP+9
                  | Dex-5}
 68571 | Zig:18   | Identified the +3 hand axe of Anguish {flame, Int+2 Stlth+}
 68580 | Zig:18   | Identified the +6 scimitar of Parts Unknown {speed, rF+
                  | rC+}
 68589 | Zig:18   | Identified the +2 great sword of Might {vamp, Will- Str+7}
 68591 | Zig:18   | Identified a ring of the Octopus King {HP+2 MP+9 AC+2 EV+2
                  | SH+2}
 68598 | Zig:18   | Identified the +5 falchion of the Endless Expanse {vamp,
                  | rF+ rCorr Str+5 Dex+3}
 68600 | Zig:18   | Identified the +5 chain mail "Ukiwkeimo" {rPois Str+4
                  | Int-2}
 68611 | Zig:19   | Entered Level 19 of a ziggurat
 68629 | Zig:19   | Reached skill level 27 in Axes
 68657 | Zig:19   | Reached skill level 10 in Polearms
 68698 | Zig:19   | Identified the +0 leather armour of Somewhere Else {Dex+2
                  | Slay+3 Stlth-}
 68704 | Zig:19   | Identified the +6 halberd of the Battered Suns {drain,
                  | Will++ Dex+3}
 68705 | Zig:19   | Identified the +8 war axe of Terra Cotta {elec, rF++}
 68717 | Zig:20   | Entered Level 20 of a ziggurat
 68732 | Zig:20   | Noticed a dread lich
 68733 | Zig:20   | Killed a dread lich
 68733 | Zig:20   | Noticed an ancient lich
 68734 | Zig:20   | Noticed an ancient lich
 68734 | Zig:20   | Noticed a dread lich
 68735 | Zig:20   | Killed an ancient lich
 68736 | Zig:20   | Killed an ancient lich
 68736 | Zig:20   | Killed a dread lich
 68737 | Zig:20   | Noticed an ancient lich
 68739 | Zig:20   | Noticed a dread lich
 68740 | Zig:20   | Killed an ancient lich
 68741 | Zig:20   | Noticed a dread lich
 68742 | Zig:20   | Killed a dread lich
 68742 | Zig:20   | Noticed an ancient lich
 68744 | Zig:20   | Killed an ancient lich
 68744 | Zig:20   | Killed a dread lich
 68744 | Zig:20   | Killed an ancient lich
 68744 | Zig:20   | Killed a dread lich
 68744 | Zig:20   | Killed an ancient lich
 68745 | Zig:20   | Reached skill level 15 in Polearms
 68746 | Zig:20   | Killed an ancient lich
 68746 | Zig:20   | Noticed a dread lich
 68747 | Zig:20   | Killed a dread lich
 68752 | Zig:20   | Noticed a dread lich
 68753 | Zig:20   | Killed a dread lich
 68753 | Zig:20   | Killed an ancient lich
 68791 | Zig:20   | Identified the staff "Asepawn" {rElec rC- rN+ Dex+2 SInv
                  | Air}
 68803 | Zig:20   | Identified the amulet "Tecipsor" {rElec Regen+ Int+3 Dex-5
                  | SInv}
 68824 | Zig:21   | Entered Level 21 of a ziggurat
 68885 | Zig:21   | Found the +8 frozen axe "Frostbite" {freeze, freezing
                  | cloud, *Noise Fly rC+}
 68889 | Zig:21   | Found the +8 trishula "Condemnation" {holy, anguish, *Noise
                  | Fly rN+}
 68900 | Zig:21   | Identified the staff of Unreason {rPois rCorr Int+5 Poison}
 68903 | Zig:21   | Identified the +1 ring mail of Coysh {-Tele rF++ MP+9}
 68914 | Zig:21   | Identified the +11 glaive "Anifygor" {venom, rF+ Str+3}
 68920 | Zig:21   | Identified the +5 mace "Xyotuz" {freeze, Will+ rCorr}
 68926 | Zig:21   | Identified the +1 pair of boots "Wejut" {rC+ Will+}
 68961 | Zig:21   | Identified the +2 orcbow of Ragnarok {antimagic, rC+ rN+
                  | Dex-5}
 68965 | Zig:22   | Entered Level 22 of a ziggurat
 68975 | Zig:22   | Noticed a royal mummy
 68977 | Zig:22   | Killed a royal mummy
 68981 | Zig:22   | Noticed a royal mummy
 68982 | Zig:22   | Noticed a royal mummy
 68983 | Zig:22   | Killed a royal mummy
 68983 | Zig:22   | Noticed a royal mummy
 68983 | Zig:22   | Noticed a royal mummy
 68984 | Zig:22   | Noticed a royal mummy
 68985 | Zig:22   | Killed a royal mummy
 68985 | Zig:22   | Killed a royal mummy
 68987 | Zig:22   | Noticed a royal mummy
 68988 | Zig:22   | Killed a royal mummy
 68988 | Zig:22   | Killed a royal mummy
 68988 | Zig:22   | Noticed a royal mummy
 68989 | Zig:22   | Killed a royal mummy
 68989 | Zig:22   | Noticed a royal mummy
 68990 | Zig:22   | Noticed a dread lich
 68990 | Zig:22   | Noticed a royal mummy
 68990 | Zig:22   | Noticed a royal mummy
 68991 | Zig:22   | Killed a dread lich
 68991 | Zig:22   | Killed a royal mummy
 68991 | Zig:22   | Killed a royal mummy
 68991 | Zig:22   | Killed a royal mummy
 68991 | Zig:22   | Killed a royal mummy
 68991 | Zig:22   | Noticed a royal mummy
 68992 | Zig:22   | Killed a royal mummy
 68992 | Zig:22   | Noticed a royal mummy
 68993 | Zig:22   | Killed a royal mummy
 68993 | Zig:22   | Noticed a royal mummy
 68995 | Zig:22   | Killed a royal mummy
 68996 | Zig:22   | Noticed a royal mummy
 68996 | Zig:22   | Noticed a royal mummy
 68997 | Zig:22   | Killed a royal mummy
 68997 | Zig:22   | Noticed a royal mummy
 68997 | Zig:22   | Noticed a royal mummy
 68998 | Zig:22   | Killed a royal mummy
 68999 | Zig:22   | Killed a royal mummy
 68999 | Zig:22   | Killed a royal mummy
 68999 | Zig:22   | Killed a royal mummy
 68999 | Zig:22   | Noticed a royal mummy
 69001 | Zig:22   | Killed a royal mummy
 69001 | Zig:22   | Noticed a royal mummy
 69003 | Zig:22   | Killed a royal mummy
 69003 | Zig:22   | Noticed a royal mummy
 69004 | Zig:22   | Noticed a royal mummy
 69006 | Zig:22   | Killed a royal mummy
 69006 | Zig:22   | Noticed a royal mummy
 69007 | Zig:22   | Killed a royal mummy
 69009 | Zig:22   | Killed a royal mummy
 69011 | Zig:22   | Noticed a royal mummy
 69013 | Zig:22   | Killed a royal mummy
 69013 | Zig:22   | Noticed a royal mummy
 69015 | Zig:22   | Noticed a royal mummy
 69017 | Zig:22   | Killed a royal mummy
 69017 | Zig:22   | Killed a royal mummy
 69017 | Zig:22   | Noticed a royal mummy
 69018 | Zig:22   | Noticed a royal mummy
 69019 | Zig:22   | Noticed a royal mummy
 69020 | Zig:22   | Killed a royal mummy
 69020 | Zig:22   | Killed a royal mummy
 69021 | Zig:22   | Killed a royal mummy
 69021 | Zig:22   | Noticed a royal mummy
 69026 | Zig:22   | Killed a royal mummy
 69059 | Zig:22   | Identified the +7 dagger "Xappiuts" {chaos, rF+ rC+ rN+
                  | Str+3}
 69066 | Zig:22   | Identified the staff "Zeukyrph" {rPois Will- Int+3 SInv
                  | Poison}
 69073 | Zig:22   | Identified the ring "Volorphua" {*Slow rF+++ rN+++ MP+9
                  | Dex-3}
 69103 | Zig:23   | Entered Level 23 of a ziggurat
 69115 | Zig:23   | Paralysed by an air elemental for 1 turns
 69123 | Zig:23   | Paralysed by an air elemental for 1 turns
 69143 | Zig:23   | Reached skill level 27 in Translocations
 69143 | Zig:23   | Reached skill level 1 in Staves
 69151 | Zig:23   | Reached skill level 1 in Transmutations
 69156 | Zig:23   | Found the +8 trident of the Octopus King {venom, rElec
                  | rPois}
 69161 | Zig:23   | Identified the +4 chain mail "Atosecap" {rF+ Str+3}
 69174 | Zig:23   | Identified the +4 orcbow of Analysis {freeze, rCorr}
 69189 | Zig:23   | Identified the +9 orcbow "Daretoed" {drain, Int+4}
 69193 | Zig:23   | Identified the +1 scale mail of the Doldrums {Fly rPois}
 69201 | Zig:23   | Identified the amulet of Muryratz {RegenMP Int+4 Stlth-}
 69202 | Zig:23   | Identified the +2 plate armour of the Saviour {Dex+3}
 69236 | Zig:24   | Entered Level 24 of a ziggurat
 69254 | Zig:24   | Reached skill level 5 in Transmutations
 69264 | Zig:24   | Reached skill level 10 in Transmutations
 69277 | Zig:24   | Reached skill level 15 in Transmutations
 69370 | Zig:24   | Identified the +7 halberd of Roatz {freeze, Str+2 Int-3
                  | Dex+4}
 69395 | Zig:25   | Entered Level 25 of a ziggurat
 69407 | Zig:25   | Noticed a dread lich
 69407 | Zig:25   | Noticed an ancient lich
 69411 | Zig:25   | Killed an ancient lich
 69411 | Zig:25   | Noticed an ancient lich
 69414 | Zig:25   | Killed a dread lich
 69415 | Zig:25   | Noticed a dread lich
 69415 | Zig:25   | Noticed an ancient lich
 69415 | Zig:25   | Noticed an ancient lich
 69415 | Zig:25   | Noticed a dread lich
 69416 | Zig:25   | Killed an ancient lich
 69416 | Zig:25   | Killed an ancient lich
 69417 | Zig:25   | Noticed a dread lich
 69417 | Zig:25   | Killed an ancient lich
 69417 | Zig:25   | Killed a dread lich
 69419 | Zig:25   | Killed a dread lich
 69419 | Zig:25   | Noticed an ancient lich
 69420 | Zig:25   | Killed a dread lich
 69421 | Zig:25   | Noticed an ancient lich
 69421 | Zig:25   | Killed an ancient lich
 69421 | Zig:25   | Killed an ancient lich
 69421 | Zig:25   | Noticed an ancient lich
 69421 | Zig:25   | Noticed a dread lich
 69423 | Zig:25   | Noticed a dread lich
 69423 | Zig:25   | Noticed an ancient lich
 69425 | Zig:25   | Noticed a dread lich
 69425 | Zig:25   | Noticed a dread lich
 69426 | Zig:25   | Noticed an ancient lich
 69426 | Zig:25   | Noticed an ancient lich
 69426 | Zig:25   | Killed a dread lich
 69426 | Zig:25   | Killed an ancient lich
 69428 | Zig:25   | Killed a dread lich
 69428 | Zig:25   | Killed an ancient lich
 69429 | Zig:25   | Killed a dread lich
 69429 | Zig:25   | Killed an ancient lich
 69429 | Zig:25   | Killed a dread lich
 69429 | Zig:25   | Killed an ancient lich
 69441 | Zig:25   | Found the +9 staff of Olgreb {rPois∞}
 69457 | Zig:25   | Identified the +6 quarterstaff of Poverty {spect, rPois
                  | Will+}
 69462 | Zig:25   | Identified the +1 pair of boots of Coimneos {Rampage Slay+3
                  | Stlth-}
 69471 | Zig:25   | Identified the staff "Pefuqel" {Fragile rPois rN+ Dex+6
                  | SInv Necro}
 69475 | Zig:25   | Identified the +6 dagger "Goitas" {flame, rF+}
 69477 | Zig:25   | Identified the +0 scale mail "Rigg" {rF+}
 69479 | Zig:25   | Identified the ring "Ufoj" {rC+ Will+ Str+4}
 69484 | Zig:25   | Identified the amulet "Kulukois" {Spirit Int+5 Dex+3}
 69489 | Zig:26   | Entered Level 26 of a ziggurat
 69524 | Zig:26   | Reached skill level 5 in Necromancy
 69534 | Zig:26   | Reached skill level 10 in Necromancy
 69555 | Zig:26   | Identified the +4 scale mail of the Farrier {-Tele Fly
                  | Will+ Int+6}
 69564 | Zig:26   | Identified the +1 scimitar of Yziuthro {speed, rF+ Dex+8}
 69570 | Zig:26   | Identified the ring of the Messenger {Fire Will+ rCorr}
 69603 | Zig:26   | Identified the +1 leather armour of Negation {rC++ Int-3
                  | Stlth+}
 69606 | Zig:26   | Identified the +6 shortbow "Spider's Curse" {flame, rCorr}
 69619 | Zig:26   | Identified the +0 gold dragon scales "Ateb" {rPois rF+ rC+
                  | MP+9 Str+3}
 69633 | Zig:27   | Entered Level 27 of a ziggurat
 69662 | Zig:27   | Reached skill level 15 in Necromancy
 69690 | Zig:27   | Identified the ring "Juoclabb" {+Blink rC+ Str+4}
 69693 | Zig:27   | Identified the +0 helmet of Viyriez {rF+}
 69695 | Zig:27   | Identified the +4 morningstar "Xyoliyxu" {holy, rElec}
 69696 | Zig:27   | Identified the staff of Causality {Fragile rElec rC+ Dex+3
                  | Ice}
 69699 | Zig:27   | Identified the +1 falchion "Vuhaipud" {holy, Fly}
 69706 | Zig:27   | Identified the ring of Utid Axein {rC++ EV+5 Int+3 Dex-5
                  | Slay+2}
 69724 | Zig:27   | Identified the quicksilver dragon scales of the Turtle
                  | {-Cast Harm +Blink Will+ Stlth+}
 69729 | Zig:27   | Identified the staff "Abil Ori" {rC- rN+ MP+9 SInv Necro}
 69730 | Zig:27   | Identified the +3 buckler "Jyss" {rC+ Str+8}
 69783 | Zig:1    | Entered Level 1 of a ziggurat
 69802 | Zig:2    | Entered Level 2 of a ziggurat
 69834 | Zig:3    | Entered Level 3 of a ziggurat
 69856 | Zig:3    | Identified the +7 flail "Lyseyrai" {heavy, rPois}
 69858 | Zig:3    | Identified the +0 arbalest of Bulusetyfo {drain, Will+}
 69868 | Zig:3    | Identified the ring "Odenalol" {rPois EV+5 Int+3}
 69875 | Zig:4    | Entered Level 4 of a ziggurat
 69878 | Zig:4    | Reached skill level 27 in Necromancy
 69909 | Zig:5    | Entered Level 5 of a ziggurat
 69939 | Zig:5    | Identified the staff of the Forest {rPois Int-3 Dex+6
                  | Poison}
 69948 | Zig:6    | Entered Level 6 of a ziggurat
 69980 | Zig:6    | Identified the +6 orcbow of Gubufygh {freeze, Will+ rCorr}
 69982 | Zig:6    | Identified the +4 chain mail of the Lotus Blossom {rF+}
 69989 | Zig:7    | Entered Level 7 of a ziggurat
 70030 | Zig:7    | Identified the +4 morningstar of Wapoevy {elec, rF+}
 70039 | Zig:7    | Identified the +1 troll leather armour of Subjectivity
                  | {*Slow Regen+ Str+3 Int+2 Dex+3}
 70046 | Zig:8    | Entered Level 8 of a ziggurat
 70051 | Zig:8    | Noticed Roturaf the pandemonium lord
 70051 | Zig:8    | Noticed Koteuhei the pandemonium lord
 70053 | Zig:8    | Killed Roturaf the pandemonium lord
 70054 | Zig:8    | Reached skill level 27 in Transmutations
 70054 | Zig:8    | Killed Koteuhei the pandemonium lord
 70056 | Zig:8    | Noticed Naereaje the pandemonium lord
 70058 | Zig:8    | Noticed Coigrow the pandemonium lord
 70058 | Zig:8    | Noticed Kitipoed the pandemonium lord
 70059 | Zig:8    | Reached skill level 5 in Staves
 70061 | Zig:8    | Killed Naereaje the pandemonium lord
 70072 | Zig:8    | Killed Kitipoed the pandemonium lord
 70072 | Zig:8    | Killed Coigrow the pandemonium lord
 70132 | Zig:8    | Identified the ring "Yczow" {rF+ rC+ Int+3 SInv}
 70146 | Zig:9    | Entered Level 9 of a ziggurat
 70149 | Zig:9    | Noticed a royal mummy
 70149 | Zig:9    | Noticed a royal mummy
 70149 | Zig:9    | Noticed a royal mummy
 70150 | Zig:9    | Noticed a royal mummy
 70151 | Zig:9    | Killed a royal mummy
 70152 | Zig:9    | Killed a royal mummy
 70152 | Zig:9    | Killed a royal mummy
 70152 | Zig:9    | Killed a royal mummy
 70152 | Zig:9    | Noticed a royal mummy
 70153 | Zig:9    | Noticed a royal mummy
 70154 | Zig:9    | Noticed a royal mummy
 70154 | Zig:9    | Noticed a royal mummy
 70155 | Zig:9    | Killed a royal mummy
 70155 | Zig:9    | Killed a royal mummy
 70156 | Zig:9    | Killed a royal mummy
 70156 | Zig:9    | Killed a royal mummy
 70159 | Zig:9    | Reached skill level 27 in Ranged Weapons
 70160 | Zig:9    | Noticed a royal mummy
 70162 | Zig:9    | Killed a royal mummy
 70173 | Zig:9    | Identified the amulet "Ysufe" {Reflect rF+ rN+ SH+5}
 70176 | Zig:9    | Identified the +1 falchion "Yju Urez" {flame, Drain Will+
                  | Dex+3 Stlth+}
 70179 | Zig:9    | Identified the +9 orcbow "Igruesoo" {heavy, *Slow rPois
                  | rCorr Stlth+}
 70180 | Zig:9    | Identified the +3 orcbow of Ru's Indignation {drain, rElec
                  | Dex+5}
 70240 | Zig:10   | Entered Level 10 of a ziggurat
 70271 | Zig:10   | Identified the +1 swamp dragon scales "Deihapn" {rPois rC-
                  | Int+3 Stlth+}
 70274 | Zig:10   | Identified the staff "Daapnaf" {rC+ Stlth+ Conj}
 70277 | Zig:10   | Identified the +0 scale mail "Bankioz" {rF- Int+7 Dex+2}
 70280 | Zig:10   | Identified the +10 steam dragon scales of Intuition {rC-
                  | Str+5}
 70294 | Zig:10   | Identified the +2 morningstar "Biavvaj" {flame, rPois rCorr
                  | Str+2 Dex-2}
 70304 | Zig:11   | Entered Level 11 of a ziggurat
 70311 | Zig:11   | Noticed Fainaz the pandemonium lord
 70311 | Zig:11   | Noticed Meos Dora the pandemonium lord
 70315 | Zig:11   | Killed Fainaz the pandemonium lord
 70316 | Zig:11   | Noticed Xeiqucw the pandemonium lord
 70317 | Zig:11   | Killed Meos Dora the pandemonium lord
 70317 | Zig:11   | Noticed Zickuimp the pandemonium lord
 70317 | Zig:11   | Noticed Ymoifrot the pandemonium lord
 70317 | Zig:11   | Noticed Muhampy the pandemonium lord
 70317 | Zig:11   | Noticed Qeschice the pandemonium lord
 70319 | Zig:11   | Killed Muhampy the pandemonium lord
 70319 | Zig:11   | Noticed Impa the pandemonium lord
 70319 | Zig:11   | Noticed Jyroc the pandemonium lord
 70320 | Zig:11   | Killed Qeschice the pandemonium lord
 70321 | Zig:11   | Killed Xeiqucw the pandemonium lord
 70321 | Zig:11   | Killed Zickuimp the pandemonium lord
 70321 | Zig:11   | Killed Ymoifrot the pandemonium lord
 70321 | Zig:11   | Killed Impa the pandemonium lord
 70321 | Zig:11   | Noticed Xaffigi the pandemonium lord
 70322 | Zig:11   | Killed Jyroc the pandemonium lord
 70322 | Zig:11   | Noticed Ocao the pandemonium lord
 70322 | Zig:11   | Noticed Hiymycoixt the pandemonium lord
 70323 | Zig:11   | Killed Ocao the pandemonium lord
 70325 | Zig:11   | Killed Hiymycoixt the pandemonium lord
 70325 | Zig:11   | Killed Xaffigi the pandemonium lord
 70332 | Zig:11   | Killed Avveadd the pandemonium lord
 70379 | Zig:11   | Identified the +5 rapier "Duamuqepe" {vamp, SInv}
 70394 | Zig:12   | Entered Level 12 of a ziggurat
 70445 | Zig:12   | Identified the ring "Hibboib" {rCorr Dex+4}
 70471 | Zig:12   | Identified the staff of Extinguishment {rF+ Stlth+ Fire}
 70480 | Zig:13   | Entered Level 13 of a ziggurat
 70493 | Zig:13   | Paralysed by an air elemental for 1 turns
 70564 | Zig:14   | Entered Level 14 of a ziggurat
 70633 | Zig:14   | Identified the ring "Meuso" {rF+ rC+}
 70642 | Zig:14   | Identified the +7 great sword "Ukyer" {venom, Str+3}
 70644 | Zig:14   | Identified the ring of Yssojump {Fire +Blink rCorr Int+5
                  | Dex-2}
 70648 | Zig:14   | Identified the +0 ring mail of the Nice Slorg {Str+2}
 70651 | Zig:14   | Identified the +4 hand axe of Bloodstone {elec, rF+ Int+2}
 70660 | Zig:15   | Entered Level 15 of a ziggurat
 70678 | Zig:15   | Reached skill level 27 in Air Magic
 70724 | Zig:15   | Identified the +8 flail of the Evil Eye {elec, Fly rPois}
 70740 | Zig:15   | Identified the -1 pair of boots of Woiplikk {rF- Will+
                  | Int+3}
 70756 | Zig:15   | Identified the +9 scale mail of the Realm of Zot {rPois
                  | Will+}
 70759 | Zig:15   | Identified the +7 falchion of Nissaogo {venom, rPois rC-
                  | Will++ Str+3}
 70763 | Zig:15   | Identified the staff "Roushaem" {rPois Int+2 Poison}
 70771 | Zig:16   | Entered Level 16 of a ziggurat
 70840 | Zig:16   | Identified the ring of the Median {Drain Will+ Str+4 Int+6}
 70878 | Zig:16   | Learned a level 8 spell: Borgnjor's Revivification
 70893 | Zig:16   | Learned a level 9 spell: Death's Door
 70896 | Zig:17   | Entered Level 17 of a ziggurat
 70931 | Zig:17   | Reached skill level 27 in Polearms
 70933 | Zig:17   | Reached skill level 5 in Maces & Flails
 70975 | Zig:17   | Identified the ring of Liberty {Will+ EV+5 Dex+3}
 70978 | Zig:17   | Identified the staff of the Dark Horse {rN+ Dex+3 Necro}
 71002 | Zig:17   | Identified the +11 orcbow of Awkwardness {elec, rElec Will-
                  | Int+2 Dex+2}
 71012 | Zig:17   | Identified the +6 troll leather armour of Enleucw {Regen+
                  | Dex+7}
 71014 | Zig:17   | Identified the +10 sling "Goblin's Curse" {speed, rElec
                  | Str-4 Dex+5}
 71028 | Zig:18   | Entered Level 18 of a ziggurat
 71063 | Zig:18   | Reached skill level 15 in Maces & Flails
 71117 | Zig:18   | Identified the ring "Ronaj" {rElec rPois}
 71128 | Zig:18   | Identified the +3 leather armour of the Sacrificial Victim
                  | {rCorr Dex+3}
 71144 | Zig:19   | Entered Level 19 of a ziggurat
 71149 | Zig:19   | Noticed a royal mummy
 71151 | Zig:19   | Noticed a royal mummy
 71151 | Zig:19   | Noticed a royal mummy
 71151 | Zig:19   | Noticed a royal mummy
 71152 | Zig:19   | Killed a royal mummy
 71152 | Zig:19   | Killed a royal mummy
 71152 | Zig:19   | Noticed a royal mummy
 71153 | Zig:19   | Killed a royal mummy
 71153 | Zig:19   | Killed a royal mummy
 71154 | Zig:19   | Killed a royal mummy
 71155 | Zig:19   | Noticed a royal mummy
 71155 | Zig:19   | Noticed a royal mummy
 71157 | Zig:19   | Killed a royal mummy
 71158 | Zig:19   | Killed a royal mummy
 71158 | Zig:19   | Noticed a royal mummy
 71160 | Zig:19   | Killed a royal mummy
 71161 | Zig:19   | Noticed a royal mummy
 71163 | Zig:19   | Killed a royal mummy
 71164 | Zig:19   | Noticed a royal mummy
 71165 | Zig:19   | Noticed a royal mummy
 71165 | Zig:19   | Noticed a royal mummy
 71165 | Zig:19   | Noticed a royal mummy
 71166 | Zig:19   | Killed a royal mummy
 71167 | Zig:19   | Killed a royal mummy
 71168 | Zig:19   | Killed a royal mummy
 71168 | Zig:19   | Killed a royal mummy
 71168 | Zig:19   | Noticed a royal mummy
 71170 | Zig:19   | Killed a royal mummy
 71170 | Zig:19   | Noticed a royal mummy
 71171 | Zig:19   | Killed a royal mummy
 71174 | Zig:19   | Noticed a royal mummy
 71175 | Zig:19   | Noticed a royal mummy
 71176 | Zig:19   | Killed a royal mummy
 71177 | Zig:19   | Killed a royal mummy
 71178 | Zig:19   | Noticed a royal mummy
 71180 | Zig:19   | Killed a royal mummy
 71181 | Zig:19   | Noticed a royal mummy
 71183 | Zig:19   | Killed a royal mummy
 71184 | Zig:19   | Noticed a royal mummy
 71184 | Zig:19   | Noticed a royal mummy
 71186 | Zig:19   | Killed a royal mummy
 71186 | Zig:19   | Noticed a royal mummy
 71187 | Zig:19   | Killed a royal mummy
 71188 | Zig:19   | Killed a royal mummy
 71205 | Zig:19   | Found the +8 Vampire's Tooth {megavamp}
 71208 | Zig:19   | Identified the ring of Naiffaj {Fire Contam Will+ Dex+3}
 71216 | Zig:19   | Identified the +0 buckler of Depression {Contam rF+ Will++}
 71222 | Zig:19   | Identified the amulet of Xom's Capriciousness {Faith rCorr
                  | Str+2}
 71246 | Zig:19   | Identified the -1 pair of gloves of Analysis {Str+7}
 71256 | Zig:19   | Identified the +1 hand axe "Gesatige" {protect, rPois rF+++
                  | rC- Str+4}
 71257 | Zig:19   | Identified the +0 battleaxe "Gurrij" {flame, rElec Str+4
                  | Dex-2}
 71289 | Zig:20   | Entered Level 20 of a ziggurat
 71331 | Zig:20   | Killed an ancient lich
 71338 | Zig:20   | Reached skill level 27 in Maces & Flails
 71341 | Zig:20   | Reached skill level 5 in Unarmed Combat
 71366 | Zig:20   | Reached skill level 10 in Unarmed Combat
 71413 | Zig:20   | Reached skill level 15 in Unarmed Combat
 71432 | Zig:20   | Found the +11 Singing Sword {sonic wave}
 71446 | Zig:20   | Identified the staff "Notuirui" {rPois Will+ Str-4 Int+3
                  | Poison}
 71450 | Zig:20   | Identified the +5 hand crossbow "Beastbane" {heavy, Int+3}
 71459 | Zig:20   | Identified the +1 dagger "Sarcophage" {freeze, rF+ Str-3
                  | Dex+5 SInv}
 71492 | Zig:21   | Entered Level 21 of a ziggurat
 71506 | Zig:21   | Noticed an ancient lich
 71508 | Zig:21   | Killed an ancient lich
 71545 | Zig:21   | Identified the ring of Dissent {Fire Int+8}
 71549 | Zig:21   | Identified the +4 great mace of Saulodel {antimagic, Dex+5}
 71557 | Zig:21   | Identified the +7 chain mail of the Sun {MP+9 Int+3}
 71561 | Zig:21   | Identified the +3 dagger "Faghig" {venom, rPois MP-9 Str+3
                  | SInv}
 71578 | Zig:21   | Identified the +3 dire flail of Exquisite Torment {heavy,
                  | rC++ Str+4 Dex-4}
 71580 | Zig:21   | Identified the +8 rapier "Uwnukhe" {heavy, Str+4}
 71588 | Zig:21   | Identified the +1 great sword of Fate {protect, *Slow
                  | +Blink Fly Int+3}
 71596 | Zig:21   | Identified the ring of Huuthrox {Fly rN+}
 71612 | Zig:22   | Entered Level 22 of a ziggurat
 71672 | Zig:22   | Found the ring of the Octopus King
 71679 | Zig:22   | Identified a ring of the Octopus King {rF+ HP+2 AC+2 EV+2
                  | SH+2}
 71683 | Zig:22   | Identified the +11 halberd of Honour {freeze, *Slow +Blink
                  | Str+4 SInv}
 71694 | Zig:22   | Identified the +7 glaive "Feasoa" {freeze, rF+}
 71704 | Zig:22   | Identified the +2 glaive "Tier Jur" {holy, Fragile rCorr
                  | Int+2 Stlth+}
 71706 | Zig:22   | Identified the ring "Vyneul" {rPois rN+ MP+9 Int-3 Dex+4}
 71716 | Zig:23   | Entered Level 23 of a ziggurat
 71727 | Zig:23   | Noticed an ancient lich
 71729 | Zig:23   | Noticed a dread lich
 71730 | Zig:23   | Noticed an ancient lich
 71731 | Zig:23   | Killed an ancient lich
 71731 | Zig:23   | Killed a dread lich
 71731 | Zig:23   | Killed an ancient lich
 71731 | Zig:23   | Noticed an ancient lich
 71732 | Zig:23   | Noticed a dread lich
 71733 | Zig:23   | Killed a dread lich
 71733 | Zig:23   | Noticed an ancient lich
 71733 | Zig:23   | Noticed an ancient lich
 71736 | Zig:23   | Reached skill level 10 in Long Blades
 71736 | Zig:23   | Killed an ancient lich
 71738 | Zig:23   | Noticed a dread lich
 71738 | Zig:23   | Noticed an ancient lich
 71738 | Zig:23   | Noticed a dread lich
 71738 | Zig:23   | Killed an ancient lich
 71738 | Zig:23   | Killed an ancient lich
 71739 | Zig:23   | Noticed an ancient lich
 71739 | Zig:23   | Noticed an ancient lich
 71740 | Zig:23   | Killed a dread lich
 71740 | Zig:23   | Killed an ancient lich
 71740 | Zig:23   | Noticed an ancient lich
 71740 | Zig:23   | Noticed a dread lich
 71741 | Zig:23   | Killed an ancient lich
 71741 | Zig:23   | Killed a dread lich
 71741 | Zig:23   | Killed an ancient lich
 71741 | Zig:23   | Killed an ancient lich
 71742 | Zig:23   | Noticed a dread lich
 71743 | Zig:23   | Killed a dread lich
 71743 | Zig:23   | Killed a dread lich
 71744 | Zig:23   | Reached skill level 15 in Long Blades
 71748 | Zig:23   | Noticed a dread lich
 71754 | Zig:23   | Killed a dread lich
 71760 | Zig:23   | Noticed an ancient lich
 71764 | Zig:23   | Killed an ancient lich
 71765 | Zig:23   | Noticed an ancient lich
 71767 | Zig:23   | Killed an ancient lich
 71823 | Zig:23   | Identified the ring of the Illusory Xalams {rF+ Dex+2}
 71844 | Zig:23   | Identified the +10 long sword "Wudunuga" {freeze, rF++
                  | Will- Str+6}
 71846 | Zig:23   | Identified the staff "Jyiqes" {rC- rN+ Will- Int+8 Hexes
                  | Necro}
 71853 | Zig:23   | Identified the +2 pair of gloves of the Pits of Slime {rN+}
 71854 | Zig:23   | Identified the +1 scale mail of the First Queens {rElec
                  | Stlth+}
 71858 | Zig:23   | Identified the +10 short sword of the Sun {heavy, Str+3}
 71859 | Zig:23   | Identified the staff of Abomination {rF+ Dex+3 Fire}
 71868 | Zig:23   | Identified the ring of Grontol {rN+ Str+3 Int+3}
 71874 | Zig:23   | Identified the amulet "Vaingo" {Acrobat Rampage}
 71875 | Zig:23   | Identified the +2 scale mail "Loareg" {Drain rCorr Int+4
                  | SInv}
 71881 | Zig:24   | Entered Level 24 of a ziggurat
 71894 | Zig:24   | Paralysed by an air elemental for 1 turns
 71899 | Zig:24   | Paralysed by an air elemental for 1 turns
 71912 | Zig:24   | Paralysed by an air elemental for 1 turns
 71976 | Zig:24   | Identified the +0 morningstar of Butchery {flame, *Noise
                  | +Blink Will- rCorr}
 71990 | Zig:24   | Identified the +3 sling of Eternity {drain, Contam rElec
                  | rF++ Int+2}
 71996 | Zig:24   | Identified the +0 pair of gloves of an ice cave {rElec
                  | rN+++ rCorr Int-3 Stlth+}
 71999 | Zig:24   | Identified the staff "Wungomoz" {rPois Str+2 Conj}
 72001 | Zig:24   | Identified the +6 chain mail "Xadajown" {Drain rF+ Regen+
                  | Dex+4 Slay+2}
 72028 | Zig:25   | Entered Level 25 of a ziggurat
 72069 | Zig:25   | Reached skill level 27 in Long Blades
 72089 | Zig:25   | Reached skill level 10 in Short Blades
 72099 | Zig:25   | Found the +6 arbalest "Damnation" {damnation}
 72101 | Zig:25   | Found the +2 pair of slick slippers {slick, slippery, EV+4}
 72135 | Zig:25   | Identified the ring of the Open Hand {Fire Str-2 Int+8
                  | Dex-4}
 72166 | Zig:25   | Identified the staff "Muleosmu" {rPois rN+ Stlth+ Poison}
 72167 | Zig:25   | Identified the +2 longbow of the Old World {freeze, Fragile
                  | rElec rCorr Str+2}
 72181 | Zig:26   | Entered Level 26 of a ziggurat
 72200 | Zig:26   | Noticed a dread lich
 72202 | Zig:26   | Killed a dread lich
 72212 | Zig:26   | Reached skill level 15 in Short Blades
 72219 | Zig:26   | Noticed a dread lich
 72219 | Zig:26   | Paralysed by a wendigo for 1 turns
 72223 | Zig:26   | Killed a dread lich
 72259 | Zig:26   | Identified the ring of Puadetri {Fire rN+ Slay+2}
 72267 | Zig:26   | Identified the +3 leather armour of Paunoy {SInv}
 72270 | Zig:26   | Identified the amulet "Bappuos" {-Cast rN+ Regen+ Dex+3}
 72277 | Zig:26   | Identified the amulet of Fapn {Faith rElec}
 72295 | Zig:26   | Identified the +0 kite shield of Duajot {*Slow Will+ Int+5}
 72296 | Zig:26   | Identified the ring "Ohugecig" {rElec rC+ Str+7}
 72309 | Zig:26   | Identified the staff of the Howling One {rElec rF+ rN+
                  | rCorr Dex+4 Necro Air}
 72320 | Zig:27   | Entered Level 27 of a ziggurat
 72335 | Zig:27   | Reached skill level 5 in Stealth
 72335 | Zig:27   | Reached skill level 5 in Shields
 72349 | Zig:27   | Reached skill level 15 in Stealth
 72362 | Zig:27   | Found the +5 Storm Queen's Shield {shock, Fly rElec}
 72370 | Zig:27   | Found the +4 Cigotuvi's embrace {Corpsefed rMiasma Drain
                  | rN+}
 72384 | Zig:27   | Identified the +4 robe of Least Resistance {rF+}
 72387 | Zig:27   | Identified the +1 battleaxe of Dividends {freeze, *Corrode
                  | Fly Str+6 Int+3}
 72407 | Zig:27   | Reached skill level 10 in Shields
 72410 | Zig:27   | Identified the +2 robe "Doets" {Rampage Regen+}
 72415 | Zig:27   | Identified the +10 morningstar "Feprud" {vamp, rF+ Str-5
                  | Int+3 Stlth+}
 72435 | Zig:27   | Identified the amulet of Ismo Cau {Acrobat Drain rPois
                  | Str+8}
 72441 | Zig:27   | Identified the +1 battleaxe of Diom {drain, rPois}
 72447 | Zig:27   | Identified the +0 scale mail of the Pink Corner {*Slow rF+
                  | Regen+}
 72495 | Depths:2 | Acquired a manual of Shields
 72497 | Depths:2 | Acquired a manual of Hexes
 72504 | Zig:1    | Entered Level 1 of a ziggurat
 72505 | Zig:1    | Noticed a dread lich
 72505 | Zig:1    | Noticed an ancient lich
 72506 | Zig:1    | Killed an ancient lich
 72507 | Zig:1    | Killed a dread lich
 72525 | Zig:2    | Entered Level 2 of a ziggurat
 72553 | Zig:3    | Entered Level 3 of a ziggurat
 72593 | Zig:4    | Entered Level 4 of a ziggurat
 72594 | Zig:4    | Noticed a dread lich
 72594 | Zig:4    | Noticed an ancient lich
 72594 | Zig:4    | Noticed an ancient lich
 72594 | Zig:4    | Noticed an ancient lich
 72595 | Zig:4    | Killed an ancient lich
 72595 | Zig:4    | Noticed an ancient lich
 72596 | Zig:4    | Reached skill level 15 in Shields
 72596 | Zig:4    | Killed an ancient lich
 72596 | Zig:4    | Killed a dread lich
 72596 | Zig:4    | Killed an ancient lich
 72596 | Zig:4    | Killed an ancient lich
 72596 | Zig:4    | Killed a dread lich
 72596 | Zig:4    | Killed a dread lich
 72598 | Zig:4    | Noticed a dread lich
 72603 | Zig:4    | Killed a dread lich
 72629 | Zig:5    | Entered Level 5 of a ziggurat
 72658 | Zig:5    | Identified the staff "Demonslayer" {Str+3 Conj}
 72660 | Zig:5    | Identified the ring "Kieczup" {rF+ Str+3 Int-4 Dex+4}
 72676 | Zig:5    | Identified the +2 pair of boots of the Desert {*Slow rF+
                  | Str+4 Int+3}
 72681 | Zig:6    | Entered Level 6 of a ziggurat
 72694 | Zig:6    | Noticed Qereplio the pandemonium lord
 72696 | Zig:6    | Killed Qereplio the pandemonium lord
 72711 | Zig:6    | Identified the staff "Peggu" {rPois rF+ Dex+3 Stlth- Conj}
 72715 | Zig:6    | Identified the +5 longbow "Beetlebane" {elec, rC+}
 72749 | Zig:7    | Entered Level 7 of a ziggurat
 72786 | Zig:7    | Identified the +9 orcbow of the Secret Tables {speed, Drain
                  | rPois rN+ Str+2}
 72806 | Zig:8    | Entered Level 8 of a ziggurat
 72843 | Zig:8    | Identified the staff "Hadoont" {rF+ Str+3 Dex+2 Conj}
 72851 | Zig:8    | Identified the +12 glaive "Muorghettu" {antimagic, rC+}
 72855 | Zig:8    | Identified the ring "Uromysem" {Ice *Slow rElec Will+
                  | Str+4}
 72879 | Zig:8    | Identified the +4 orcbow "Undertaker" {flame, rPois}
 72880 | Zig:8    | Identified the amulet "Wexunew" {Acrobat *Corrode rF+
                  | Dex+3}
 72883 | Zig:8    | Identified the +9 great mace of Foolhardiness {pain, Int+5}
 72886 | Zig:9    | Entered Level 9 of a ziggurat
 72888 | Zig:9    | Noticed a dread lich
 72892 | Zig:9    | Noticed an ancient lich
 72893 | Zig:9    | Killed a dread lich
 72894 | Zig:9    | Reached skill level 10 in Hexes
 72894 | Zig:9    | Killed an ancient lich
 72957 | Zig:10   | Entered Level 10 of a ziggurat
 72962 | Zig:10   | Reached skill level 15 in Hexes
 72981 | Zig:10   | Noticed Riggyam the pandemonium lord
 72983 | Zig:10   | Killed Riggyam the pandemonium lord
 73009 | Zig:10   | Identified the +0 long sword "Uruas" {freeze, rC++ MP+9
                  | Int+4}
 73018 | Zig:11   | Entered Level 11 of a ziggurat
 73021 | Zig:11   | Noticed a dread lich
 73021 | Zig:11   | Noticed an ancient lich
 73022 | Zig:11   | Killed a dread lich
 73023 | Zig:11   | Killed an ancient lich
 73056 | Zig:11   | Identified the staff "Goblinbane" {Fragile rPois rF+++ rN+
                  | rCorr Necro}
 73069 | Zig:11   | Identified the +2 spear "Orb Guardian's Regret" {drain,
                  | rC+++}
 73085 | Zig:12   | Entered Level 12 of a ziggurat
 73140 | Zig:12   | Identified the staff of Wrath {*Corrode rPois rF+ rC+ Dex+2
                  | Fire}
 73153 | Zig:13   | Entered Level 13 of a ziggurat
 73155 | Zig:13   | Noticed an ancient lich
 73155 | Zig:13   | Noticed a dread lich
 73157 | Zig:13   | Killed an ancient lich
 73157 | Zig:13   | Killed a dread lich
 73157 | Zig:13   | Noticed a dread lich
 73157 | Zig:13   | Noticed a dread lich
 73159 | Zig:13   | Killed a dread lich
 73159 | Zig:13   | Killed a dread lich
 73161 | Zig:13   | Noticed a dread lich
 73161 | Zig:13   | Noticed an ancient lich
 73163 | Zig:13   | Noticed an ancient lich
 73163 | Zig:13   | Killed an ancient lich
 73163 | Zig:13   | Killed an ancient lich
 73163 | Zig:13   | Killed a dread lich
 73166 | Zig:13   | Noticed an ancient lich
 73168 | Zig:13   | Killed an ancient lich
 73195 | Zig:13   | Identified the +1 war axe of Pyiv {heavy, rElec Stlth+}
 73196 | Zig:13   | Identified the +2 leather armour of Afoseqicky {-Cast rN+++
                  | Dex-5 Stlth+}
 73204 | Zig:13   | Identified the amulet "Forget-Me-Not" {Acrobat Str+2}
 73205 | Zig:13   | Identified the ring "Eckile" {Dex+6 SInv}
 73213 | Zig:13   | Identified the +2 ring mail of Egalitarianism {rPois rF-
                  | rC+ Dex+8}
 73222 | Zig:14   | Entered Level 14 of a ziggurat
 73222 | Zig:14   | Noticed a royal mummy
 73222 | Zig:14   | Noticed a royal mummy
 73222 | Zig:14   | Noticed a royal mummy
 73222 | Zig:14   | Noticed a royal mummy
 73222 | Zig:14   | Noticed a royal mummy
 73222 | Zig:14   | Noticed a royal mummy
 73223 | Zig:14   | Noticed a royal mummy
 73224 | Zig:14   | Killed a royal mummy
 73224 | Zig:14   | Killed a royal mummy
 73224 | Zig:14   | Killed a royal mummy
 73224 | Zig:14   | Killed a royal mummy
 73224 | Zig:14   | Killed a royal mummy
 73224 | Zig:14   | Killed a royal mummy
 73225 | Zig:14   | Reached skill level 15 in Staves
 73225 | Zig:14   | Killed a royal mummy
 73225 | Zig:14   | Noticed a royal mummy
 73226 | Zig:14   | Noticed a royal mummy
 73227 | Zig:14   | Killed a royal mummy
 73227 | Zig:14   | Noticed a royal mummy
 73228 | Zig:14   | Noticed a royal mummy
 73228 | Zig:14   | Noticed a royal mummy
 73228 | Zig:14   | Noticed a royal mummy
 73230 | Zig:14   | Killed a royal mummy
 73230 | Zig:14   | Killed a royal mummy
 73231 | Zig:14   | Killed a royal mummy
 73231 | Zig:14   | Killed a royal mummy
 73231 | Zig:14   | Killed a royal mummy
 73237 | Zig:14   | Noticed a royal mummy
 73239 | Zig:14   | Killed a royal mummy
 73240 | Zig:14   | Noticed a royal mummy
 73240 | Zig:14   | Noticed a royal mummy
 73242 | Zig:14   | Killed a royal mummy
 73242 | Zig:14   | Noticed a royal mummy
 73243 | Zig:14   | Killed a royal mummy
 73243 | Zig:14   | Killed a royal mummy
 73260 | Zig:14   | Found the +1 robe of Vines {NoPotionHeal Regen++++}
 73263 | Zig:14   | Found the +7 mace of Variability {chaos, chaos arc}
 73266 | Zig:14   | Identified the +1 leather armour of Inaction {Int+5}
 73267 | Zig:14   | Identified the ring "Juyngiy" {rElec rC+}
 73269 | Zig:14   | Identified the +3 battleaxe of the Wraith {freeze, Will-
                  | Str+5}
 73293 | Zig:14   | Identified the +4 plate armour "Cekoprint" {+Inv Str+3}
 73321 | Zig:14   | Identified the staff "Newtbane" {rElec rN+ Int+3 Necro}
 73326 | Zig:14   | Identified the amulet "Vecrip" {Acrobat Str+4}
 73352 | Zig:15   | Entered Level 15 of a ziggurat
 73355 | Zig:15   | Noticed an ancient lich
 73355 | Zig:15   | Noticed a dread lich
 73356 | Zig:15   | Noticed a dread lich
 73357 | Zig:15   | Killed a dread lich
 73359 | Zig:15   | Killed an ancient lich
 73359 | Zig:15   | Noticed a dread lich
 73360 | Zig:15   | Killed a dread lich
 73360 | Zig:15   | Killed a dread lich
 73360 | Zig:15   | Noticed a dread lich
 73361 | Zig:15   | Killed a dread lich
 73361 | Zig:15   | Noticed an ancient lich
 73362 | Zig:15   | Noticed an ancient lich
 73363 | Zig:15   | Killed an ancient lich
 73365 | Zig:15   | Noticed an ancient lich
 73365 | Zig:15   | Noticed a dread lich
 73369 | Zig:15   | Killed a dread lich
 73370 | Zig:15   | Killed an ancient lich
 73371 | Zig:15   | Killed an ancient lich
 73384 | Zig:15   | Found the -2 hat of the Alchemist {rElec rPois rF+ rC+ rN+
                  | Will+ rMut rCorr}
 73385 | Zig:15   | Found the amulet of Elemental Vulnerability {rPois rF--
                  | rC-- AC+8}
 73403 | Zig:15   | Identified the ring of Joirutek {rElec rPois Will++ Dex+6
                  | Slay-6}
 73405 | Zig:15   | Identified the +4 long sword of Chance {heavy, Str+5}
 73406 | Zig:15   | Identified the ring "Yfaempiw" {*Slow rPois Int+5 Stlth+}
 73418 | Zig:15   | Identified the ring "Xuoq" {rElec rPois rF- Slay+5}
 73440 | Zig:15   | Identified the +7 long sword "Echetono" {venom, rF+ rC+
                  | Stlth+}
 73442 | Zig:15   | Acquired a manual of Shields
 73457 | Zig:16   | Entered Level 16 of a ziggurat
 73499 | Zig:16   | Identified the +1 robe of the Blue Moon {Int+3}
 73510 | Zig:16   | Identified the +7 rapier of Gaunlu {freeze, rPois rN+ Will+
                  | Dex+3}
 73519 | Zig:17   | Entered Level 17 of a ziggurat
 73534 | Zig:17   | Reached skill level 27 in Shields
 73569 | Zig:17   | Identified the amulet of Neockor {Spirit Regen+}
 73570 | Zig:17   | Identified the +10 sling "Pokehun" {speed, Fly rN+}
 73571 | Zig:17   | Identified the +0 orcbow of Distraction {drain, rN+ Str+2}
 73601 | Zig:17   | Identified the +11 battleaxe of Reinforcement {holy, rN+
                  | Stlth+}
 73604 | Zig:17   | Identified the +8 chain mail of Masochism {Rampage Str+2}
 73608 | Zig:18   | Entered Level 18 of a ziggurat
 73649 | Zig:18   | Identified the staff "Boib" {Fly Conj}
 73669 | Zig:18   | Identified the +1 scale mail "Juora" {Rampage Will+ Str+3}
 73684 | Zig:18   | Identified the +0 sling "Wex Luuc" {drain, Str+4 Int+4
                  | Dex+2}
 73690 | Zig:18   | Identified the +0 scale mail of Benevolence {rElec}
 73700 | Zig:18   | Identified the staff "Biymeut" {+Blink rC+ Ice}
 73715 | Zig:18   | Reached skill level 27 in Staves
 73722 | Zig:18   | Lost mutation: Your spells are a little harder to cast, but
                  | a little more powerful. [potion of mutation]
 73722 | Zig:18   | Lost mutation: You passively dampen the noise of your
                  | surroundings. [potion of mutation]
 73722 | Zig:18   | Gained mutation: Your flesh is cold resistant. (rC+)
                  | [potion of mutation]
 73722 | Zig:18   | Gained mutation: You are weak. (Str -2) [potion of
                  | mutation]
 73722 | Zig:18   | Gained mutation: You have hidden genetic potential. [potion
                  | of mutation]
 73723 | Zig:18   | Lost mutation: You are weak. (Str -2) [potion of mutation]
 73723 | Zig:18   | Lost mutation: You have hidden genetic potential. [potion
                  | of mutation]
 73723 | Zig:18   | Lost mutation: Your flesh is cold resistant. (rC+) [potion
                  | of mutation]
 73723 | Zig:18   | Gained mutation: You passively map a small area around you.
                  | [potion of mutation]
 73724 | Zig:18   | Lost mutation: You passively map a small area around you.
                  | [potion of mutation]
 73724 | Zig:18   | Gained mutation: You are weak. (Str -2) [potion of
                  | mutation]
 73725 | Zig:18   | Lost mutation: You are weak. (Str -2) [potion of mutation]
 73725 | Zig:18   | Gained mutation: You are strong-willed. (Will+) [potion of
                  | mutation]
 73725 | Zig:18   | Gained mutation: You are weak. (Str -2) [potion of
                  | mutation]
 73725 | Zig:18   | Gained mutation: You have a somewhat thin skeletal
                  | structure. (Dex +2, Stealth+) [potion of mutation]
 73726 | Zig:18   | Lost mutation: You have a somewhat thin skeletal structure.
                  | (Dex +2, Stealth+) [potion of mutation]
 73726 | Zig:18   | Lost mutation: You are strong-willed. (Will+) [potion of
                  | mutation]
 73726 | Zig:18   | Lost mutation: You are weak. (Str -2) [potion of mutation]
 73726 | Zig:18   | Gained mutation: Your muscles are strong. (Str +4, Int/Dex
                  | -1) [potion of mutation]
 73727 | Zig:18   | Lost mutation: Your muscles are strong. (Str +4, Int/Dex
                  | -1) [potion of mutation]
 73727 | Zig:18   | Gained mutation: Your mind is acute. (Int +4, Str/Dex -1)
                  | [potion of mutation]
 73728 | Zig:18   | Lost mutation: Your mind is acute. (Int +4, Str/Dex -1)
                  | [potion of mutation]
 73728 | Zig:18   | Gained mutation: You have a somewhat thin skeletal
                  | structure. (Dex +2, Stealth+) [potion of mutation]
 73728 | Zig:18   | Gained mutation: You are covered in fur. (AC +1) [potion of
                  | mutation]
 73729 | Zig:18   | Lost mutation: You have a somewhat thin skeletal structure.
                  | (Dex +2, Stealth+) [potion of mutation]
 73729 | Zig:18   | Lost mutation: You are covered in fur. (AC +1) [potion of
                  | mutation]
 73729 | Zig:18   | Gained mutation: Your movements are slightly less
                  | encumbered by armour. (ER -2) [potion of mutation]
 73729 | Zig:18   | Gained mutation: You passively dampen the noise of your
                  | surroundings. [potion of mutation]
 73730 | Zig:18   | Lost mutation: You passively dampen the noise of your
                  | surroundings. [potion of mutation]
 73730 | Zig:18   | Lost mutation: Your movements are slightly less encumbered
                  | by armour. (ER -2) [potion of mutation]
 73730 | Zig:18   | Gained mutation: Your spells are a little easier to cast,
                  | but a little less powerful. [potion of mutation]
 73730 | Zig:18   | Gained mutation: You have hidden genetic defects. [potion
                  | of mutation]
 73730 | Zig:18   | Gained mutation: Your system is resistant to poisons.
                  | (rPois) [potion of mutation]
 73731 | Zig:18   | Lost mutation: You have hidden genetic defects. [potion of
                  | mutation]
 73731 | Zig:18   | Lost mutation: Your spells are a little easier to cast, but
                  | a little less powerful. [potion of mutation]
 73731 | Zig:18   | Gained mutation: You expend magic power (3 MP) to
                  | strengthen your wands. [potion of mutation]
 73731 | Zig:18   | Gained mutation: You passively dampen the noise of your
                  | surroundings. [potion of mutation]
 73731 | Zig:18   | Lost mutation: Your system is resistant to poisons. (rPois)
                  | [potion of mutation]
 73732 | Zig:18   | Lost mutation: You expend magic power (3 MP) to strengthen
                  | your wands. [potion of mutation]
 73732 | Zig:18   | Lost mutation: You passively dampen the noise of your
                  | surroundings. [potion of mutation]
 73732 | Zig:18   | Gained mutation: Your mind is acute. (Int +4, Str/Dex -1)
                  | [potion of mutation]
 73732 | Zig:18   | Gained mutation: You are partially covered in large bone
                  | plates. (SH +4) [potion of mutation]
 73733 | Zig:18   | Lost mutation: You are partially covered in large bone
                  | plates. (SH +4) [potion of mutation]
 73733 | Zig:18   | Lost mutation: Your mind is acute. (Int +4, Str/Dex -1)
                  | [potion of mutation]
 73733 | Zig:18   | Gained mutation: Your magical capacity is low. (-10% MP)
                  | [potion of mutation]
 73733 | Zig:18   | Gained mutation: You have sharp toenails. [potion of
                  | mutation]
 73733 | Zig:18   | Gained mutation: You possess an exceptional clarity of
                  | mind. [potion of mutation]
 73734 | Zig:18   | Lost mutation: You possess an exceptional clarity of mind.
                  | [potion of mutation]
 73734 | Zig:18   | Lost mutation: Your magical capacity is low. (-10% MP)
                  | [potion of mutation]
 73734 | Zig:18   | Gained mutation: Your flesh is heat resistant. (rF+)
                  | [potion of mutation]
 73734 | Zig:18   | Gained mutation: You have sharp fingernails. [potion of
                  | mutation]
 73735 | Zig:18   | Lost mutation: You have sharp toenails. [potion of
                  | mutation]
 73735 | Zig:18   | Lost mutation: Your flesh is heat resistant. (rF+) [potion
                  | of mutation]
 73735 | Zig:18   | Gained mutation: Potions are less effective at restoring
                  | your health. [potion of mutation]
 73736 | Zig:18   | Lost mutation: Potions are less effective at restoring your
                  | health. [potion of mutation]
 73736 | Zig:18   | Lost mutation: You have sharp fingernails. [potion of
                  | mutation]
 73736 | Zig:18   | Gained mutation: Your flesh is cold resistant. (rC+)
                  | [potion of mutation]
 73736 | Zig:18   | Gained mutation: You are somewhat resistant to further
                  | mutation. [potion of mutation]
 73737 | Zig:18   | Lost mutation: Your flesh is cold resistant. (rC+) [potion
                  | of mutation]
 73737 | Zig:18   | Lost mutation: You are somewhat resistant to further
                  | mutation. [potion of mutation]
 73737 | Zig:18   | Gained mutation: Your mind is acute. (Int +4, Str/Dex -1)
                  | [potion of mutation]
 73738 | Zig:18   | Lost mutation: Your mind is acute. (Int +4, Str/Dex -1)
                  | [potion of mutation]
 73738 | Zig:18   | Gained mutation: You are frail. (-10% HP) [potion of
                  | mutation]
 73738 | Zig:18   | Gained mutation: You are strong-willed. (Will+) [potion of
                  | mutation]
 73739 | Zig:18   | Lost mutation: You are frail. (-10% HP) [potion of
                  | mutation]
 73739 | Zig:18   | Lost mutation: You are strong-willed. (Will+) [potion of
                  | mutation]
 73739 | Zig:18   | Gained mutation: Your flesh is heat resistant. (rF+)
                  | [potion of mutation]
 73739 | Zig:18   | Gained mutation: You are vulnerable to cold. (rC-) [potion
                  | of mutation]
 73739 | Zig:18   | Gained mutation: Armour fits poorly on your strangely
                  | shaped body. [potion of mutation]
 73739 | Zig:18   | Gained mutation: You possess an exceptional clarity of
                  | mind. [potion of mutation]
 73740 | Zig:18   | Lost mutation: You are vulnerable to cold. (rC-) [potion of
                  | mutation]
 73740 | Zig:18   | Lost mutation: You possess an exceptional clarity of mind.
                  | [potion of mutation]
 73740 | Zig:18   | Gained mutation: You possess an exceptional clarity of
                  | mind. [potion of mutation]
 73741 | Zig:18   | Lost mutation: Your flesh is heat resistant. (rF+) [potion
                  | of mutation]
 73741 | Zig:18   | Lost mutation: You possess an exceptional clarity of mind.
                  | [potion of mutation]
 73741 | Zig:18   | Gained mutation: You are strong-willed. (Will+) [potion of
                  | mutation]
 73741 | Zig:18   | Gained mutation: You are frail. (-10% HP) [potion of
                  | mutation]
 73741 | Zig:18   | Gained mutation: You possess an exceptional clarity of
                  | mind. [potion of mutation]
 73742 | Zig:18   | Lost mutation: Armour fits poorly on your strangely shaped
                  | body. [potion of mutation]
 73742 | Zig:18   | Lost mutation: You are strong-willed. (Will+) [potion of
                  | mutation]
 73742 | Zig:18   | Lost mutation: You possess an exceptional clarity of mind.
                  | [potion of mutation]
 73742 | Zig:18   | Lost mutation: You are frail. (-10% HP) [potion of
                  | mutation]
 73742 | Zig:18   | Gained mutation: You are somewhat resistant to further
                  | mutation. [potion of mutation]
 73743 | Zig:18   | Lost mutation: You are somewhat resistant to further
                  | mutation. [potion of mutation]
 73743 | Zig:18   | Gained mutation: You occasionally lose the ability to drink
                  | potions when taking damage. [potion of mutation]
 73743 | Zig:18   | Gained mutation: You are robust. (+10% HP) [potion of
                  | mutation]
 73744 | Zig:18   | Lost mutation: You are robust. (+10% HP) [potion of
                  | mutation]
 73744 | Zig:18   | Lost mutation: You occasionally lose the ability to drink
                  | potions when taking damage. [potion of mutation]
 73744 | Zig:18   | Gained mutation: Your flesh is cold resistant. (rC+)
                  | [potion of mutation]
 73745 | Zig:18   | Lost mutation: Your flesh is cold resistant. (rC+) [potion
                  | of mutation]
 73745 | Zig:18   | Gained mutation: You are robust. (+10% HP) [potion of
                  | mutation]
 73745 | Zig:18   | Lost mutation: You are robust. (+10% HP) [potion of
                  | mutation]
 73745 | Zig:18   | Gained mutation: You occasionally lose the ability to drink
                  | potions when taking damage. [potion of mutation]
 73746 | Zig:18   | Lost mutation: You occasionally lose the ability to drink
                  | potions when taking damage. [potion of mutation]
 73746 | Zig:18   | Gained mutation: You possess an exceptional clarity of
                  | mind. [potion of mutation]
 73746 | Zig:18   | Gained mutation: You have an increased reservoir of magic.
                  | (+10% MP) [potion of mutation]
 73747 | Zig:18   | Lost mutation: You have an increased reservoir of magic.
                  | (+10% MP) [potion of mutation]
 73747 | Zig:18   | Lost mutation: You possess an exceptional clarity of mind.
                  | [potion of mutation]
 73747 | Zig:18   | Gained mutation: You are strong-willed. (Will+) [potion of
                  | mutation]
 73748 | Zig:18   | Lost mutation: You are strong-willed. (Will+) [potion of
                  | mutation]
 73748 | Zig:18   | Gained mutation: You possess an exceptional clarity of
                  | mind. [potion of mutation]
 73748 | Zig:18   | Gained mutation: You occasionally lose the ability to read
                  | scrolls when taking damage. [potion of mutation]
 73748 | Zig:18   | Gained mutation: Your spells are a little harder to cast,
                  | but a little more powerful. [potion of mutation]
 73749 | Zig:18   | Lost mutation: Your spells are a little harder to cast, but
                  | a little more powerful. [potion of mutation]
 73749 | Zig:18   | Lost mutation: You occasionally lose the ability to read
                  | scrolls when taking damage. [potion of mutation]
 73749 | Zig:18   | Gained mutation: Your magical capacity is low. (-10% MP)
                  | [potion of mutation]
 73749 | Zig:18   | Gained mutation: Your magical capacity is very low. (-20%
                  | MP) [potion of mutation]
 73750 | Zig:18   | Lost mutation: Your magical capacity is very low. (-20% MP)
                  | [potion of mutation]
 73750 | Zig:18   | Lost mutation: Your magical capacity is low. (-10% MP)
                  | [potion of mutation]
 73750 | Zig:18   | Lost mutation: You possess an exceptional clarity of mind.
                  | [potion of mutation]
 73750 | Zig:18   | Gained mutation: Your muscles are strong. (Str +4, Int/Dex
                  | -1) [potion of mutation]
 73750 | Zig:18   | Gained mutation: You are somewhat resistant to further
                  | mutation. [potion of mutation]
 73750 | Zig:18   | Gained mutation: Your mind is acute. (Int +4, Str/Dex -1)
                  | [potion of mutation]
 73751 | Zig:18   | Lost mutation: Your muscles are strong. (Str +4, Int/Dex
                  | -1) [potion of mutation]
 73751 | Zig:18   | Lost mutation: You are somewhat resistant to further
                  | mutation. [potion of mutation]
 73751 | Zig:18   | Lost mutation: Your mind is acute. (Int +4, Str/Dex -1)
                  | [potion of mutation]
 73751 | Zig:18   | Gained mutation: You are dopey. (Int -2) [potion of
                  | mutation]
 73751 | Zig:18   | Gained mutation: You occasionally lose the ability to read
                  | scrolls when taking damage. [potion of mutation]
 73751 | Zig:18   | Gained mutation: You are robust. (+10% HP) [potion of
                  | mutation]
 73752 | Zig:18   | Lost mutation: You are dopey. (Int -2) [potion of mutation]
 73752 | Zig:18   | Lost mutation: You are robust. (+10% HP) [potion of
                  | mutation]
 73752 | Zig:18   | Lost mutation: You occasionally lose the ability to read
                  | scrolls when taking damage. [potion of mutation]
 73752 | Zig:18   | Gained mutation: You are partially covered in large bone
                  | plates. (SH +4) [potion of mutation]
 73752 | Zig:18   | Gained mutation: Your spells are a little harder to cast,
                  | but a little more powerful. [potion of mutation]
 73763 | Zig:19   | Entered Level 19 of a ziggurat
 73767 | Zig:19   | Noticed an ancient lich
 73767 | Zig:19   | Noticed a dread lich
 73770 | Zig:19   | Noticed a dread lich
 73770 | Zig:19   | Noticed an ancient lich
 73770 | Zig:19   | Noticed a dread lich
 73770 | Zig:19   | Noticed an ancient lich
 73770 | Zig:19   | Noticed a dread lich
 73772 | Zig:19   | Killed an ancient lich
 73773 | Zig:19   | Noticed a dread lich
 73773 | Zig:19   | Noticed a dread lich
 73774 | Zig:19   | Noticed a dread lich
 73775 | Zig:19   | Noticed an ancient lich
 73775 | Zig:19   | Noticed a dread lich
 73775 | Zig:19   | Noticed an ancient lich
 73775 | Zig:19   | Noticed an ancient lich
 73775 | Zig:19   | Killed an ancient lich
 73775 | Zig:19   | Killed an ancient lich
 73775 | Zig:19   | Killed a dread lich
 73775 | Zig:19   | Killed a dread lich
 73775 | Zig:19   | Noticed a dread lich
 73776 | Zig:19   | Killed a dread lich
 73777 | Zig:19   | Reached skill level 27 in Stealth
 73777 | Zig:19   | Noticed a dread lich
 73777 | Zig:19   | Killed a dread lich
 73777 | Zig:19   | Killed a dread lich
 73777 | Zig:19   | Killed a dread lich
 73777 | Zig:19   | Noticed an ancient lich
 73778 | Zig:19   | Killed a dread lich
 73778 | Zig:19   | Killed a dread lich
 73778 | Zig:19   | Killed an ancient lich
 73778 | Zig:19   | Killed a dread lich
 73778 | Zig:19   | Killed an ancient lich
 73778 | Zig:19   | Killed a dread lich
 73778 | Zig:19   | Killed an ancient lich
 73778 | Zig:19   | Noticed an ancient lich
 73781 | Zig:19   | Found the +6 lightning scales {swift, rElec}
 73781 | Zig:19   | Killed an ancient lich
 73781 | Zig:19   | Noticed a dread lich
 73783 | Zig:19   | Killed an ancient lich
 73785 | Zig:19   | Killed a dread lich
 73793 | Zig:19   | Identified the ring "Ydoceozu" {rC+ Will+ Int+6}
 73796 | Zig:19   | Identified the +2 quarterstaff of Tef Tai {flame, Dex+3}
 73809 | Zig:19   | Identified the +9 broad axe of Muqoeq {speed, rC- Str+4}
 73822 | Zig:20   | Entered Level 20 of a ziggurat
 73829 | Zig:20   | Noticed a dread lich
 73830 | Zig:20   | Killed a dread lich
 73839 | Zig:20   | Reached skill level 27 in Hexes
 73976 | Zig:20   | Identified the +5 sling of Valiance {heavy, rF++ Str+2
                  | Dex-4}
 73979 | Zig:20   | Identified the ring of Napsen {Fire rPois Str+5 Dex+2
                  | Stlth-}
 73992 | Zig:20   | Identified the staff "Daytum" {*Corrode Fly rElec rF+ Air}
 74005 | Zig:20   | Reached skill level 27 in Unarmed Combat
 74013 | Zig:21   | Entered Level 21 of a ziggurat
 74028 | Zig:21   | Reached skill level 10 in Throwing
 74042 | Zig:21   | Reached skill level 15 in Throwing
 74165 | Zig:22   | Entered Level 22 of a ziggurat
 74188 | Zig:22   | Killed a dread lich
 74228 | Zig:22   | Found the +7 staff of the Meek {protect, meekguard}
 74229 | Zig:22   | Found the +12 pair of quick blades "Gyre" and "Gimble"
                  | {protect}
 74292 | Zig:22   | Lost mutation: Your spells are a little harder to cast, but
                  | a little more powerful. [potion of mutation]
 74292 | Zig:22   | Lost mutation: You are partially covered in large bone
                  | plates. (SH +4) [potion of mutation]
 74292 | Zig:22   | Gained mutation: Your movements are slightly less
                  | encumbered by armour. (ER -2) [potion of mutation]
 74293 | Zig:22   | Lost mutation: Your movements are slightly less encumbered
                  | by armour. (ER -2) [potion of mutation]
 74293 | Zig:22   | Gained mutation: A frigid envelope surrounds you and
                  | freezes all who hurt you. [potion of mutation]
 74293 | Zig:22   | Gained mutation: Your body sometimes deteriorates upon
                  | taking damage. [potion of mutation]
 74293 | Zig:22   | Gained mutation: Your spells are a little harder to cast,
                  | but a little more powerful. [potion of mutation]
 74294 | Zig:22   | Lost mutation: Your body sometimes deteriorates upon taking
                  | damage. [potion of mutation]
 74294 | Zig:22   | Lost mutation: Your spells are a little harder to cast, but
                  | a little more powerful. [potion of mutation]
 74294 | Zig:22   | Lost mutation: A frigid envelope surrounds you and freezes
                  | all who hurt you. [potion of mutation]
 74294 | Zig:22   | Gained mutation: Your flesh is heat resistant. (rF+)
                  | [potion of mutation]
 74294 | Zig:22   | Gained mutation: You passively dampen the noise of your
                  | surroundings. [potion of mutation]
 74294 | Zig:22   | Gained mutation: You occasionally shout uncontrollably at
                  | your foes. [potion of mutation]
 74294 | Zig:22   | Gained mutation: Your mind is acute. (Int +4, Str/Dex -1)
                  | [potion of mutation]
 74295 | Zig:22   | Lost mutation: You passively dampen the noise of your
                  | surroundings. [potion of mutation]
 74295 | Zig:22   | Lost mutation: Your mind is acute. (Int +4, Str/Dex -1)
                  | [potion of mutation]
 74295 | Zig:22   | Lost mutation: Your flesh is heat resistant. (rF+) [potion
                  | of mutation]
 74295 | Zig:22   | Gained mutation: You expend magic power (3 MP) to
                  | strengthen your wands. [potion of mutation]
 74295 | Zig:22   | Gained mutation: You are covered in fur. (AC +1) [potion of
                  | mutation]
 74295 | Zig:22   | Gained mutation: You have hidden genetic potential. [potion
                  | of mutation]
 74296 | Zig:22   | Lost mutation: You are covered in fur. (AC +1) [potion of
                  | mutation]
 74296 | Zig:22   | Lost mutation: You expend magic power (3 MP) to strengthen
                  | your wands. [potion of mutation]
 74296 | Zig:22   | Gained mutation: You expend magic power (3 MP) to
                  | strengthen your wands. [potion of mutation]
 74296 | Zig:22   | Gained mutation: You are agile. (Dex +4, Str/Int -1)
                  | [potion of mutation]
 74296 | Zig:22   | Gained mutation: You passively map a small area around you.
                  | [potion of mutation]
 74297 | Zig:22   | Lost mutation: You expend magic power (3 MP) to strengthen
                  | your wands. [potion of mutation]
 74297 | Zig:22   | Lost mutation: You occasionally shout uncontrollably at
                  | your foes. [potion of mutation]
 74297 | Zig:22   | Lost mutation: You are agile. (Dex +4, Str/Int -1) [potion
                  | of mutation]
 74297 | Zig:22   | Lost mutation: You have hidden genetic potential. [potion
                  | of mutation]
 74297 | Zig:22   | Gained mutation: Your flesh is cold resistant. (rC+)
                  | [potion of mutation]
 74297 | Zig:22   | Gained mutation: You have sharp toenails. [potion of
                  | mutation]
 74298 | Zig:22   | Lost mutation: You have sharp toenails. [potion of
                  | mutation]
 74298 | Zig:22   | Lost mutation: Your flesh is cold resistant. (rC+) [potion
                  | of mutation]
 74298 | Zig:22   | Gained mutation: Your skin changes colour to match your
                  | surroundings (Stealth+). [potion of mutation]
 74298 | Zig:22   | Gained mutation: You possess an exceptional clarity of
                  | mind. [potion of mutation]
 74298 | Zig:22   | Gained mutation: You are robust. (+10% HP) [potion of
                  | mutation]
 74299 | Zig:22   | Lost mutation: You passively map a small area around you.
                  | [potion of mutation]
 74299 | Zig:22   | Lost mutation: You are robust. (+10% HP) [potion of
                  | mutation]
 74299 | Zig:22   | Gained mutation: You are dopey. (Int -2) [potion of
                  | mutation]
 74299 | Zig:22   | Gained mutation: You have large cloven feet. [potion of
                  | mutation]
 74300 | Zig:22   | Lost mutation: Your skin changes colour to match your
                  | surroundings (Stealth+). [potion of mutation]
 74300 | Zig:22   | Lost mutation: You have large cloven feet. [potion of
                  | mutation]
 74300 | Zig:22   | Lost mutation: You are dopey. (Int -2) [potion of mutation]
 74300 | Zig:22   | Gained mutation: Your magical capacity is low. (-10% MP)
                  | [potion of mutation]
 74300 | Zig:22   | Gained mutation: You are robust. (+10% HP) [potion of
                  | mutation]
 74300 | Zig:22   | Gained mutation: Your spells are a little harder to cast,
                  | but a little more powerful. [potion of mutation]
 74300 | Zig:22   | Gained mutation: Your spells are harder to cast, but more
                  | powerful. [potion of mutation]
 74301 | Zig:22   | Lost mutation: You possess an exceptional clarity of mind.
                  | [potion of mutation]
 74301 | Zig:22   | Lost mutation: Your magical capacity is low. (-10% MP)
                  | [potion of mutation]
 74301 | Zig:22   | Gained mutation: You sometimes lose your temper in combat.
                  | [potion of mutation]
 74301 | Zig:22   | Gained mutation: You are very robust. (+20% HP) [potion of
                  | mutation]
 74302 | Zig:22   | Lost mutation: You sometimes lose your temper in combat.
                  | [potion of mutation]
 74302 | Zig:22   | Lost mutation: You are very robust. (+20% HP) [potion of
                  | mutation]
 74302 | Zig:22   | Gained mutation: You have sharp toenails. [potion of
                  | mutation]
 74302 | Zig:22   | Gained mutation: Your mind is acute. (Int +4, Str/Dex -1)
                  | [potion of mutation]
 74323 | Zig:23   | Entered Level 23 of a ziggurat
 74331 | Zig:23   | Noticed a dread lich
 74332 | Zig:23   | Noticed a dread lich
 74334 | Zig:23   | Noticed a dread lich
 74334 | Zig:23   | Noticed an ancient lich
 74334 | Zig:23   | Noticed an ancient lich
 74335 | Zig:23   | Noticed a dread lich
 74335 | Zig:23   | Killed a dread lich
 74335 | Zig:23   | Killed a dread lich
 74335 | Zig:23   | Killed an ancient lich
 74335 | Zig:23   | Killed an ancient lich
 74336 | Zig:23   | Killed a dread lich
 74336 | Zig:23   | Killed a dread lich
 74337 | Zig:23   | Noticed a dread lich
 74337 | Zig:23   | Noticed a dread lich
 74338 | Zig:23   | Killed a dread lich
 74338 | Zig:23   | Killed a dread lich
 74339 | Zig:23   | Noticed an ancient lich
 74340 | Zig:23   | Noticed an ancient lich
 74341 | Zig:23   | Killed an ancient lich
 74341 | Zig:23   | Killed an ancient lich
 74343 | Zig:23   | Noticed a dread lich
 74344 | Zig:23   | Killed a dread lich
 74344 | Zig:23   | Noticed a dread lich
 74344 | Zig:23   | Noticed an ancient lich
 74345 | Zig:23   | Killed an ancient lich
 74345 | Zig:23   | Killed a dread lich
 74345 | Zig:23   | Noticed an ancient lich
 74347 | Zig:23   | Noticed a dread lich
 74348 | Zig:23   | Noticed an ancient lich
 74348 | Zig:23   | Killed a dread lich
 74348 | Zig:23   | Killed an ancient lich
 74348 | Zig:23   | Killed an ancient lich
 74351 | Zig:23   | Noticed a dread lich
 74355 | Zig:23   | Killed a dread lich
 74403 | Zig:23   | Found the +7 sceptre of Torment {pain, torment}
 74416 | Zig:23   | Identified the +7 great sword of Sharkskin {pain, rN+ Int+6
                  | Dex-4 SInv Stlth+}
 74438 | Zig:23   | Identified the +11 long sword of the Boiling Point {speed,
                  | Int+2}
 74439 | Zig:23   | Identified the +0 barding of the Imp {rElec Will+ Str-5
                  | Dex+3}
 74441 | Zig:23   | Identified the +1 scale mail "Gonyun" {+Inv rC+ Int+3
                  | Dex-5}
 74443 | Zig:23   | Identified the +3 ring mail of the Scuffed Hot Ocelot {rN+}
 74452 | Zig:23   | Identified the staff of Irrepressible Laughter {Drain Int+4
                  | Dex+3 Conj}
 74467 | Zig:23   | Identified the staff "Ifiroust" {Will++ Int+2 SInv Earth}
 74471 | Zig:24   | Entered Level 24 of a ziggurat
 74475 | Zig:24   | Paralysed by an air elemental for 1 turns
 74479 | Zig:24   | Reached skill level 27 in Throwing
 74492 | Zig:24   | Paralysed by an air elemental for 1 turns
 74515 | Zig:24   | Found the +8 orange crystal plate armour {Archmagi, Int+3
                  | Clar}
 74588 | Zig:24   | Identified the staff "Duudijudd" {Fragile rN+ Int+3 Dex+3
                  | Summ Necro}
 74608 | Zig:25   | Entered Level 25 of a ziggurat
 74634 | Zig:25   | Reached skill level 27 in Short Blades
 74655 | Zig:25   | Found the +27 heavy crossbow "Sniper" {heavy, Acc+∞ SInv}
 74668 | Zig:25   | Identified the +2 pair of gloves of Complete Protection
                  | {Str+4}
 74671 | Zig:25   | Identified the +7 shortbow "Widowmaker" {speed, rElec rPois
                  | Int+6 Dex-4}
 74691 | Zig:25   | Identified the +3 morningstar "Odghibea" {venom, Int+2}
 74702 | Zig:25   | Identified the +0 chain mail of Generosity {+Inv Str+2
                  | Int-2}
 74704 | Zig:25   | Identified the staff "Bunue" {rElec Str+3 Int+3 Dex+4 Air}
 74705 | Zig:25   | Identified the +7 sling of Alad {speed, rPois}
 74706 | Zig:25   | Identified the +6 trident of the Crushed Xenops {antimagic,
                  | Str+2 SInv}
 74715 | Zig:26   | Entered Level 26 of a ziggurat
 74723 | Zig:26   | Reached skill level 10 in Summonings
 74734 | Zig:26   | Reached skill level 15 in Summonings
 74766 | Zig:26   | Identified the ring of Makhleb's Delight {*Slow rN+ MP+9
                  | Int+6}
 74768 | Zig:26   | Identified the +4 plate armour of Biet {Rampage +Inv rN+
                  | Stlth+}
 74769 | Zig:26   | Identified the +3 giant club "Killer Klown's Death" {pain,
                  | rElec rN+}
 74770 | Zig:26   | Identified the +4 flail of Doom {flame, Stlth+}
 74794 | Zig:26   | Identified the +3 leather armour "Anyryen" {Int+2}
 74801 | Zig:26   | Identified the +9 sling "Votaulim" {drain, rF++}
 74806 | Zig:26   | Identified the +6 dagger of Yxuisso {flame, rC- Will+++
                  | Dex+5}
 74808 | Zig:26   | Identified the +1 pair of boots of the New World {Harm
                  | Str-4 SInv}
 74811 | Zig:26   | Identified the ring of the Good {Contam rF- rC+ Dex+7
                  | Slay+6}
 74816 | Zig:27   | Entered Level 27 of a ziggurat
 74841 | Zig:27   | Noticed Goanor the pandemonium lord
 74843 | Zig:27   | Killed Goanor the pandemonium lord
 74891 | Zig:27   | Found the +7 great mace "Firestarter" {flame, immolate,
                  | rFlCloud rF++}
 74903 | Zig:27   | Identified the +6 triple sword "Yschezala" {freeze, rElec
                  | rN++ Str+4}
 74918 | Zig:27   | Identified the +1 plate armour of Hedge Wizardry {Contam
                  | rN+ Int+3 Dex+3}
 74943 | Zig:27   | Identified the +6 whip of Fortitude {venom, rPois rF- rCorr
                  | Int+4}
 74966 | Zig:1    | Entered Level 1 of a ziggurat
 74986 | Zig:2    | Entered Level 2 of a ziggurat
 75017 | Zig:3    | Entered Level 3 of a ziggurat
 75056 | Zig:3    | Identified the +11 scimitar of Revolt {freeze, Will+ rCorr
                  | Str+3 Dex-5}
 75060 | Zig:4    | Entered Level 4 of a ziggurat
 75060 | Zig:4    | Noticed a juggernaut
 75061 | Zig:4    | Noticed a juggernaut
 75065 | Zig:4    | Reached skill level 27 in Summonings
 75065 | Zig:4    | Reached skill level 1 in Invocations
 75066 | Zig:4    | Killed a juggernaut
 75066 | Zig:4    | Killed a juggernaut
 75067 | Zig:4    | Reached skill level 5 in Invocations
 75095 | Zig:5    | Entered Level 5 of a ziggurat
 75096 | Zig:5    | Noticed an ancient lich
 75096 | Zig:5    | Noticed an ancient lich
 75096 | Zig:5    | Noticed a dread lich
 75096 | Zig:5    | Noticed an ancient lich
 75096 | Zig:5    | Noticed a dread lich
 75098 | Zig:5    | Killed an ancient lich
 75098 | Zig:5    | Killed a dread lich
 75098 | Zig:5    | Killed an ancient lich
 75098 | Zig:5    | Killed an ancient lich
 75098 | Zig:5    | Noticed an ancient lich
 75098 | Zig:5    | Noticed a dread lich
 75099 | Zig:5    | Killed a dread lich
 75099 | Zig:5    | Killed a dread lich
 75099 | Zig:5    | Noticed an ancient lich
 75100 | Zig:5    | Reached skill level 10 in Invocations
 75100 | Zig:5    | Killed an ancient lich
 75100 | Zig:5    | Killed an ancient lich
 75100 | Zig:5    | Noticed a dread lich
 75101 | Zig:5    | Killed a dread lich
 75101 | Zig:5    | Killed an ancient lich
 75102 | Zig:5    | Noticed a dread lich
 75102 | Zig:5    | Noticed an ancient lich
 75103 | Zig:5    | Killed an ancient lich
 75103 | Zig:5    | Killed an ancient lich
 75103 | Zig:5    | Killed a dread lich
 75122 | Zig:5    | Identified the +3 mace "Qedoaj" {holy, rElec rN+ Dex+4}
 75128 | Zig:6    | Entered Level 6 of a ziggurat
 75128 | Zig:6    | Noticed a royal mummy
 75128 | Zig:6    | Noticed a royal mummy
 75130 | Zig:6    | Reached skill level 15 in Invocations
 75131 | Zig:6    | Killed a royal mummy
 75131 | Zig:6    | Killed a royal mummy
 75132 | Zig:6    | Noticed a royal mummy
 75132 | Zig:6    | Noticed a royal mummy
 75135 | Zig:6    | Killed a royal mummy
 75135 | Zig:6    | Killed a royal mummy
 75145 | Zig:6    | Identified the +0 ring mail of Veurphacs {Contam Fly rC+++
                  | Dex-2}
 75161 | Zig:6    | Identified the +9 lajatang "Jiec" {freeze, +Blink rElec}
 75168 | Zig:7    | Entered Level 7 of a ziggurat
 75171 | Zig:7    | Killed a dread lich
 75194 | Zig:7    | Identified the +2 robe of Lachrymose the Good {+Blink rF+
                  | rN+}
 75201 | Zig:7    | Identified the +1 scale mail of Idealism {Rampage Stlth+}
 75211 | Zig:7    | Identified the +9 whip of Qashrail {speed, rC- Dex+4}
 75215 | Zig:8    | Entered Level 8 of a ziggurat
 75228 | Zig:8    | Paralysed by accursed screaming for 1 turns
 75256 | Zig:8    | Identified the +8 scimitar of Honour {heavy, Int+4 Dex+2}
 75278 | Zig:8    | Identified the staff of the Bespelled God {rElec SInv Air}
 75279 | Zig:8    | Identified the staff "Killer Bee's Regret" {Drain +Blink
                  | rC+ rN+++ Int+3 Ice}
 75287 | Zig:9    | Entered Level 9 of a ziggurat
 75292 | Zig:9    | Noticed an ancient lich
 75293 | Zig:9    | Noticed a dread lich
 75294 | Zig:9    | Noticed an ancient lich
 75295 | Zig:9    | Killed an ancient lich
 75295 | Zig:9    | Killed an ancient lich
 75295 | Zig:9    | Noticed a dread lich
 75296 | Zig:9    | Killed a dread lich
 75296 | Zig:9    | Killed a dread lich
 75296 | Zig:9    | Noticed a dread lich
 75297 | Zig:9    | Killed a dread lich
 75297 | Zig:9    | Noticed a dread lich
 75303 | Zig:9    | Killed a dread lich
 75304 | Zig:9    | Reached skill level 27 in Invocations
 75307 | Zig:9    | Noticed a dread lich
 75311 | Zig:9    | Killed a dread lich
 75312 | Zig:9    | Reached skill level 5 in Poison Magic
 75340 | Zig:9    | Identified the ring "Fidaq" {rElec rPois rCorr SInv}
 75378 | Zig:10   | Entered Level 10 of a ziggurat
 75387 | Zig:10   | Noticed Etzyop the pandemonium lord
 75388 | Zig:10   | Reached skill level 10 in Poison Magic
 75391 | Zig:10   | Killed Etzyop the pandemonium lord
 75423 | Zig:10   | Identified the ring "Giupin" {Will++ Int+6 Dex+3}
 75434 | Zig:11   | Entered Level 11 of a ziggurat
 75445 | Zig:11   | Found the +8 demon trident "Rift" {distort, reach+}
 75447 | Zig:11   | Reached skill level 15 in Poison Magic
 75471 | Zig:11   | Identified the +9 long sword "Woheaq" {drain, Str+2 Int+3}
 75478 | Zig:11   | Identified the +1 scale mail of the Monk {Str+3}
 75488 | Zig:11   | Identified the +1 plate armour "Ohao" {rC+ Str+2 Dex-3}
 75490 | Zig:11   | Identified the +1 shortbow of Zaony {freeze, Dex+2}
 75507 | Zig:11   | Identified the +0 leather armour of a sewer {Str+2}
 75537 | Zig:12   | Entered Level 12 of a ziggurat
 75551 | Zig:12   | Noticed a dread lich
 75554 | Zig:12   | Killed a dread lich
 75589 | Zig:12   | Identified the +6 halberd of Big Damage {freeze, Int+3}
 75595 | Zig:12   | Identified the +0 flail of Wu Jian {heavy, rN+ Int+3}
 75598 | Zig:12   | Identified the ring of Lutsiuji {rPois Slay+4}
 75602 | Zig:12   | Identified the ring of Zeizar {rCorr Str+3 Int+4}
 75605 | Zig:12   | Identified the +1 great sword of Impatience {heavy, rElec
                  | Str+4}
 75628 | Zig:13   | Entered Level 13 of a ziggurat
 75636 | Zig:13   | Noticed a dread lich
 75641 | Zig:13   | Killed a dread lich
 75643 | Zig:13   | Noticed a dread lich
 75644 | Zig:13   | Killed a dread lich
 75644 | Zig:13   | Noticed an ancient lich
 75645 | Zig:13   | Killed an ancient lich
 75684 | Zig:13   | Identified the +2 long sword "Wifaani" {vamp, Drain rC++}
 75687 | Zig:13   | Identified the ring of Satyriasis {rF+ rC+ Int+6}
 75707 | Zig:13   | Identified the +8 chain mail of Parts Unknown {rN++ Int-3}
 75727 | Zig:14   | Entered Level 14 of a ziggurat
 75748 | Zig:14   | Reached skill level 27 in Poison Magic
 75756 | Zig:14   | Found the ring of the Octopus King
 75766 | Zig:14   | Identified the +4 ring mail of Pacvapna {rElec rN+}
 75797 | Zig:14   | Identified a ring of the Octopus King {Wiz HP+2 AC+2 EV+2
                  | SH+2}
 76185 | Slime:1  | Entered Level 1 of the Pits of Slime
 76215 | Slime:4  | Noticed Dissolution
 76216 | Slime:4  | Killed Dissolution
 76223 | Slime:5  | Entered Level 5 of the Pits of Slime
 76257 | Slime:5  | Noticed the Royal Jelly
 76259 | Slime:5  | Killed the Royal Jelly
 76345 | Slime:5  | Got a slimy rune of Zot
 76950 | Tomb:1   | Entered Level 1 of the Tomb of the Ancients
 76952 | Tomb:1   | Noticed a royal mummy
 76952 | Tomb:1   | Noticed a royal mummy
 76961 | Tomb:1   | Noticed a royal mummy
 76962 | Tomb:1   | Killed a royal mummy
 76962 | Tomb:1   | Noticed a royal mummy
 76964 | Tomb:1   | Killed a royal mummy
 76964 | Tomb:1   | Killed a royal mummy
 76964 | Tomb:1   | Noticed a royal mummy
 76965 | Tomb:1   | Killed a royal mummy
 76968 | Tomb:1   | Killed a royal mummy
 76969 | Tomb:1   | Noticed a royal mummy
 76971 | Tomb:1   | Noticed a royal mummy
 76974 | Tomb:1   | Killed a royal mummy
 76974 | Tomb:1   | Killed a royal mummy
 77026 | Tomb:1   | Noticed a royal mummy
 77031 | Tomb:1   | Killed a royal mummy
 77087 | Tomb:3   | Entered Level 3 of the Tomb of the Ancients
 77101 | Tomb:3   | Noticed a royal mummy
 77102 | Tomb:3   | Noticed a royal mummy
 77106 | Tomb:3   | Killed a royal mummy
 77106 | Tomb:3   | Killed a royal mummy
 77117 | Tomb:3   | Noticed a royal mummy
 77118 | Tomb:3   | Noticed a royal mummy
 77120 | Tomb:3   | Noticed a royal mummy
 77121 | Tomb:3   | Killed a royal mummy
 77121 | Tomb:3   | Killed a royal mummy
 77122 | Tomb:3   | Killed a royal mummy
 77122 | Tomb:3   | Noticed a royal mummy
 77124 | Tomb:3   | Killed a royal mummy
 77125 | Tomb:3   | Noticed a royal mummy
 77125 | Tomb:3   | Noticed a royal mummy
 77128 | Tomb:3   | Killed a royal mummy
 77128 | Tomb:3   | Killed a royal mummy
 77130 | Tomb:3   | Noticed a royal mummy
 77132 | Tomb:3   | Killed a royal mummy
 77207 | Tomb:3   | Got a golden rune of Zot
 77229 | Tomb:3   | Identified the ring "Ywnopn" {Wiz rElec rC- rN+++ Int+3}
 77361 | Tomb:1   | Noticed a royal mummy
 77365 | Tomb:1   | Killed a royal mummy
 77370 | Tomb:1   | Noticed a royal mummy
 77373 | Tomb:1   | Killed a royal mummy
 77380 | Tomb:1   | Noticed a royal mummy
 77384 | Tomb:1   | Noticed a royal mummy
 77384 | Tomb:1   | Noticed a royal mummy
 77385 | Tomb:1   | Killed a royal mummy
 77385 | Tomb:1   | Killed a royal mummy
 77387 | Tomb:1   | Killed a royal mummy
 77806 | Depths:1 | Voluntarily entered the Abyss.
 78124 | Abyss:4  | Got an abyssal rune of Zot
 78140 | Depths:1 | Escaped the Abyss
 78213 | Pan      | Entered Pandemonium
 78264 | Pan      | Noticed Sestoar the pandemonium lord
 78265 | Pan      | Killed Sestoar the pandemonium lord
 78296 | Pan      | Noticed Faudoarr the pandemonium lord
 78299 | Pan      | Killed Faudoarr the pandemonium lord
 78327 | Pan      | Entered the realm of Cerebov.
 78391 | Pan      | Identified the amulet "Moupryeg" {rC++ Regen+}
 78395 | Pan      | Found the +6 sword of Cerebov {flame}
 78395 | Pan      | Noticed Cerebov
 78420 | Pan      | Killed Cerebov
 78457 | Pan      | Got a fiery rune of Zot
 78776 | Pan      | Noticed Kuwn the pandemonium lord
 78779 | Pan      | Noticed Ignacio
 78782 | Pan      | Killed Ignacio
 78790 | Pan      | Acquired the +2 pair of gloves "Taloax" {rF+ rC+ rN+
                  | Regen+}
 78865 | Pan      | Noticed Nuukek the pandemonium lord
 78868 | Pan      | Killed Nuukek the pandemonium lord
 78999 | Depths:2 | Escaped Pandemonium
 79078 | Pan      | Entered the realm of Lom Lobon.
 79078 | Pan      | Entered Pandemonium
 79078 | Pan      | Noticed Lom Lobon
 79083 | Pan      | Killed Lom Lobon
 79087 | Pan      | Got a magical rune of Zot
 79102 | Pan      | Entered the realm of Mnoleg.
 79102 | Pan      | Noticed Mnoleg
 79105 | Pan      | Killed Mnoleg
 79108 | Pan      | Got a glowing rune of Zot
 79126 | Pan      | Entered the realm of Gloorx Vloq.
 79160 | Pan      | Got a dark rune of Zot
 79207 | Pan      | Identified the +0 hand axe of Megalomania {freeze, Will+}
 79218 | Pan      | Found an exit through the horrors of the Abyss.
 79288 | Pan      | Found a runed translucent door.
 79307 | Pan      | Noticed Caty the pandemonium lord
 79308 | Pan      | Killed Caty the pandemonium lord
 79476 | Pan      | Noticed Jekhliq the pandemonium lord
 79479 | Pan      | Killed Jekhliq the pandemonium lord
 79490 | Pan      | Identified the +0 quarterstaff of Forgiveness {distort,
                  | rElec rCorr Dex+3 Stlth+}
 79548 | Pan      | Noticed Gloorx Vloq
 79553 | Pan      | Killed Gloorx Vloq
 79595 | Pan      | Noticed Byur the pandemonium lord
 79598 | Pan      | Killed Byur the pandemonium lord
 79621 | Pan      | Noticed Faohes the pandemonium lord
 79622 | Pan      | Killed Faohes the pandemonium lord
 79714 | Pan      | Noticed Liafuff the pandemonium lord
 79718 | Pan      | Killed Liafuff the pandemonium lord
 79764 | Pan      | Noticed Jixi the pandemonium lord
 79766 | Pan      | Killed Jixi the pandemonium lord
 79768 | Pan      | Found a huge runed translucent gate.
 79769 | Pan      | Found a huge runed translucent gate.
 79769 | Pan      | Found a huge runed translucent gate.
 79769 | Pan      | Found a huge runed translucent gate.
 79790 | Pan      | Killed Paroz the pandemonium lord
 79814 | Pan      | Noticed Finexkac the pandemonium lord
 79816 | Pan      | Killed Finexkac the pandemonium lord
 79837 | Pan      | Got a demonic rune of Zot
 79887 | Pan      | Found an exit through the horrors of the Abyss.
 79896 | Pan      | Took an exit into the Abyss.
 79896 | Abyss:4  | Escaped into the Abyss
 79918 | Abyss:5  | Found a corrupted altar of Lugonu.
 79989 | Abyss:5  | Found a corrupted altar of Lugonu.
 80003 | Abyss:5  | Found a corrupted altar of Lugonu.
 80015 | Abyss:5  | Found a corrupted altar of Lugonu.
 80053 | Depths:2 | Escaped the Abyss
 80077 | Hell     | Entered the Vestibule of Hell
 80078 | Hell     | Noticed Geryon
 80087 | Hell     | Killed Geryon
 80119 | Hell     | Found a gateway to the ashen valley of Gehenna.
 80142 | Geh:1    | Entered Level 1 of Gehenna
 80363 | Geh:6    | Noticed a dread lich
 80370 | Geh:6    | Killed a dread lich
 80400 | Geh:7    | Entered Level 7 of Gehenna
 80466 | Geh:7    | Found the +13 sceptre of Asmodeus
 80466 | Geh:7    | Noticed Asmodeus
 80478 | Geh:7    | Killed Asmodeus
 80485 | Geh:7    | Got an obsidian rune of Zot
 80569 | Hell     | Found a gateway to the Iron City of Dis.
 80575 | Dis:1    | Entered Level 1 of the Iron City of Dis
 80707 | Dis:7    | Entered Level 7 of the Iron City of Dis
 80792 | Dis:7    | Got an iron rune of Zot
 80977 | Hell     | Found a gateway to the freezing wastes of Cocytus.
 80985 | Hell     | Paralysed by a wendigo for 1 turns
 80987 | Coc:1    | Entered Level 1 of Cocytus
 81088 | Coc:7    | Entered Level 7 of Cocytus
 81141 | Coc:7    | Noticed Antaeus
 81147 | Coc:7    | Killed Antaeus
 81153 | Coc:7    | Got an icy rune of Zot
 81234 | Hell     | Found a gateway to the decaying netherworld of Tartarus.
 81243 | Tar:1    | Entered Level 1 of Tartarus
 81399 | Tar:7    | Entered Level 7 of Tartarus
 81446 | Tar:7    | Noticed the Serpent of Hell
 81450 | Tar:7    | Killed the Serpent of Hell
 81476 | Tar:7    | Found the +4 skin of Zhor {*Englaciate rC+++ SInv}
 81479 | Tar:7    | Noticed Ereshkigal
 81481 | Tar:7    | Killed Ereshkigal
 81498 | Tar:7    | Identified the ring "Xoybuher" {rN+ rCorr}
 81498 | Tar:7    | Found the +5 Lochaber axe {reach-cleave, Poleaxe Drain}
 81503 | Tar:7    | Got a bone rune of Zot
 81534 | Tar:7    | Noticed an ancient lich
 81539 | Tar:7    | Killed an ancient lich
 81682 | Depths:4 | Entered Level 4 of the Depths
 81694 | Depths:4 | Found a gate to the Realm of Zot.
 81702 | Zot:1    | Entered Level 1 of the Realm of Zot
 81784 | Zot:5    | Entered Level 5 of the Realm of Zot
 81808 | Zot:5    | Noticed an orb of fire
 81811 | Zot:5    | Killed an orb of fire
 81816 | Zot:5    | Noticed an ancient lich
 81820 | Zot:5    | Noticed an ancient lich
 81821 | Zot:5    | Killed an ancient lich
 81822 | Zot:5    | Noticed a dread lich
 81823 | Zot:5    | Killed a dread lich
 81823 | Zot:5    | Killed an ancient lich
 81855 | Zot:5    | Noticed an orb of fire
 81860 | Zot:5    | Killed an orb of fire
 81870 | Zot:5    | Got the Orb of Zot
 82205 | D:10     | Noticed Miumaokk the pandemonium lord
 82210 | D:10     | Killed Miumaokk the pandemonium lord
 82477 | D:1      | Noticed Ashrodo the pandemonium lord
 82479 | D:1      | Killed Ashrodo the pandemonium lord
 82479 | D:1      | Killed an ancient lich
 82497 | D:$      | Escaped with the Orb!

Illustrated notes

##.##.#...#.##.....#
...'..#.>.#..'.....#
...##.#...#.##[....#
...##.##'##.##...[.#
...##.......##.....#
...#####.#####.....#
########'#####.....#
.........#.........#
...#.....#......8..#
..###....#.....[...#
.........'.........#
#.....#..####+###..#
#.....##.#......#..#
#.....#..'......#..#
.........#......#).#
..###....#......#..#
...#.....#......#..#


Turn 64548 on Vaults:3: pee toime

Levels and vault maps discovered:
D:1:      doesnt_arrival_eight_statues, layout_loops_ring, serial_rivers,
          chequers_serial_rivers_micro_b, chequers_serial_rivers_micro_b,
          chequers_serial_rivers_small_b, chequers_serial_rivers_small_b,
          chequers_serial_rivers_small_b, minmay_shallow_snake_nest
D:2:      layout_basic, basic_altar, shapermc_ecumenical_altar_mp_highgroup,
          uniq_natasha, uniq_crazy_yiuf_cottage
D:3:      layout_loops_ring, amcnicky_altar_gilded, uniq_ijyb
D:4:      layout_rooms, cheibrodos_sewer_entry_bend, serial_shops,
          nicolae_shop_rolled_up, kennysheep_generic_room_2
D:5:      layout_loops_cross, serial_shops, nicolae_shop_stone, uniq_grinder
D:6:      layout_cave_pods, vehumet_altar_wand_db, serial_shops, shop,
          st_stairs_3
D:7:      layout_loops_corners, minmay_temple_entry_slanted
D:8:      layout_basic, lemuel_flamethrower_2, uniq_erica, uniq_psyche
D:9:      cheibrodos_steamvent, layout_loops_ring,
          regret_index_temple_of_mockery, lair_entry_dummy
D:10:     layout_loops_corners, kennysheep_little_box
D:11:     layout_roguey, minmay_orc_entry_temple_small, uniq_erolcha
D:12:     layout_small_grid, serial_bayou, serial_bayou_lagoon_a,
          serial_bayou_lagoon_b, serial_bayou_pond_d, serial_bayou_crossing,
          serial_bayou_pond_b, serial_bayou_shore_b, hangedman_weighted_door,
          hangedman_corner_corridor, uniq_sonja
D:13:     layout_roguey, portal_ice_cave_entry_pillars_2, st_stairs_7
D:14:     layout_irregular_city, erik_vaults_2,
          nicolae_cairo_tiling_large_dashed, serial_shops,
          nicolae_shop_getting_attention, nicolae_shop_waterfront, shop, shop,
          shop, eat_drink_and_be_merry_uskayaw, uniq_kirke
D:15:     gammafunk_depths_entry_grave, layout_basic
Lair:1:   layout_roguey [special_room_bee], infiniplex_staircase_pool_2
Lair:2:   layout_loops_ring
Lair:3:   layout_chaotic_city, shoals_dummy_entry, spider_nest_entry_rubble
Lair:4:   layout_regular_city, serial_bayou_shore_a
Lair:5:   hangedman_lair_caniforms_friends, layout_regular_city, wormcave,
          dpeg_slime_entry_corner, enter_volcano_2, uniq_josephine
Shoals:1: layout_shoals, ebering_ghost_disaster_area, hangedman_shoal_volcano
Shoals:2: layout_shoals, nicolae_shoals_so_close
Shoals:3: layout_shoals
Shoals:4: shoals_end_grunt_ice, layout_shoals, shoal_ilsuiw
Spider:1: layout_spider_delve, gammafunk_ghost_tricky_traps, drop_trap,
          uniq_roxanne, uniq_asterion
Spider:2: layout_spider_delve, gammafunk_ghost_grave,
          nicolae_spider_webbed_stairs
Spider:3: layout_spider_delve
Spider:4: grunt_spider_rune_circles
Slime:1:  layout_caves
Slime:2:  layout_caves, nicolae_slime_getting_an_eyeful
Slime:3:  layout_caves
Slime:4:  layout_caves, uniq_dissolution
Slime:5:  slime_pit_nicolae_inversion
Orc:1:    layout_diamond_mine, nicolae_shop_gadgets
Orc:2:    grunt_orc_tribal_feast, layout_caves, mines4_lemuel
Elf:1:    eino_elf_arrival_customs, layout_loops_ring, evilmike_minifort
Elf:2:    nicolae_elf_blades_crystal_corner, layout_onion_city, serial_shops,
          nicolae_shop_statue_plus
Elf:3:    minmay_elf_hall_curves, layout_geoelf_castle, dk_noncrumbling_2,
          nicolae_rare_books, minmay_shoptagon
Vaults:1: nicolae_vaults_minivaults, grunt_vaults_hallway_long, v_misc_27,
          v_misc_27, nicolae_vaults_house_3, nicolae_vaults_tangram_1,
          vaults_room_stairs_pillars, vaults_room_door_ring,
          ontoclasm_vaults_decontamination, layout_vaults_omnicross
Vaults:2: nicolae_vaults_little_guard_posts, nicolae_vaults_oval_intersection,
          nicolae_vaults_arrows, nicolae_vaults_house_2, v_pattern_5,
          nicolae_vaults_tangram_2, vaults_room_hallway, v_misc_23,
          nicolae_vaults_little_squares_5, dpeg_vaults_monster_box,
          nicolae_vaults_little_squares_3, layout_vaults_omnigrid, serial_shops,
          bzr_entry_gold
Vaults:3: v_alt_pattern_2, v_misc_8, hangedman_vaults_stitches,
          nicolae_vaults_disjoint_gnomons, nicolae_vaults_halls_meeting,
          blue_anna_dwarven_crypt, layout_vaults_chaotic_city, serial_shops,
          shop
Vaults:4: portal_desolation_entry_garden, hangedman_vaults_capsules,
          hangedman_vaults_maws, nicolae_vaults_little_squares_3,
          nicolae_vaults_heart-shaped_vault, nicolae_vaults_ninety_degrees,
          nicolae_vaults_trapezoid_1, nicolae_vaults_network_star,
          hangedman_vaults_trim, nicolae_vaults_double_plus_3,
          nicolae_vaults_corridor_and_loot_room, vaults_dpeg_ring,
          nicolae_vaults_little_squares_6, nicolae_vaults_circle_grid_a,
          layout_vaults_maze, serial_shops, shop
Vaults:5: serial_shops
Crypt:1:  layout_regular_city, minivault_24, hellmonk_scarab_ruin
Crypt:2:  layout_basic, minmay_misc_feat_pillars, grunt_ministairs_9,
          st_burial_chamber, lemuel_elevator
Crypt:3:  quadcrypt_mu
Tomb:1
Tomb:2
Tomb:3
Depths:1: layout_basic, grunt_hell_entry_dis_grunt, minmay_misc_feat_enclosed,
          abyss_entry_glasseish, nzn_life_drinkers, serial_bayou_shore_b,
          uniq_mara
Depths:2: grunt_twist_and_shout, layout_basic, enter_ziggurat_a,
          pf_dread_powers_of_hell, pan_entry, tso_altar,
          infiniplex_staircase_zigzag_5
Depths:3: kennysheep_blocky_room, layout_cross, abyss_entry, grunt_metal_band,
          serial_sigils_hangedman_writhe, nicolae_ashenzari_skybound,
          infiniplex_staircase_spiral_double
Depths:4: grunt_zot_entry_funnels, layout_basic, rand_demon_pan_entry_7,
          okawaru_gym_becter, hangedman_coc_ice_floe
Hell
Dis:1:    nicolae_dis_array, layout_gridville
Dis:2:    layout_jigsaw, nicolae_dis_having_a_grate_time
Dis:3:    layout_overlapping_boxes
Dis:4:    layout_jigsaw
Dis:5:    layout_regular_city
Dis:6:    layout_gridville
Dis:7:    dis_hangedman
Geh:1:    nicolae_geh_tyrants_menagerie, layout_gehenna_pools_box
Geh:2:    layout_gehenna_lava_caves
Geh:3:    layout_gehenna_pools_box, nicolae_geh_lava_in_the_way
Geh:4:    layout_gehenna_lava_caves
Geh:5:    layout_gehenna_pools_basic
Geh:6:    layout_gehenna_pools_box, nicolae_geh_fiery_graves
          [nicolae_geh_single_fiery_grave, nicolae_geh_single_fiery_grave,
          nicolae_geh_single_fiery_grave, nicolae_geh_single_fiery_grave,
          nicolae_geh_single_fiery_grave, nicolae_geh_single_fiery_grave,
          nicolae_geh_single_fiery_grave, nicolae_geh_single_fiery_grave,
          nicolae_geh_single_fiery_grave]
Geh:7:    geh_grunt
Coc:1:    layout_ice_bergs
Coc:2:    layout_ice_bergs
Coc:3:    layout_cocytus_delve
Coc:4:    layout_ice_bergs
Coc:5:    layout_cocytus_water_paths
Coc:6:    layout_ice_bergs, nicolae_hells_hurtin_island
Coc:7:    coc_mu
Tar:1:    layout_catacombs
Tar:2:    layout_grid_maze
Tar:3:    layout_catacombs
Tar:4:    layout_honeycomb
Tar:5:    nicolae_tar_fifth_circle, layout_cathedral_of_symmetry
Tar:6:    layout_honeycomb, nicolae_tar_grid_combs
Tar:7:    tar_minmay_river
Zot:1:    layout_basic, st_single_dragon_hoard_3
Zot:2:    layout_gridlike, zot_minivault_4
Zot:3:    layout_cellular_growth, uniq_josephina
Zot:4:    layout_onion_interference
Zot:5:    layout_basic, nicolae_lava_and_water

Skill      XL: |  1  2  3  4  5  6  7  8  9 10 11 12 13 14 15 16 17 18 19 20 21 22 23 24 25 26 27 |
---------------+----------------------------------------------------------------------------------+-----
Spellcasting   | 3 10 12 14 15 16 19 27 | 27.0
Fire Magic     | 3 4 5 6 7 9 10 12 14 16 17 18 20 21 23 24 27 | 27.0
Conjurations   | 3 5 6 8 10 11 13 15 16 19 20 22 23 24 27 | 27.0
Dodging        | 7 11 27 | 27.0
Ice Magic      | 8 27 | 27.0
Shields        | 2 4 27 | 27.0
Air Magic      | 6 9 27 | 27.0
Armour         | 7 8 10 27 | 27.0
Fighting       | 3 27 | 27.0
Evocations     | 7 27 | 27.0
Translocations | 4 27 | 27.0
Earth Magic    | 27 | 27.0
Ranged Weapons | 27 | 27.0
Shapeshifting  | 27 | 27.0
Axes           | 27 | 27.0
Polearms       | 27 | 27.0
Staves         | 27 | 27.0
Transmutations | 27 | 27.0
Necromancy     | 27 | 27.0
Maces & Flails | 27 | 27.0
Unarmed Combat | 27 | 27.0
Long Blades    | 27 | 27.0
Short Blades   | 27 | 27.0
Stealth        | 27 | 27.0
Hexes          | 27 | 27.0
Throwing       | 27 | 27.0
Summonings     | 27 | 27.0
Invocations    | 27 | 27.0
Poison Magic   | 27 | 27.0

Action                     |  1- 3 |  4- 6 |  7- 9 | 10-12 | 13-15 | 16-18 | 19-21 | 22-24 | 25-27 || total
---------------------------+-------+-------+-------+-------+-------+-------+-------+-------+-------++-------
  Melee: Dagger            |    38 |    21 |       |       |       |       |       |       |       ||    59
         Staff             |       |       |       |    22 |    63 |    11 |     5 |     2 |   235 ||   338
         Bo                |       |       |       |       |       |       |       |       |    90 ||    90
         Punch             |       |       |       |       |       |       |       |       |    64 ||    64
         Executioner's axe |       |       |       |       |       |       |       |       |    13 ||    13
         Demon trident     |       |       |       |       |       |       |       |       |     4 ||     4
   Fire: Sling             |       |     9 |       |       |       |       |       |       |       ||     9
         Arbalest          |       |       |       |       |       |       |       |       |    23 ||    23
         Heavy crossbow    |       |       |       |       |       |       |       |       |     6 ||     6
  Throw: Stone             |       |       |       |       |     1 |       |       |       |       ||     1
   Cast: Foxfire           |    35 |    95 |    99 |    67 |     1 |       |       |       |       ||   297
         Scorch            |     3 |    10 |    27 |    34 |    16 |       |       |       |       ||    90
         Flame Wave        |       |       |    10 |    73 |    78 |       |       |       |       ||   161
         Dazzling Flash    |       |       |       |     9 |       |       |       |       |       ||     9
         Frozen Ramparts   |       |       |       |    24 |    82 |       |       |       |       ||   106
         Volatile Blastmot |       |       |       |     3 |       |       |       |       |       ||     3
         Stone Arrow       |       |       |       |       |    53 |    34 |    11 |    23 |       ||   121
         Freezing Cloud    |       |       |       |       |    78 |     9 |     2 |       |       ||    89
         Starburst         |       |       |       |       |     1 |       |       |       |       ||     1
         Plasma Beam       |       |       |       |       |    78 |   219 |   200 |   262 |       ||   759
         Iskenderun's Batt |       |       |       |       |     9 |    46 |     7 |    19 |       ||    81
         Fireball          |       |       |       |       |       |   325 |   211 |   255 |     1 ||   792
         Ignition          |       |       |       |       |       |       |       |    31 |   414 ||   445
         Fire Storm        |       |       |       |       |       |       |       |   117 |  1676 ||  1793
         Shatter           |       |       |       |       |       |       |       |       |  1031 ||  1031
         Polar Vortex      |       |       |       |       |       |       |       |       |   162 ||   162
         Apportation       |       |       |       |       |       |       |       |       |    16 ||    16
         Irradiate         |       |       |       |       |       |       |       |       |    12 ||    12
         Disjunction       |       |       |       |       |       |       |       |       |    10 ||    10
         Blink             |       |       |       |       |       |       |       |       |     4 ||     4
Ability: Evoke Blink       |       |       |       |       |       |       |       |     1 |     2 ||     3
         Begin Untransform |       |       |       |       |       |       |       |       |    23 ||    23
         Siphon Essence    |       |       |       |       |       |       |       |       |    11 ||    11
  Evoke: Wand              |       |     2 |       |     7 |     6 |     7 |       |     2 |    12 ||    36
         Condenser vane    |       |       |       |       |       |     2 |       |       |     4 ||     6
         Figurine of a zig |       |       |       |       |       |       |       |       |     7 ||     7
    Use: Scroll            |     2 |     4 |     6 |    10 |    15 |     2 |     4 |     2 |    92 ||   137
         Potion            |       |     1 |     7 |     5 |     3 |       |     8 |     2 |   177 ||   203
   Stab: Sleeping          |       |     1 |       |       |       |       |       |       |       ||     1
         Distracted        |       |       |       |       |       |       |       |       |     2 ||     2
 Armour: Robe              |    11 |       |       |       |       |       |       |       |       ||    11
         Leather armour    |     8 |    29 |    21 |    52 |    40 |       |       |       |       ||   150
         Ring mail         |       |       |       |       |    48 |    42 |       |       |       ||    90
         Scale mail        |       |       |       |       |       |       |     5 |    19 |    76 ||   100
         Crystal plate arm |       |       |       |       |       |       |       |       |  1061 ||  1061
         Skin              |       |       |       |       |       |       |       |       |    11 ||    11
  Dodge: Dodged            |    36 |    42 |    20 |   161 |   306 |   139 |    27 |    37 |  1093 ||  1861
  Block: Buckler           |       |       |       |    37 |   194 |    40 |    16 |    21 |       ||   308
         Reflection        |       |       |       |       |     5 |       |       |       |       ||     5
         Other             |       |       |       |       |       |       |       |       |     4 ||     4
   Form: Death             |       |       |       |       |       |       |       |       |    20 ||    20
         Statue            |       |       |       |       |       |       |       |       |     4 ||     4

Table legend: (Time is in decaauts)
 A = Elapsed time spent in this place.
 B = Non-inter-level travel time spent in this place.
 C = Inter-level travel time spent in this place.
 D = Time resting spent in this place.
 E = Time spent auto-exploring this place.
 F = Levels seen in this place.
 G = Mean time per level.
                   A        B        C        D        E       F      G
               +--------+--------+--------+--------+--------+-----+--------+
         Total |  83525 |  72379 |  11146 |   8425 |  28222 | 324 |  257.8 |
       Dungeon |  19262 |  14716 |   4546 |   1485 |   9295 |  15 | 1284.1 |
          Lair |   9392 |   7782 |   1610 |   1903 |   3723 |   5 | 1878.4 |
        Shoals |   4751 |   4347 |    404 |   1001 |   2583 |   4 | 1187.8 |
   Spider Nest |   4505 |   3945 |    560 |    896 |   2137 |   4 | 1126.2 |
    Slime Pits |    216 |    159 |     57 |      0 |      0 |   5 |   43.2 |
  Orcish Mines |   1812 |   1442 |    370 |    305 |    717 |   2 |  906.0 |
   Elven Halls |   4318 |   3842 |    476 |    674 |   1884 |   3 | 1439.3 |
        Vaults |   7879 |   6351 |   1528 |    333 |   3994 |   5 | 1575.8 |
         Crypt |   4155 |   3601 |    554 |    400 |   1561 |   3 | 1385.0 |
          Tomb |    516 |    476 |     40 |     57 |      0 |   3 |  172.0 |
        Depths |   3226 |   2337 |    889 |     44 |   1624 |   4 |  806.5 |
          Hell |    200 |    173 |     27 |      0 |      0 |   1 |  200.0 |
           Dis |    264 |    233 |     31 |      0 |      0 |   7 |   37.7 |
       Gehenna |    391 |    391 |      0 |      0 |      0 |   7 |   55.9 |
       Cocytus |    214 |    214 |      0 |      0 |      0 |   7 |   30.6 |
      Tartarus |    331 |    331 |      0 |      0 |      0 |   7 |   47.3 |
           Zot |    292 |    244 |     48 |      0 |      0 |   5 |   58.4 |
         Abyss |    477 |    477 |      0 |      0 |     24 |   6 |   79.5 |
   Pandemonium |   1562 |   1562 |      0 |      0 |     35 |  24 |   65.1 |
      Ziggurat |  17800 |  17800 |      0 |    989 |     48 | 203 |   87.7 |
        Bazaar |    136 |    136 |      0 |      0 |     93 |   1 |  136.0 |
         Sewer |    203 |    203 |      0 |      0 |    150 |   1 |  203.0 |
       Volcano |    524 |    524 |      0 |    185 |      0 |   1 |  524.0 |
    Desolation |   1087 |   1087 |      0 |    152 |    350 |   1 | 1087.0 |
               +--------+--------+--------+--------+--------+-----+--------+

Top non-repeatable levels by time:
  Lair:5: 2325 daAuts
   Elf:3: 2116 daAuts
  Lair:1: 2100 daAuts
 Crypt:3: 1984 daAuts
Depths:2: 1928 daAuts
Vaults:5: 1834 daAuts
Vaults:3: 1759 daAuts
    D:14: 1710 daAuts
  Lair:2: 1698 daAuts
     D:8: 1644 daAuts
  Lair:4: 1638 daAuts
  Lair:3: 1629 daAuts
Vaults:1: 1613 daAuts
    D:12: 1606 daAuts
Spider:3: 1482 daAuts
